Workbook

Sheet Rebases
A1: If you had to choose, which of the following types of infrastructure investment would prefer your Government to prioritise in your local area?Please select up to three | B1: BASE: All Respondents | C1: =IFERROR(VLOOKUP(A1, E1:G200, 2, FALSE), 0) -> 1 | D1: =IFERROR(VLOOKUP(A1, E1:G200, 3, FALSE), 0) -> 11 | E1: =Contents!D9 -> If you had to choose, which of the following types of infrastructure investment would prefer your Government to prioritise in your local area?Please select up to three | F1: =Contents!C9 -> 1 | G1: =Contents!E9 -> 11
A2: Which, if any, of the following areas would you support your government spending more on research on?Please select all that apply. | B2: BASE: All Respondents | C2: =IFERROR(VLOOKUP(A2, E2:G201, 2, FALSE), 0) -> 2 | D2: =IFERROR(VLOOKUP(A2, E2:G201, 3, FALSE), 0) -> 21 | E2: =Contents!D10 -> Which, if any, of the following areas would you support your government spending more on research on?Please select all that apply. | F2: =Contents!C10 -> 2 | G2: =Contents!E10 -> 21
A3: Which, if any, of the following sectors do you think is most likely to be important to your country’s economy in the next decade?Please select up to three | B3: BASE: All Respondents | C3: =IFERROR(VLOOKUP(A3, E3:G202, 2, FALSE), 0) -> 3 | D3: =IFERROR(VLOOKUP(A3, E3:G202, 3, FALSE), 0) -> 29 | E3: =Contents!D11 -> Which, if any, of the following sectors do you think is most likely to be important to your country’s economy in the next decade?Please select up to three | F3: =Contents!C11 -> 3 | G3: =Contents!E11 -> 29
A4: And which would you say have done the best job of innovating in the last decade?Please select up to three | B4: BASE: All Respondents | C4: =IFERROR(VLOOKUP(A4, E4:G203, 2, FALSE), 0) -> 4 | D4: =IFERROR(VLOOKUP(A4, E4:G203, 3, FALSE), 0) -> 44 | E4: =Contents!D12 -> And which would you say have done the best job of innovating in the last decade?Please select up to three | F4: =Contents!C12 -> 4 | G4: =Contents!E12 -> 44
A5: Grid Summary: Overall, how well do you think your country does in the following sectors? | B5: BASE: All Respondents | C5: =IFERROR(VLOOKUP(A5, E5:G204, 2, FALSE), 0) -> 5 | D5: =IFERROR(VLOOKUP(A5, E5:G204, 3, FALSE), 0) -> 0 | E5: =Contents!D13 -> Grid Summary: Overall, how well do you think your country does in the following sectors? | F5: =Contents!C13 -> 5 | G5: =Contents!E13 -> 0
A6: Overall, how well do you think your country does in the following sectors?: Financial services | B6: BASE: All Respondents | C6: =IFERROR(VLOOKUP(A6, E6:G205, 2, FALSE), 0) -> 6 | D6: =IFERROR(VLOOKUP(A6, E6:G205, 3, FALSE), 0) -> 59 | E6: =Contents!D14 -> Overall, how well do you think your country does in the following sectors?: Financial services | F6: =Contents!C14 -> 6 | G6: =Contents!E14 -> 59
A7: Overall, how well do you think your country does in the following sectors?: Automotive | B7: BASE: All Respondents | C7: =IFERROR(VLOOKUP(A7, E7:G206, 2, FALSE), 0) -> 7 | D7: =IFERROR(VLOOKUP(A7, E7:G206, 3, FALSE), 0) -> 68 | E7: =Contents!D15 -> Overall, how well do you think your country does in the following sectors?: Automotive | F7: =Contents!C15 -> 7 | G7: =Contents!E15 -> 68
A8: Overall, how well do you think your country does in the following sectors?: Digital technology | B8: BASE: All Respondents | C8: =IFERROR(VLOOKUP(A8, E8:G207, 2, FALSE), 0) -> 8 | D8: =IFERROR(VLOOKUP(A8, E8:G207, 3, FALSE), 0) -> 77 | E8: =Contents!D16 -> Overall, how well do you think your country does in the following sectors?: Digital technology | F8: =Contents!C16 -> 8 | G8: =Contents!E16 -> 77
A9: How confident or unconfident are you in your Government’s ability to grow its digital technology sector in the next five years? | B9: BASE: All Respondents | C9: =IFERROR(VLOOKUP(A9, E9:G208, 2, FALSE), 0) -> 9 | D9: =IFERROR(VLOOKUP(A9, E9:G208, 3, FALSE), 0) -> 86 | E9: =Contents!D17 -> How confident or unconfident are you in your Government’s ability to grow its digital technology sector in the next five years? | F9: =Contents!C17 -> 9 | G9: =Contents!E17 -> 86
A10: Which of the following is closest to your view? | B10: BASE: All Respondents | C10: =IFERROR(VLOOKUP(A10, E10:G209, 2, FALSE), 0) -> 10 | D10: =IFERROR(VLOOKUP(A10, E10:G209, 3, FALSE), 0) -> 98 | E10: =Contents!D18 -> Which of the following is closest to your view? | F10: =Contents!C18 -> 10 | G10: =Contents!E18 -> 98
A11: Which, if any, of the following technologies do you use regularly?Please select all that apply | B11: BASE: All Respondents | C11: =IFERROR(VLOOKUP(A11, E11:G210, 2, FALSE), 0) -> 11 | D11: =IFERROR(VLOOKUP(A11, E11:G210, 3, FALSE), 0) -> 105 | E11: =Contents!D19 -> Which, if any, of the following technologies do you use regularly?Please select all that apply | F11: =Contents!C19 -> 11 | G11: =Contents!E19 -> 105
A12: Compared to the average person in your country, would you say that you are an early adopter of new technology? | B12: BASE: All Respondents | C12: =IFERROR(VLOOKUP(A12, E12:G211, 2, FALSE), 0) -> 12 | D12: =IFERROR(VLOOKUP(A12, E12:G211, 3, FALSE), 0) -> 117 | E12: =Contents!D20 -> Compared to the average person in your country, would you say that you are an early adopter of new technology? | F12: =Contents!C20 -> 12 | G12: =Contents!E20 -> 117
... A166: Would you support or oppose the building of a new data centre by an international cloud provider in your local city or region? | B166: BASE: All Respondents | C166: =IFERROR(VLOOKUP(A166, E166:G365, 2, FALSE), 0) -> 166 | D166: =IFERROR(VLOOKUP(A166, E166:G365, 3, FALSE), 0) -> 1419 | E166: =Contents!D174 -> Would you support or oppose the building of a new data centre by an international cloud provider in your local city or region? | F166: =Contents!C174 -> 166 | G166: =Contents!E174 -> 1419
C167: =IFERROR(VLOOKUP(A167, E167:G366, 2, FALSE), 0) -> 0 | D167: =IFERROR(VLOOKUP(A167, E167:G366, 3, FALSE), 0) -> 0 | E167: =Contents!D175 -> 0 | F167: =Contents!C175 -> 0 | G167: =Contents!E175 -> 0
C168: =IFERROR(VLOOKUP(A168, E168:G367, 2, FALSE), 0) -> 0 | D168: =IFERROR(VLOOKUP(A168, E168:G367, 3, FALSE), 0) -> 0 | E168: =Contents!D176 -> 0 | F168: =Contents!C176 -> 0 | G168: =Contents!E176 -> 0
C169: =IFERROR(VLOOKUP(A169, E169:G368, 2, FALSE), 0) -> 0 | D169: =IFERROR(VLOOKUP(A169, E169:G368, 3, FALSE), 0) -> 0 | E169: =Contents!D177 -> 0 | F169: =Contents!C177 -> 0 | G169: =Contents!E177 -> 0
C170: =IFERROR(VLOOKUP(A170, E170:G369, 2, FALSE), 0) -> 0 | D170: =IFERROR(VLOOKUP(A170, E170:G369, 3, FALSE), 0) -> 0 | E170: =Contents!D178 -> 0 | F170: =Contents!C178 -> 0 | G170: =Contents!E178 -> 0
C171: =IFERROR(VLOOKUP(A171, E171:G370, 2, FALSE), 0) -> 0 | D171: =IFERROR(VLOOKUP(A171, E171:G370, 3, FALSE), 0) -> 0 | E171: =Contents!D179 -> 0 | F171: =Contents!C179 -> 0 | G171: =Contents!E179 -> 0
C172: =IFERROR(VLOOKUP(A172, E172:G371, 2, FALSE), 0) -> 0 | D172: =IFERROR(VLOOKUP(A172, E172:G371, 3, FALSE), 0) -> 0 | E172: =Contents!D180 -> 0 | F172: =Contents!C180 -> 0 | G172: =Contents!E180 -> 0
C173: =IFERROR(VLOOKUP(A173, E173:G372, 2, FALSE), 0) -> 0 | D173: =IFERROR(VLOOKUP(A173, E173:G372, 3, FALSE), 0) -> 0 | E173: =Contents!D181 -> 0 | F173: =Contents!C181 -> 0 | G173: =Contents!E181 -> 0
C174: =IFERROR(VLOOKUP(A174, E174:G373, 2, FALSE), 0) -> 0 | D174: =IFERROR(VLOOKUP(A174, E174:G373, 3, FALSE), 0) -> 0 | E174: =Contents!D182 -> 0 | F174: =Contents!C182 -> 0 | G174: =Contents!E182 -> 0
C175: =IFERROR(VLOOKUP(A175, E175:G374, 2, FALSE), 0) -> 0 | D175: =IFERROR(VLOOKUP(A175, E175:G374, 3, FALSE), 0) -> 0 | E175: =Contents!D183 -> 0 | F175: =Contents!C183 -> 0 | G175: =Contents!E183 -> 0
C176: =IFERROR(VLOOKUP(A176, E176:G375, 2, FALSE), 0) -> 0 | D176: =IFERROR(VLOOKUP(A176, E176:G375, 3, FALSE), 0) -> 0 | E176: =Contents!D184 -> 0 | F176: =Contents!C184 -> 0 | G176: =Contents!E184 -> 0
C177: =IFERROR(VLOOKUP(A177, E177:G376, 2, FALSE), 0) -> 0 | D177: =IFERROR(VLOOKUP(A177, E177:G376, 3, FALSE), 0) -> 0 | E177: =Contents!D185 -> 0 | F177: =Contents!C185 -> 0 | G177: =Contents!E185 -> 0
C178: =IFERROR(VLOOKUP(A178, E178:G377, 2, FALSE), 0) -> 0 | D178: =IFERROR(VLOOKUP(A178, E178:G377, 3, FALSE), 0) -> 0 | E178: =Contents!D186 -> 0 | F178: =Contents!C186 -> 0 | G178: =Contents!E186 -> 0
... C200: =IFERROR(VLOOKUP(A200, E200:G399, 2, FALSE), 0) -> 0 | D200: =IFERROR(VLOOKUP(A200, E200:G399, 3, FALSE), 0) -> 0 | E200: =Contents!D208 -> 0 | F200: =Contents!C208 -> 0 | G200: =Contents!E208 -> 0

Sheet Cover Sheet
F7: Public First Poll for AWS Europe (Consumer)
F10: Fieldwork: | K10: 23rd Apr - 30th Apr 2022
F11: Interview Method: | K11: Online Survey
F12: Population represented: | K12: Adults in selected EU member states
F13: Sample size: | K13: 6838
F16: Methodology:
F17: All results are weighted using Iterative Proportional Fitting, or 'Raking'. The results are weighted by interlocking age & gender, region, and education level to Nationally Representative Proportions in selected EU member states
F19: Public First is a member of the BPC and abides by its rules. For more information please contact the Public First polling team:
F20: =HYPERLINK("mailto:" & "polling@publicfirst.co.uk" & "?subject="& F7, "polling@publicfirst.co.uk") -> polling@publicfirst.co.uk

Sheet Contents
D2: Table of Contents
D6: =HYPERLINK("#'Full Results'!A1", "Full Results") -> Full Results
D8: Individual Tables | E8: Full Result Row | F8: Question Base
C9: 1 | D9: =HYPERLINK("#'Table 1'!A1", "If you had to choose, which of the following types of infrastructure investment would prefer your Government to prioritise in your local area?Please select up to three") -> If you had to choose, which of the following types of infrastructure investment would prefer your Government to prioritise in your local area?Please select up to three | E9: =HYPERLINK("#'Full Results'!A11", "11") -> 11 | F9: BASE: All Respondents
C10: 2 | D10: =HYPERLINK("#'Table 2'!A1", "Which, if any, of the following areas would you support your government spending more on research on?Please select all that apply.") -> Which, if any, of the following areas would you support your government spending more on research on?Please select all that apply. | E10: =HYPERLINK("#'Full Results'!A21", "21") -> 21 | F10: BASE: All Respondents
C11: 3 | D11: =HYPERLINK("#'Table 3'!A1", "Which, if any, of the following sectors do you think is most likely to be important to your country’s economy in the next decade?Please select up to three") -> Which, if any, of the following sectors do you think is most likely to be important to your country’s economy in the next decade?Please select up to three | E11: =HYPERLINK("#'Full Results'!A29", "29") -> 29 | F11: BASE: All Respondents
C12: 4 | D12: =HYPERLINK("#'Table 4'!A1", "And which would you say have done the best job of innovating in the last decade?Please select up to three") -> And which would you say have done the best job of innovating in the last decade?Please select up to three | E12: =HYPERLINK("#'Full Results'!A44", "44") -> 44 | F12: BASE: All Respondents
C13: 5 | D13: =HYPERLINK("#'Table 5'!A1", "Grid Summary: Overall, how well do you think your country does in the following sectors?") -> Grid Summary: Overall, how well do you think your country does in the following sectors? | F13: BASE: All Respondents
C14: 6 | D14: =HYPERLINK("#'Table 6'!A1", "Overall, how well do you think your country does in the following sectors?: Financial services") -> Overall, how well do you think your country does in the following sectors?: Financial services | E14: =HYPERLINK("#'Full Results'!A59", "59") -> 59 | F14: BASE: All Respondents
C15: 7 | D15: =HYPERLINK("#'Table 7'!A1", "Overall, how well do you think your country does in the following sectors?: Automotive ") -> Overall, how well do you think your country does in the following sectors?: Automotive | E15: =HYPERLINK("#'Full Results'!A68", "68") -> 68 | F15: BASE: All Respondents
C16: 8 | D16: =HYPERLINK("#'Table 8'!A1", "Overall, how well do you think your country does in the following sectors?: Digital technology") -> Overall, how well do you think your country does in the following sectors?: Digital technology | E16: =HYPERLINK("#'Full Results'!A77", "77") -> 77 | F16: BASE: All Respondents
C17: 9 | D17: =HYPERLINK("#'Table 9'!A1", " How confident or unconfident are you in your Government’s ability to grow its digital technology sector in the next five years?") -> How confident or unconfident are you in your Government’s ability to grow its digital technology sector in the next five years? | E17: =HYPERLINK("#'Full Results'!A86", "86") -> 86 | F17: BASE: All Respondents
C18: 10 | D18: =HYPERLINK("#'Table 10'!A1", " Which of the following is closest to your view?") -> Which of the following is closest to your view? | E18: =HYPERLINK("#'Full Results'!A98", "98") -> 98 | F18: BASE: All Respondents
C19: 11 | D19: =HYPERLINK("#'Table 11'!A1", "Which, if any, of the following technologies do you use regularly?Please select all that apply") -> Which, if any, of the following technologies do you use regularly?Please select all that apply | E19: =HYPERLINK("#'Full Results'!A105", "105") -> 105 | F19: BASE: All Respondents
C20: 12 | D20: =HYPERLINK("#'Table 12'!A1", " Compared to the average person in your country, would you say that you are an early adopter of new technology?") -> Compared to the average person in your country, would you say that you are an early adopter of new technology? | E20: =HYPERLINK("#'Full Results'!A117", "117") -> 117 | F20: BASE: All Respondents
C21: 13 | D21: =HYPERLINK("#'Table 13'!A1", "Which, if any, of the following types of apps or websites do you use regularly?Please select all that apply") -> Which, if any, of the following types of apps or websites do you use regularly?Please select all that apply | E21: =HYPERLINK("#'Full Results'!A124", "124") -> 124 | F21: BASE: All Respondents
C22: 14 | D22: =HYPERLINK("#'Table 14'!A1", "Grid Summary: Overall, how satisfied or unsatisfied are you with the speed and reliability of your Internet connection in the following locations?") -> Grid Summary: Overall, how satisfied or unsatisfied are you with the speed and reliability of your Internet connection in the following locations? | F22: BASE: All Respondents
C23: 15 | D23: =HYPERLINK("#'Table 15'!A1", "Overall, how satisfied or unsatisfied are you with the speed and reliability of your Internet connection in the following locations?: At home") -> Overall, how satisfied or unsatisfied are you with the speed and reliability of your Internet connection in the following locations?: At home | E23: =HYPERLINK("#'Full Results'!A142", "142") -> 142 | F23: BASE: All Respondents
C24: 16 | D24: =HYPERLINK("#'Table 16'!A1", "Overall, how satisfied or unsatisfied are you with the speed and reliability of your Internet connection in the following locations?: While travelling") -> Overall, how satisfied or unsatisfied are you with the speed and reliability of your Internet connection in the following locations?: While travelling | E24: =HYPERLINK("#'Full Results'!A154", "154") -> 154 | F24: BASE: All Respondents
C25: 17 | D25: =HYPERLINK("#'Table 17'!A1", "Overall, how satisfied or unsatisfied are you with the speed and reliability of your Internet connection in the following locations?: At work") -> Overall, how satisfied or unsatisfied are you with the speed and reliability of your Internet connection in the following locations?: At work | E25: =HYPERLINK("#'Full Results'!A166", "166") -> 166 | F25: BASE: Respondents who work currently
C26: 18 | D26: =HYPERLINK("#'Table 18'!A1", "Which, if any, of the following activities have you used a website or app to do in the last year?Please select all that apply") -> Which, if any, of the following activities have you used a website or app to do in the last year?Please select all that apply | E26: =HYPERLINK("#'Full Results'!A178", "178") -> 178 | F26: BASE: All Respondents
C27: 19 | D27: =HYPERLINK("#'Table 19'!A1", "And which, if any, of the same list activities did you use a website or app to do for the first time in the last two years?Please select all that apply") -> And which, if any, of the same list activities did you use a website or app to do for the first time in the last two years?Please select all that apply | E27: =HYPERLINK("#'Full Results'!A195", "195") -> 195 | F27: BASE: All Respondents
C28: 20 | D28: =HYPERLINK("#'Table 20'!A1", " How much time do you spend on an average working day working out to do something which you at first didn’t know how to do on the computer?For example, working out how to correctly format a file, share a link to a video call, or write a spreadshe...") -> How much time do you spend on an average working day working out to do something which you at first didn’t know how to do on the computer?For example, working out how to correctly format a file, share a link to a video call, or write a spreadshe... | E28: =HYPERLINK("#'Full Results'!A212", "212") -> 212 | F28: BASE: Respondents who are currently working
C29: 21 | D29: =HYPERLINK("#'Table 21'!A1", "Grid Summary: How confident or unconfident would you be that you could perform the following digital activities?") -> Grid Summary: How confident or unconfident would you be that you could perform the following digital activities? | F29: BASE: All Respondents
C30: 22 | D30: =HYPERLINK("#'Table 22'!A1", "How confident or unconfident would you be that you could perform the following digital activities?: Save a document") -> How confident or unconfident would you be that you could perform the following digital activities?: Save a document | E30: =HYPERLINK("#'Full Results'!A222", "222") -> 222 | F30: BASE: All Respondents
C31: 23 | D31: =HYPERLINK("#'Table 23'!A1", "How confident or unconfident would you be that you could perform the following digital activities?: Tracking changes in a document") -> How confident or unconfident would you be that you could perform the following digital activities?: Tracking changes in a document | E31: =HYPERLINK("#'Full Results'!A234", "234") -> 234 | F31: BASE: All Respondents
C32: 24 | D32: =HYPERLINK("#'Table 24'!A1", "How confident or unconfident would you be that you could perform the following digital activities?: Send an email") -> How confident or unconfident would you be that you could perform the following digital activities?: Send an email | E32: =HYPERLINK("#'Full Results'!A246", "246") -> 246 | F32: BASE: All Respondents
C33: 25 | D33: =HYPERLINK("#'Table 25'!A1", "How confident or unconfident would you be that you could perform the following digital activities?: Share a file online") -> How confident or unconfident would you be that you could perform the following digital activities?: Share a file online | E33: =HYPERLINK("#'Full Results'!A258", "258") -> 258 | F33: BASE: All Respondents
C34: 26 | D34: =HYPERLINK("#'Table 26'!A1", "How confident or unconfident would you be that you could perform the following digital activities?: Post something on social media") -> How confident or unconfident would you be that you could perform the following digital activities?: Post something on social media | E34: =HYPERLINK("#'Full Results'!A270", "270") -> 270 | F34: BASE: All Respondents
C35: 27 | D35: =HYPERLINK("#'Table 27'!A1", "How confident or unconfident would you be that you could perform the following digital activities?: Create a spreadsheet to track your budget") -> How confident or unconfident would you be that you could perform the following digital activities?: Create a spreadsheet to track your budget | E35: =HYPERLINK("#'Full Results'!A282", "282") -> 282 | F35: BASE: All Respondents
C36: 28 | D36: =HYPERLINK("#'Table 28'!A1", "How confident or unconfident would you be that you could perform the following digital activities?: Find a good price for a product online") -> How confident or unconfident would you be that you could perform the following digital activities?: Find a good price for a product online | E36: =HYPERLINK("#'Full Results'!A294", "294") -> 294 | F36: BASE: All Respondents
C37: 29 | D37: =HYPERLINK("#'Table 29'!A1", "How confident or unconfident would you be that you could perform the following digital activities?: Research a topic") -> How confident or unconfident would you be that you could perform the following digital activities?: Research a topic | E37: =HYPERLINK("#'Full Results'!A306", "306") -> 306 | F37: BASE: All Respondents
C38: 30 | D38: =HYPERLINK("#'Table 30'!A1", "How confident or unconfident would you be that you could perform the following digital activities?: Edit a photo") -> How confident or unconfident would you be that you could perform the following digital activities?: Edit a photo | E38: =HYPERLINK("#'Full Results'!A318", "318") -> 318 | F38: BASE: All Respondents
C39: 31 | D39: =HYPERLINK("#'Table 31'!A1", "How confident or unconfident would you be that you could perform the following digital activities?: Create your own website") -> How confident or unconfident would you be that you could perform the following digital activities?: Create your own website | E39: =HYPERLINK("#'Full Results'!A330", "330") -> 330 | F39: BASE: All Respondents
C40: 32 | D40: =HYPERLINK("#'Table 32'!A1", "How confident or unconfident would you be that you could perform the following digital activities?: Program a small application") -> How confident or unconfident would you be that you could perform the following digital activities?: Program a small application | E40: =HYPERLINK("#'Full Results'!A342", "342") -> 342 | F40: BASE: All Respondents
C41: 33 | D41: =HYPERLINK("#'Table 33'!A1", "How confident or unconfident would you be that you could perform the following digital activities?: Build a machine learning model") -> How confident or unconfident would you be that you could perform the following digital activities?: Build a machine learning model | E41: =HYPERLINK("#'Full Results'!A354", "354") -> 354 | F41: BASE: All Respondents
C42: 34 | D42: =HYPERLINK("#'Table 34'!A1", "How confident or unconfident would you be that you could perform the following digital activities?: Book an appointment with a doctor") -> How confident or unconfident would you be that you could perform the following digital activities?: Book an appointment with a doctor | E42: =HYPERLINK("#'Full Results'!A366", "366") -> 366 | F42: BASE: All Respondents
C43: 35 | D43: =HYPERLINK("#'Table 35'!A1", "How confident or unconfident would you be that you could perform the following digital activities?: Schedule a video meeting") -> How confident or unconfident would you be that you could perform the following digital activities?: Schedule a video meeting | E43: =HYPERLINK("#'Full Results'!A378", "378") -> 378 | F43: BASE: All Respondents
C44: 36 | D44: =HYPERLINK("#'Table 36'!A1", "How confident or unconfident would you be that you could perform the following digital activities?: Use two-factor authentication") -> How confident or unconfident would you be that you could perform the following digital activities?: Use two-factor authentication | E44: =HYPERLINK("#'Full Results'!A390", "390") -> 390 | F44: BASE: All Respondents
C45: 37 | D45: =HYPERLINK("#'Table 37'!A1", "How confident or unconfident would you be that you could perform the following digital activities?: Edit a video") -> How confident or unconfident would you be that you could perform the following digital activities?: Edit a video | E45: =HYPERLINK("#'Full Results'!A402", "402") -> 402 | F45: BASE: All Respondents
C46: 38 | D46: =HYPERLINK("#'Table 38'!A1", "How confident or unconfident would you be that you could perform the following digital activities?: Analyse a large dataset that wouldn’t fit into a spreadsheet") -> How confident or unconfident would you be that you could perform the following digital activities?: Analyse a large dataset that wouldn’t fit into a spreadsheet | E46: =HYPERLINK("#'Full Results'!A414", "414") -> 414 | F46: BASE: All Respondents
C47: 39 | D47: =HYPERLINK("#'Table 39'!A1", "Grid Summary: In the last three months, have you used the Internet or a software to do any of the following?") -> Grid Summary: In the last three months, have you used the Internet or a software to do any of the following? | F47: BASE: All Respondents
C48: 40 | D48: =HYPERLINK("#'Table 40'!A1", "In the last three months, have you used the Internet or a software to do any of the following?: Copied or moved files or folders") -> In the last three months, have you used the Internet or a software to do any of the following?: Copied or moved files or folders | E48: =HYPERLINK("#'Full Results'!A426", "426") -> 426 | F48: BASE: All Respondents
C49: 41 | D49: =HYPERLINK("#'Table 41'!A1", "In the last three months, have you used the Internet or a software to do any of the following?: Saved files on Internet storage space") -> In the last three months, have you used the Internet or a software to do any of the following?: Saved files on Internet storage space | E49: =HYPERLINK("#'Full Results'!A432", "432") -> 432 | F49: BASE: All Respondents
C50: 42 | D50: =HYPERLINK("#'Table 42'!A1", "In the last three months, have you used the Internet or a software to do any of the following?: Obtained information from public authorities/services' websites") -> In the last three months, have you used the Internet or a software to do any of the following?: Obtained information from public authorities/services' websites | E50: =HYPERLINK("#'Full Results'!A438", "438") -> 438 | F50: BASE: All Respondents
C51: 43 | D51: =HYPERLINK("#'Table 43'!A1", "In the last three months, have you used the Internet or a software to do any of the following?: Finding information about goods or services") -> In the last three months, have you used the Internet or a software to do any of the following?: Finding information about goods or services | E51: =HYPERLINK("#'Full Results'!A444", "444") -> 444 | F51: BASE: All Respondents
C52: 44 | D52: =HYPERLINK("#'Table 44'!A1", "In the last three months, have you used the Internet or a software to do any of the following?: Seeking health-related information") -> In the last three months, have you used the Internet or a software to do any of the following?: Seeking health-related information | E52: =HYPERLINK("#'Full Results'!A450", "450") -> 450 | F52: BASE: All Respondents
C53: 45 | D53: =HYPERLINK("#'Table 45'!A1", "In the last three months, have you used the Internet or a software to do any of the following?: Sending/receiving emails") -> In the last three months, have you used the Internet or a software to do any of the following?: Sending/receiving emails | E53: =HYPERLINK("#'Full Results'!A456", "456") -> 456 | F53: BASE: All Respondents
C54: 46 | D54: =HYPERLINK("#'Table 46'!A1", "In the last three months, have you used the Internet or a software to do any of the following?: Participating in social networks") -> In the last three months, have you used the Internet or a software to do any of the following?: Participating in social networks | E54: =HYPERLINK("#'Full Results'!A462", "462") -> 462 | F54: BASE: All Respondents
C55: 47 | D55: =HYPERLINK("#'Table 47'!A1", "In the last three months, have you used the Internet or a software to do any of the following?: Telephoning/video calls over the internet") -> In the last three months, have you used the Internet or a software to do any of the following?: Telephoning/video calls over the internet | E55: =HYPERLINK("#'Full Results'!A468", "468") -> 468 | F55: BASE: All Respondents
C56: 48 | D56: =HYPERLINK("#'Table 48'!A1", "In the last three months, have you used the Internet or a software to do any of the following?: Uploading self-created content to any website to be shared") -> In the last three months, have you used the Internet or a software to do any of the following?: Uploading self-created content to any website to be shared | E56: =HYPERLINK("#'Full Results'!A474", "474") -> 474 | F56: BASE: All Respondents
C57: 49 | D57: =HYPERLINK("#'Table 49'!A1", "In the last three months, have you used the Internet or a software to do any of the following?: Transferring files between computers or other devices") -> In the last three months, have you used the Internet or a software to do any of the following?: Transferring files between computers or other devices | E57: =HYPERLINK("#'Full Results'!A480", "480") -> 480 | F57: BASE: All Respondents
C58: 50 | D58: =HYPERLINK("#'Table 50'!A1", "In the last three months, have you used the Internet or a software to do any of the following?: Installing software and applications (apps)") -> In the last three months, have you used the Internet or a software to do any of the following?: Installing software and applications (apps) | E58: =HYPERLINK("#'Full Results'!A486", "486") -> 486 | F58: BASE: All Respondents
C59: 51 | D59: =HYPERLINK("#'Table 51'!A1", "In the last three months, have you used the Internet or a software to do any of the following?: Changing settings of any software, including operational system or security programs") -> In the last three months, have you used the Internet or a software to do any of the following?: Changing settings of any software, including operational system or security programs | E59: =HYPERLINK("#'Full Results'!A492", "492") -> 492 | F59: BASE: All Respondents
C60: 52 | D60: =HYPERLINK("#'Table 52'!A1", "In the last three months, have you used the Internet or a software to do any of the following?: Online purchases") -> In the last three months, have you used the Internet or a software to do any of the following?: Online purchases | E60: =HYPERLINK("#'Full Results'!A498", "498") -> 498 | F60: BASE: All Respondents
C61: 53 | D61: =HYPERLINK("#'Table 53'!A1", "In the last three months, have you used the Internet or a software to do any of the following?: Selling online") -> In the last three months, have you used the Internet or a software to do any of the following?: Selling online | E61: =HYPERLINK("#'Full Results'!A504", "504") -> 504 | F61: BASE: All Respondents
C62: 54 | D62: =HYPERLINK("#'Table 54'!A1", "In the last three months, have you used the Internet or a software to do any of the following?: Used online learning resources") -> In the last three months, have you used the Internet or a software to do any of the following?: Used online learning resources | E62: =HYPERLINK("#'Full Results'!A510", "510") -> 510 | F62: BASE: All Respondents
C63: 55 | D63: =HYPERLINK("#'Table 55'!A1", "In the last three months, have you used the Internet or a software to do any of the following?: Internet banking") -> In the last three months, have you used the Internet or a software to do any of the following?: Internet banking | E63: =HYPERLINK("#'Full Results'!A516", "516") -> 516 | F63: BASE: All Respondents
C64: 56 | D64: =HYPERLINK("#'Table 56'!A1", "In the last three months, have you used the Internet or a software to do any of the following?: Used word processing software") -> In the last three months, have you used the Internet or a software to do any of the following?: Used word processing software | E64: =HYPERLINK("#'Full Results'!A522", "522") -> 522 | F64: BASE: All Respondents
C65: 57 | D65: =HYPERLINK("#'Table 57'!A1", "In the last three months, have you used the Internet or a software to do any of the following?: Used spreadsheet software") -> In the last three months, have you used the Internet or a software to do any of the following?: Used spreadsheet software | E65: =HYPERLINK("#'Full Results'!A528", "528") -> 528 | F65: BASE: All Respondents
C66: 58 | D66: =HYPERLINK("#'Table 58'!A1", "In the last three months, have you used the Internet or a software to do any of the following?: Used software to edit photos, video or audio files") -> In the last three months, have you used the Internet or a software to do any of the following?: Used software to edit photos, video or audio files | E66: =HYPERLINK("#'Full Results'!A534", "534") -> 534 | F66: BASE: All Respondents
C67: 59 | D67: =HYPERLINK("#'Table 59'!A1", "In the last three months, have you used the Internet or a software to do any of the following?: Created presentation or document integrating text, pictures, tables or charts") -> In the last three months, have you used the Internet or a software to do any of the following?: Created presentation or document integrating text, pictures, tables or charts | E67: =HYPERLINK("#'Full Results'!A540", "540") -> 540 | F67: BASE: All Respondents
C68: 60 | D68: =HYPERLINK("#'Table 60'!A1", "In the last three months, have you used the Internet or a software to do any of the following?: Used advanced functions of spreadsheet to organise and analyse data (sorting, filtering, using formulas, creating charts)") -> In the last three months, have you used the Internet or a software to do any of the following?: Used advanced functions of spreadsheet to organise and analyse data (sorting, filtering, using formulas, creating charts) | E68: =HYPERLINK("#'Full Results'!A546", "546") -> 546 | F68: BASE: All Respondents
C69: 61 | D69: =HYPERLINK("#'Table 61'!A1", "In the last three months, have you used the Internet or a software to do any of the following?: Have written a code in a programming language") -> In the last three months, have you used the Internet or a software to do any of the following?: Have written a code in a programming language | E69: =HYPERLINK("#'Full Results'!A552", "552") -> 552 | F69: BASE: All Respondents
C70: 62 | D70: =HYPERLINK("#'Table 62'!A1", "Where did you learn the majority of your own digital skills?Please select all that apply") -> Where did you learn the majority of your own digital skills?Please select all that apply | E70: =HYPERLINK("#'Full Results'!A558", "558") -> 558 | F70: BASE: All Respondents
C71: 63 | D71: =HYPERLINK("#'Table 63'!A1", "Which digital skills do you think it is important for an average worker to be able to do today?Please select all that apply") -> Which digital skills do you think it is important for an average worker to be able to do today?Please select all that apply | E71: =HYPERLINK("#'Full Results'!A571", "571") -> 571 | F71: BASE: All Respondents
C72: 64 | D72: =HYPERLINK("#'Table 64'!A1", "And which digital skills do you think it is not important for an average worker to be able to do today?Please select all that apply") -> And which digital skills do you think it is not important for an average worker to be able to do today?Please select all that apply | E72: =HYPERLINK("#'Full Results'!A586", "586") -> 586 | F72: BASE: All Respondents
C73: 65 | D73: =HYPERLINK("#'Table 65'!A1", "Grid Summary: How important or unimportant is it to you that your child/children learn the following digital skills in school?") -> Grid Summary: How important or unimportant is it to you that your child/children learn the following digital skills in school? | F73: BASE: Respondents with children under 18
C74: 66 | D74: =HYPERLINK("#'Table 66'!A1", "How important or unimportant is it to you that your child/children learn the following digital skills in school?: Share a document online") -> How important or unimportant is it to you that your child/children learn the following digital skills in school?: Share a document online | E74: =HYPERLINK("#'Full Results'!A601", "601") -> 601 | F74: BASE: Respondents with children under 18
C75: 67 | D75: =HYPERLINK("#'Table 67'!A1", "How important or unimportant is it to you that your child/children learn the following digital skills in school?: Tracking changes in a document") -> How important or unimportant is it to you that your child/children learn the following digital skills in school?: Tracking changes in a document | E75: =HYPERLINK("#'Full Results'!A613", "613") -> 613 | F75: BASE: Respondents with children under 18
C76: 68 | D76: =HYPERLINK("#'Table 68'!A1", "How important or unimportant is it to you that your child/children learn the following digital skills in school?: Posting responsibly on social media") -> How important or unimportant is it to you that your child/children learn the following digital skills in school?: Posting responsibly on social media | E76: =HYPERLINK("#'Full Results'!A625", "625") -> 625 | F76: BASE: Respondents with children under 18
C77: 69 | D77: =HYPERLINK("#'Table 69'!A1", "How important or unimportant is it to you that your child/children learn the following digital skills in school?: Researching a topic online") -> How important or unimportant is it to you that your child/children learn the following digital skills in school?: Researching a topic online | E77: =HYPERLINK("#'Full Results'!A637", "637") -> 637 | F77: BASE: Respondents with children under 18
C78: 70 | D78: =HYPERLINK("#'Table 70'!A1", "How important or unimportant is it to you that your child/children learn the following digital skills in school?: Backing up their data") -> How important or unimportant is it to you that your child/children learn the following digital skills in school?: Backing up their data | E78: =HYPERLINK("#'Full Results'!A649", "649") -> 649 | F78: BASE: Respondents with children under 18
C79: 71 | D79: =HYPERLINK("#'Table 71'!A1", "How important or unimportant is it to you that your child/children learn the following digital skills in school?: Creating a basic spreadsheet") -> How important or unimportant is it to you that your child/children learn the following digital skills in school?: Creating a basic spreadsheet | E79: =HYPERLINK("#'Full Results'!A661", "661") -> 661 | F79: BASE: Respondents with children under 18
C80: 72 | D80: =HYPERLINK("#'Table 72'!A1", "How important or unimportant is it to you that your child/children learn the following digital skills in school?: Learning how to program") -> How important or unimportant is it to you that your child/children learn the following digital skills in school?: Learning how to program | E80: =HYPERLINK("#'Full Results'!A673", "673") -> 673 | F80: BASE: Respondents with children under 18
C81: 73 | D81: =HYPERLINK("#'Table 73'!A1", "How important or unimportant is it to you that your child/children learn the following digital skills in school?: Create their own website") -> How important or unimportant is it to you that your child/children learn the following digital skills in school?: Create their own website | E81: =HYPERLINK("#'Full Results'!A685", "685") -> 685 | F81: BASE: Respondents with children under 18
C82: 74 | D82: =HYPERLINK("#'Table 74'!A1", "How important or unimportant is it to you that your child/children learn the following digital skills in school?: Build a machine learning model") -> How important or unimportant is it to you that your child/children learn the following digital skills in school?: Build a machine learning model | E82: =HYPERLINK("#'Full Results'!A697", "697") -> 697 | F82: BASE: Respondents with children under 18
C83: 75 | D83: =HYPERLINK("#'Table 75'!A1", "Grid Summary: When choosing a digital product or service, how important or unimportant do the following features of the service tend to be?") -> Grid Summary: When choosing a digital product or service, how important or unimportant do the following features of the service tend to be? | F83: BASE: All Respondents
C84: 76 | D84: =HYPERLINK("#'Table 76'!A1", "When choosing a digital product or service, how important or unimportant do the following features of the service tend to be?: Price") -> When choosing a digital product or service, how important or unimportant do the following features of the service tend to be?: Price | E84: =HYPERLINK("#'Full Results'!A709", "709") -> 709 | F84: BASE: All Respondents
C85: 77 | D85: =HYPERLINK("#'Table 77'!A1", "When choosing a digital product or service, how important or unimportant do the following features of the service tend to be?: How easy the service is to use") -> When choosing a digital product or service, how important or unimportant do the following features of the service tend to be?: How easy the service is to use | E85: =HYPERLINK("#'Full Results'!A721", "721") -> 721 | F85: BASE: All Respondents
C86: 78 | D86: =HYPERLINK("#'Table 78'!A1", "When choosing a digital product or service, how important or unimportant do the following features of the service tend to be?: Features offered by the service") -> When choosing a digital product or service, how important or unimportant do the following features of the service tend to be?: Features offered by the service | E86: =HYPERLINK("#'Full Results'!A733", "733") -> 733 | F86: BASE: All Respondents
C87: 79 | D87: =HYPERLINK("#'Table 79'!A1", "When choosing a digital product or service, how important or unimportant do the following features of the service tend to be?: Ensuring data privacy") -> When choosing a digital product or service, how important or unimportant do the following features of the service tend to be?: Ensuring data privacy | E87: =HYPERLINK("#'Full Results'!A745", "745") -> 745 | F87: BASE: All Respondents
C88: 80 | D88: =HYPERLINK("#'Table 80'!A1", "When choosing a digital product or service, how important or unimportant do the following features of the service tend to be?: Low carbon footprint") -> When choosing a digital product or service, how important or unimportant do the following features of the service tend to be?: Low carbon footprint | E88: =HYPERLINK("#'Full Results'!A757", "757") -> 757 | F88: BASE: All Respondents
C89: 81 | D89: =HYPERLINK("#'Table 81'!A1", " Which, if any, of the following descriptions best matches your current work?") -> Which, if any, of the following descriptions best matches your current work? | E89: =HYPERLINK("#'Full Results'!A769", "769") -> 769 | F89: BASE: Respondents who are currently working
C90: 82 | D90: =HYPERLINK("#'Table 82'!A1", "Grid Summary: How important or unimportant are the following technologies to you personally in getting your job done?") -> Grid Summary: How important or unimportant are the following technologies to you personally in getting your job done? | F90: BASE: Respondents who are currently working
C91: 83 | D91: =HYPERLINK("#'Table 83'!A1", "How important or unimportant are the following technologies to you personally in getting your job done?: Smartphone") -> How important or unimportant are the following technologies to you personally in getting your job done?: Smartphone | E91: =HYPERLINK("#'Full Results'!A778", "778") -> 778 | F91: BASE: Respondents who are currently working
C92: 84 | D92: =HYPERLINK("#'Table 84'!A1", "How important or unimportant are the following technologies to you personally in getting your job done?: Web browser") -> How important or unimportant are the following technologies to you personally in getting your job done?: Web browser | E92: =HYPERLINK("#'Full Results'!A786", "786") -> 786 | F92: BASE: Respondents who are currently working
C93: 85 | D93: =HYPERLINK("#'Table 85'!A1", "How important or unimportant are the following technologies to you personally in getting your job done?: Text messaging") -> How important or unimportant are the following technologies to you personally in getting your job done?: Text messaging | E93: =HYPERLINK("#'Full Results'!A794", "794") -> 794 | F93: BASE: Respondents who are currently working
C94: 86 | D94: =HYPERLINK("#'Table 86'!A1", "How important or unimportant are the following technologies to you personally in getting your job done?: Social media") -> How important or unimportant are the following technologies to you personally in getting your job done?: Social media | E94: =HYPERLINK("#'Full Results'!A802", "802") -> 802 | F94: BASE: Respondents who are currently working
C95: 87 | D95: =HYPERLINK("#'Table 87'!A1", "How important or unimportant are the following technologies to you personally in getting your job done?: Video chat") -> How important or unimportant are the following technologies to you personally in getting your job done?: Video chat | E95: =HYPERLINK("#'Full Results'!A810", "810") -> 810 | F95: BASE: Respondents who are currently working
C96: 88 | D96: =HYPERLINK("#'Table 88'!A1", "How important or unimportant are the following technologies to you personally in getting your job done?: Documents") -> How important or unimportant are the following technologies to you personally in getting your job done?: Documents | E96: =HYPERLINK("#'Full Results'!A818", "818") -> 818 | F96: BASE: Respondents who are currently working
C97: 89 | D97: =HYPERLINK("#'Table 89'!A1", "How important or unimportant are the following technologies to you personally in getting your job done?: Spreadsheets") -> How important or unimportant are the following technologies to you personally in getting your job done?: Spreadsheets | E97: =HYPERLINK("#'Full Results'!A826", "826") -> 826 | F97: BASE: Respondents who are currently working
C98: 90 | D98: =HYPERLINK("#'Table 90'!A1", "How important or unimportant are the following technologies to you personally in getting your job done?: Programming") -> How important or unimportant are the following technologies to you personally in getting your job done?: Programming | E98: =HYPERLINK("#'Full Results'!A834", "834") -> 834 | F98: BASE: Respondents who are currently working
C99: 91 | D99: =HYPERLINK("#'Table 91'!A1", "How important or unimportant are the following technologies to you personally in getting your job done?: AI / Machine Learning") -> How important or unimportant are the following technologies to you personally in getting your job done?: AI / Machine Learning | E99: =HYPERLINK("#'Full Results'!A842", "842") -> 842 | F99: BASE: Respondents who are currently working
C100: 92 | D100: =HYPERLINK("#'Table 92'!A1", "Grid Summary: And how important or unimportant are the following online tools to getting your job done?") -> Grid Summary: And how important or unimportant are the following online tools to getting your job done? | F100: BASE: Respondents who are currently working
C101: 93 | D101: =HYPERLINK("#'Table 93'!A1", "And how important or unimportant are the following online tools to getting your job done?: Online documents or spreadsheets") -> And how important or unimportant are the following online tools to getting your job done?: Online documents or spreadsheets | E101: =HYPERLINK("#'Full Results'!A850", "850") -> 850 | F101: BASE: Respondents who are currently working
C102: 94 | D102: =HYPERLINK("#'Table 94'!A1", "And how important or unimportant are the following online tools to getting your job done?: Instant or messaging") -> And how important or unimportant are the following online tools to getting your job done?: Instant or messaging | E102: =HYPERLINK("#'Full Results'!A858", "858") -> 858 | F102: BASE: Respondents who are currently working
C103: 95 | D103: =HYPERLINK("#'Table 95'!A1", "And how important or unimportant are the following online tools to getting your job done?: Video chat") -> And how important or unimportant are the following online tools to getting your job done?: Video chat | E103: =HYPERLINK("#'Full Results'!A866", "866") -> 866 | F103: BASE: Respondents who are currently working
C104: 96 | D104: =HYPERLINK("#'Table 96'!A1", "Grid Summary: To what extent are the following preventing you, or not, from getting a better paid job?") -> Grid Summary: To what extent are the following preventing you, or not, from getting a better paid job? | F104: BASE: Respondents who are currently working
C105: 97 | D105: =HYPERLINK("#'Table 97'!A1", "To what extent are the following preventing you, or not, from getting a better paid job?: Lack of digital skills") -> To what extent are the following preventing you, or not, from getting a better paid job?: Lack of digital skills | E105: =HYPERLINK("#'Full Results'!A874", "874") -> 874 | F105: BASE: Respondents who are currently working
...

Sheet Full Results
D2: Full Results
D5: Gender | G5: Age | N5: Country | X5: Education
C6: Total | D6: Male | E6: Female | G6: 18-24 | H6: 25-34 | I6: 35-44 | J6: 45-54 | K6: 55-64 | L6: 65+ | N6: Denmark | O6: Finland | P6: France | Q6: Germany | R6: Italy | S6: Netherlands | T6: Poland | U6: Spain | V6: Sweden | X6: Graduate | Y6: Non-Graduate
B7: Unweighted | C7: 6838 | D7: 3283 | E7: 3541 | G7: 635 | H7: 1075 | I7: 1093 | J7: 1228 | K7: 1156 | L7: 1651 | N7: 208 | O7: 200 | P7: 1002 | Q7: 1000 | R7: 1004 | S7: 1006 | T7: 1006 | U7: 1007 | V7: 405 | X7: 2650 | Y7: 4188
B8: Weighted | C8: 6838 | D8: 3309 | E8: 3515 | G8: 645 | H8: 1026 | I8: 1111 | J8: 1184 | K8: 1140 | L8: 1732 | N8: 208 | O8: 200 | P8: 1002 | Q8: 1000 | R8: 1004 | S8: 1006 | T8: 1006 | U8: 1007 | V8: 405 | X8: 2436 | Y8: 4402
B11: If you had to choose, which of the following types of infrastructure investment would prefer your Government to prioritise in your local area?Please select up to three
B12: BASE: All Respondents
B13: Faster or more reliable Internet | C13: 0.41754734 | D13: 0.45490951 | E13: 0.38090206 | G13: 0.49973965 | H13: 0.470101 | I13: 0.45292336 | J13: 0.41771786 | K13: 0.39887158 | L13: 0.34533293 | N13: 0.33540298 | O13: 0.29451172 | P13: 0.41732256 | Q13: 0.5563292 | R13: 0.46624134 | S13: 0.35607935 | T13: 0.4271618 | U13: 0.37940753 | V13: 0.28129833 | X13: 0.43636312 | Y13: 0.40713531
B14: Building new roads | C14: 0.41677376 | D14: 0.44568137 | E14: 0.39033319 | G14: 0.42697416 | H14: 0.47716939 | I14: 0.42032453 | J14: 0.40362981 | K14: 0.39119952 | L14: 0.40076214 | N14: 0.32067539 | O14: 0.43374934 | P14: 0.24679414 | Q14: 0.26596056 | R14: 0.55402743 | S14: 0.28578639 | T14: 0.72934973 | U14: 0.46273914 | V14: 0.34506562 | X14: 0.40721728 | Y14: 0.422062
B15: Adding extra bus routes | C15: 0.36743628 | D15: 0.33133642 | E15: 0.40176298 | G15: 0.45501348 | H15: 0.37861407 | I15: 0.34531455 | J15: 0.34906493 | K15: 0.33863772 | L15: 0.37392749 | N15: 0.40048688 | O15: 0.4328034 | P15: 0.33243917 | Q15: 0.31794676 | R15: 0.40093839 | S15: 0.26777737 | T15: 0.38839055 | U15: 0.46152985 | V15: 0.40545408 | X15: 0.37577212 | Y15: 0.3628235
B16: Building new railways | C16: 0.31840822 | D16: 0.3492686 | E16: 0.28975803 | G16: 0.35827862 | H16: 0.33172265 | I16: 0.31216711 | J16: 0.28921977 | K16: 0.29536099 | L16: 0.33480805 | N16: 0.22133627 | O16: 0.29591166 | P16: 0.21167183 | Q16: 0.26955675 | R16: 0.38638673 | S16: 0.29517148 | T16: 0.34340757 | U16: 0.41933904 | V16: 0.34021227 | X16: 0.37519635 | Y16: 0.28698357
B17: Faster or more reliable mobile phone signal | C17: 0.25181697 | D17: 0.27850735 | E17: 0.22634663 | G17: 0.32876454 | H17: 0.31562614 | I17: 0.27420018 | J17: 0.24299159 | K17: 0.23095023 | L17: 0.19081507 | N17: 0.18511271 | O17: 0.18528437 | P17: 0.25755449 | Q17: 0.36518365 | R17: 0.1906771 | S17: 0.22941996 | T17: 0.22367368 | U17: 0.28643639 | V17: 0.21584555 | X17: 0.25912471 | Y17: 0.24777312
B18: Building new airports or runways | C18: 0.072848585 | D18: 0.089555268 | E18: 0.057412401 | G18: 0.092639953 | H18: 0.11494923 | I18: 0.093118911 | J18: 0.063064745 | K18: 0.060074761 | L18: 0.042651639 | N18: 0.027905662 | O18: 0.035144725 | P18: 0.058915085 | Q18: 0.035166007 | R18: 0.13156398 | S18: 0.082003822 | T18: 0.078715831 | U18: 0.074075027 | V18: 0.056144732 | X18: 0.096819803 | Y18: 0.059583715
B19: None of the above | C19: 0.14590969 | D19: 0.1288202 | E19: 0.16231986 | G19: 0.075991556 | H19: 0.098840051 | I19: 0.1458897 | J19: 0.16122169 | K19: 0.17918373 | L19: 0.16744178 | N19: 0.24440663 | O19: 0.17383866 | P19: 0.2265197 | Q19: 0.13964064 | R19: 0.088061 | S19: 0.23392055 | T19: 0.043223035 | U19: 0.10960438 | V19: 0.16770731 | X19: 0.11865608 | Y19: 0.16099092
B21: Which, if any, of the following areas would you support your government spending more on research on?Please select all that apply.
B22: BASE: All Respondents
B23: Better monitoring of the spread of new diseases | C23: 0.62043958 | D23: 0.59954546 | E23: 0.64065116 | G23: 0.58306686 | H23: 0.54124075 | I23: 0.58200031 | J23: 0.61304229 | K23: 0.63735308 | L23: 0.69981137 | N23: 0.60325674 | O23: 0.57101629 | P23: 0.57094299 | Q23: 0.58746386 | R23: 0.66045097 | S23: 0.53865276 | T23: 0.59787957 | U23: 0.76222609 | V23: 0.66501358 | X23: 0.61938914 | Y23: 0.62102086
B24: Creating smarter, more resilient energy grids | C24: 0.61640025 | D24: 0.67552324 | E24: 0.56153682 | G24: 0.57845165 | H24: 0.64456999 | I24: 0.61802291 | J24: 0.61550886 | K24: 0.61721741 | L24: 0.61287702 | N24: 0.46664413 | O24: 0.59043274 | P24: 0.49433108 | Q24: 0.58116248 | R24: 0.75990563 | S24: 0.56663447 | T24: 0.66061748 | U24: 0.66185324 | V24: 0.64016596 | X24: 0.67365188 | Y24: 0.58471911
B25: Protecting endangered animals | C25: 0.53655022 | D25: 0.50736171 | E25: 0.56355484 | G25: 0.64115131 | H25: 0.59768821 | I25: 0.53936789 | J25: 0.53214001 | K25: 0.5299315 | L25: 0.46699336 | N25: 0.49464311 | O25: 0.33206159 | P25: 0.58128973 | Q25: 0.58915557 | R25: 0.46708446 | S25: 0.51535073 | T25: 0.59816967 | U25: 0.53114885 | V25: 0.50371161 | X25: 0.52411391 | Y25: 0.54343206
B26: New types of computing hardware (e.g. quantum computing) | C26: 0.20476363 | D26: 0.27583828 | E26: 0.13815931 | G26: 0.30195518 | H26: 0.27530296 | I26: 0.24591441 | J26: 0.18657401 | K26: 0.1634211 | L26: 0.14008192 | N26: 0.20929175 | O26: 0.22599283 | P26: 0.16288073 | Q26: 0.19797075 | R26: 0.15445738 | S26: 0.16431936 | T26: 0.32065848 | U26: 0.23002268 | V26: 0.18683811 | X26: 0.26915736 | Y26: 0.16913029
B27: None of the above | C27: 0.062174175 | D27: 0.054159817 | E27: 0.069653269 | G27: 0.033649284 | H27: 0.05787191 | I27: 0.069996089 | J27: 0.078109538 | K27: 0.066466146 | L27: 0.056604635 | N27: 0.11005897 | O27: 0.093183454 | P27: 0.087715233 | Q27: 0.071432691 | R27: 0.029948683 | S27: 0.096792669 | T27: 0.036784772 | U27: 0.037669512 | V27: 0.054108925 | X27: 0.039983389 | Y27: 0.074453813
B29: Which, if any, of the following sectors do you think is most likely to be important to your country’s economy in the next decade?Please select up to three
B30: BASE: All Respondents
B31: Health | C31: 0.53886947 | D31: 0.49233764 | E31: 0.58259874 | G31: 0.51029321 | H31: 0.47346964 | I31: 0.51738519 | J31: 0.50875988 | K31: 0.54606865 | L31: 0.61783762 | N31: 0.60639672 | O31: 0.59356382 | P31: 0.61537303 | Q31: 0.48246384 | R31: 0.60885132 | S31: 0.50899631 | T31: 0.49830758 | U31: 0.53367842 | V31: 0.4415554 | X31: 0.52017084 | Y31: 0.54921667
B32: Digital technology | C32: 0.45304952 | D32: 0.51663065 | E32: 0.39335299 | G32: 0.50108751 | H32: 0.50810617 | I32: 0.44916855 | J32: 0.45338526 | K32: 0.43318386 | L32: 0.41791563 | N32: 0.42845891 | O32: 0.42249805 | P32: 0.31939247 | Q32: 0.55863916 | R32: 0.5031508 | S32: 0.42586223 | T32: 0.48950934 | U32: 0.47310927 | V32: 0.35361713 | X32: 0.53254375 | Y32: 0.40906008
B33: Agriculture, forestry & fishing | C33: 0.38714021 | D33: 0.36331845 | E33: 0.41018655 | G33: 0.28457915 | H33: 0.3311726 | I33: 0.35138136 | J33: 0.37256499 | K33: 0.41889451 | L33: 0.47043623 | N33: 0.34273928 | O33: 0.47759031 | P33: 0.42348924 | Q33: 0.36117384 | R33: 0.45766432 | S33: 0.33114293 | T33: 0.29203521 | U33: 0.42452142 | V33: 0.44701632 | X33: 0.34422025 | Y33: 0.41089068
B34: Manufacturing | C34: 0.24724338 | D34: 0.26745517 | E34: 0.22866297 | G34: 0.15591975 | H34: 0.20232712 | I34: 0.25024124 | J34: 0.24760418 | K34: 0.27057078 | L34: 0.29029484 | N34: 0.35766937 | O34: 0.18724486 | P34: 0.21496588 | Q34: 0.1526835 | R34: 0.27198013 | S34: 0.16963966 | T34: 0.40817725 | U34: 0.21381801 | V34: 0.3482966 | X34: 0.23590573 | Y34: 0.25351726
B35: Construction | C35: 0.23224382 | D35: 0.24147844 | E35: 0.22361262 | G35: 0.19295196 | H35: 0.20696839 | I35: 0.22033821 | J35: 0.22186263 | K35: 0.23301652 | L35: 0.27605109 | N35: 0.18875657 | O35: 0.15715426 | P35: 0.15668659 | Q35: 0.18371315 | R35: 0.16898927 | S35: 0.37542164 | T35: 0.33197825 | U35: 0.18603799 | V35: 0.26673614 | X35: 0.22588413 | Y35: 0.23576306
B36: Telecommunications | C36: 0.19263867 | D36: 0.21102619 | E36: 0.17555981 | G36: 0.18559243 | H36: 0.19427282 | I36: 0.202008 | J36: 0.19636906 | K36: 0.18688558 | L36: 0.18952117 | N36: 0.081015071 | O36: 0.40644677 | P36: 0.10652431 | Q36: 0.20942705 | R36: 0.23467234 | S36: 0.10627055 | T36: 0.17623916 | U36: 0.31480838 | V36: 0.16328517 | X36: 0.22687359 | Y36: 0.17369421
B37: Financial services | C37: 0.13450844 | D37: 0.13800476 | E37: 0.13175522 | G37: 0.20807957 | H37: 0.18118633 | I37: 0.14873545 | J37: 0.10914362 | K37: 0.10772186 | L37: 0.10533508 | N37: 0.12023466 | O37: 0.065522331 | P37: 0.10735727 | Q37: 0.090429494 | R37: 0.14035931 | S37: 0.17589414 | T37: 0.14656921 | U37: 0.14483882 | V37: 0.1789688 | X37: 0.16008316 | Y37: 0.12035624
B38: Retail | C38: 0.12796966 | D38: 0.10733286 | E38: 0.14765288 | G38: 0.13088542 | H38: 0.147378 | I38: 0.12550706 | J38: 0.13341525 | K38: 0.10276222 | L38: 0.12984553 | N38: 0.19338538 | O38: 0.19869339 | P38: 0.14651074 | Q38: 0.1480714 | R38: 0.11971723 | S38: 0.14121377 | T38: 0.13826725 | U38: 0.054555067 | V38: 0.10846306 | X38: 0.10487733 | Y38: 0.14074818
B39: Automotive | C39: 0.092230369 | D39: 0.11641868 | E39: 0.069490251 | G39: 0.14961397 | H39: 0.12149214 | I39: 0.090172071 | J39: 0.096864615 | K39: 0.06527377 | L39: 0.069449565 | N39: 0.042832092 | O39: 0.0084205134 | P39: 0.11170709 | Q39: 0.18899848 | R39: 0.070508797 | S39: 0.028245799 | T39: 0.067428398 | U39: 0.10628349 | V39: 0.11131493 | X39: 0.094728475 | Y39: 0.090848
B40: Media & Entertainment | C40: 0.07333832 | D40: 0.072761469 | E40: 0.073526967 | G40: 0.22695382 | H40: 0.11808033 | I40: 0.071020835 | J40: 0.052214502 | K40: 0.036618255 | L40: 0.029775576 | N40: 0.036989001 | O40: 0.036733271 | P40: 0.040921585 | Q40: 0.078452745 | R40: 0.081600109 | S40: 0.059171919 | T40: 0.064336983 | U40: 0.12375682 | V40: 0.089361268 | X40: 0.075296178 | Y40: 0.072254908
B41: Other (please specify) | C41: 0.024117722 | D41: 0.027620974 | E41: 0.020916263 | G41: 0.018954837 | H41: 0.015128949 | I41: 0.021399568 | J41: 0.034912611 | K41: 0.033368562 | L41: 0.0196381 | N41: 0.029786136 | O41: 0.0032272957 | P41: 0.025221561 | Q41: 0.017686765 | R41: 0.037214867 | S41: 0.026837466 | T41: 0.011698952 | U41: 0.030868793 | V41: 0.019508644 | X41: 0.031834927 | Y41: 0.019847279
B42: Don't Know | C42: 0.059469443 | D42: 0.042889787 | E42: 0.075039593 | G42: 0.04624626 | H42: 0.052212256 | I42: 0.061692238 | J42: 0.072637041 | K42: 0.079113374 | L42: 0.045332652 | N42: 0.064325569 | O42: 0.059678294 | P42: 0.073581913 | Q42: 0.07271286 | R42: 0.034264403 | S42: 0.087130395 | T42: 0.038550558 | U42: 0.049003126 | V42: 0.061017501 | X42: 0.038109425 | Y42: 0.071289361
B44: And which would you say have done the best job of innovating in the last decade?Please select up to three
B45: BASE: All Respondents
B46: Digital technology | C46: 0.50275718 | D46: 0.5371613 | E46: 0.47039653 | G46: 0.51138574 | H46: 0.51202804 | I46: 0.51278324 | J46: 0.50825157 | K46: 0.48866279 | L46: 0.49314925 | N46: 0.46429519 | O46: 0.62195173 | P46: 0.53558824 | Q46: 0.39496087 | R46: 0.51841809 | S46: 0.47189817 | T46: 0.45384229 | U46: 0.6374091 | V46: 0.47311588 | X46: 0.56318842 | Y46: 0.46931655
B47: Telecommunications | C47: 0.35850549 | D47: 0.38615686 | E47: 0.33287704 | G47: 0.29820388 | H47: 0.30461276 | I47: 0.35645475 | J47: 0.38356651 | K47: 0.37430832 | L47: 0.38663851 | N47: 0.20860644 | O47: 0.46435107 | P47: 0.30896849 | Q47: 0.25297726 | R47: 0.46946165 | S47: 0.30678418 | T47: 0.32487258 | U47: 0.5446377 | V47: 0.24049412 | X47: 0.3876985 | Y47: 0.34235105
B48: Automotive | C48: 0.21939896 | D48: 0.22437513 | E48: 0.21447871 | G48: 0.22208559 | H48: 0.21278175 | I48: 0.19587935 | J48: 0.22252907 | K48: 0.21967073 | L48: 0.23508528 | N48: 0.11713291 | O48: 0.094912485 | P48: 0.30498782 | Q48: 0.30276129 | R48: 0.23853699 | S48: 0.1277774 | T48: 0.16863975 | U48: 0.23696049 | V48: 0.17836751 | X48: 0.21506374 | Y48: 0.22179792
B49: Media & Entertainment | C49: 0.20353429 | D49: 0.1986051 | E49: 0.20816599 | G49: 0.3217875 | H49: 0.23762836 | I49: 0.20786487 | J49: 0.19519157 | K49: 0.18082672 | L49: 0.15721325 | N49: 0.13961837 | O49: 0.13938691 | P49: 0.14124099 | Q49: 0.16821705 | R49: 0.25836008 | S49: 0.14786801 | T49: 0.24551127 | U49: 0.2977411 | V49: 0.17321128 | X49: 0.21465189 | Y49: 0.19738218
B50: Health | C50: 0.17148438 | D50: 0.17949835 | E50: 0.16371091 | G50: 0.23935469 | H50: 0.18989724 | I50: 0.16296231 | J50: 0.15701466 | K50: 0.15737134 | L50: 0.15997038 | N50: 0.19744533 | O50: 0.19549765 | P50: 0.21190487 | Q50: 0.19859188 | R50: 0.14834432 | S50: 0.1808535 | T50: 0.092675225 | U50: 0.1891878 | V50: 0.16518956 | X50: 0.18552483 | Y50: 0.16371487
B51: Financial services | C51: 0.13604647 | D51: 0.15762758 | E51: 0.11627438 | G51: 0.1343729 | H51: 0.15986574 | I51: 0.14498997 | J51: 0.12700035 | K51: 0.13275952 | L51: 0.12517699 | N51: 0.12410464 | O51: 0.052732347 | P51: 0.095776687 | Q51: 0.096213162 | R51: 0.097799794 | S51: 0.15022235 | T51: 0.24998452 | U51: 0.15086747 | V51: 0.12104067 | X51: 0.16754615 | Y51: 0.1186156
B52: Construction | C52: 0.115899 | D52: 0.11869857 | E52: 0.11340269 | G52: 0.14879656 | H52: 0.15277667 | I52: 0.11281679 | J52: 0.10727926 | K52: 0.10133623 | L52: 0.099278135 | N52: 0.12657644 | O52: 0.056179998 | P52: 0.11914555 | Q52: 0.10423414 | R52: 0.11057624 | S52: 0.093927308 | T52: 0.20566156 | U52: 0.086923485 | V52: 0.077527363 | X52: 0.11951812 | Y52: 0.1138963
B53: Manufacturing | C53: 0.1115238 | D53: 0.12891543 | E53: 0.095283144 | G53: 0.11198226 | H53: 0.1186376 | I53: 0.11997769 | J53: 0.093702377 | K53: 0.093924888 | L53: 0.12548133 | N53: 0.10645983 | O53: 0.12869539 | P53: 0.074157977 | Q53: 0.13828769 | R53: 0.061202255 | S53: 0.10892996 | T53: 0.19619676 | U53: 0.069846514 | V53: 0.1565013 | X53: 0.12860157 | Y53: 0.10207353
B54: Retail | C54: 0.085633255 | D54: 0.086038956 | E54: 0.085593981 | G54: 0.10420478 | H54: 0.10372448 | I54: 0.082909859 | J54: 0.076973908 | K54: 0.07082614 | L54: 0.085422801 | N54: 0.10607449 | O54: 0.15150633 | P54: 0.046831765 | Q54: 0.096728923 | R54: 0.062750889 | S54: 0.080848207 | T54: 0.1743912 | U54: 0.044606198 | V54: 0.061357797 | X54: 0.080907256 | Y54: 0.088248465
B55: Agriculture, forestry & fishing | C55: 0.083568025 | D55: 0.092015439 | E55: 0.075950015 | G55: 0.10448989 | H55: 0.092365008 | I55: 0.07426141 | J55: 0.07610183 | K55: 0.062779729 | L55: 0.095329369 | N55: 0.091533806 | O55: 0.088823847 | P55: 0.072396807 | Q55: 0.085334911 | R55: 0.067660745 | S55: 0.13162761 | T55: 0.065514236 | U55: 0.074890517 | V55: 0.086634593 | X55: 0.076443768 | Y55: 0.087510351
B56: Other (please specify) | C56: 0.0075952872 | D56: 0.007690033 | E56: 0.0075364853 | G56: 0.0056395645 | H56: 0.0030201932 | I56: 0.0067520918 | J56: 0.0090934126 | K56: 0.0083276741 | L56: 0.010066546 | N56: 0 | O56: 0 | P56: 0.005724732 | Q56: 0.0078542825 | R56: 0.013750179 | S56: 0.011401289 | T56: 0.0068546646 | U56: 0.0051083894 | V56: 0.0025464011 | X56: 0.0068374269 | Y56: 0.0080146617
B57: Don't Know | C57: 0.17169677 | D57: 0.12737381 | E57: 0.21327344 | G57: 0.10669946 | H57: 0.12582301 | I57: 0.15719054 | J57: 0.1822231 | K57: 0.21322255 | L57: 0.19782071 | N57: 0.26852214 | O57: 0.13983694 | P57: 0.17365033 | Q57: 0.20449544 | R57: 0.15895751 | S57: 0.23086663 | T57: 0.13692124 | U57: 0.10126025 | V57: 0.19800599 | X57: 0.1125993 | Y57: 0.20439933
B59: Overall, how well do you think your country does in the following sectors?: Financial services
B60: BASE: All Respondents
B61: Very well | C61: 0.080452851 | D61: 0.095443778 | E61: 0.066662308 | G61: 0.092997797 | H61: 0.09695649 | I61: 0.096045911 | J61: 0.078165204 | K61: 0.076480298 | L61: 0.060190246 | N61: 0.218823 | O61: 0.038143703 | P61: 0.09784985 | Q61: 0.055045891 | R61: 0.021351507 | S61: 0.095699215 | T61: 0.12165998 | U61: 0.063944661 | V61: 0.097305419 | X61: 0.11012831 | Y61: 0.064031445
B62: Somewhat well | C62: 0.35291307 | D62: 0.37877146 | E62: 0.32972578 | G62: 0.38934092 | H62: 0.35627314 | I62: 0.34895437 | J62: 0.34594715 | K62: 0.33174818 | L62: 0.35859806 | N62: 0.45665994 | O62: 0.46425226 | P62: 0.32738605 | Q62: 0.34311864 | R62: 0.16910172 | S62: 0.48757186 | T62: 0.40114357 | U62: 0.30771452 | V62: 0.44575312 | X62: 0.40543466 | Y62: 0.32384937
B63: Neither well or badly | C63: 0.31907578 | D63: 0.30864873 | E63: 0.32788728 | G63: 0.30308139 | H63: 0.31225474 | I63: 0.28518976 | J63: 0.31449951 | K63: 0.33039982 | L63: 0.34647576 | N63: 0.23737984 | O63: 0.28340388 | P63: 0.30344838 | Q63: 0.37408823 | R63: 0.38389923 | S63: 0.24077638 | T63: 0.32966793 | U63: 0.31487928 | V63: 0.29939667 | X63: 0.2873844 | Y63: 0.33661273
B64: Somewhat badly | C64: 0.1354823 | D64: 0.1312803 | E64: 0.13913057 | G64: 0.13430094 | H64: 0.14384653 | I64: 0.1400015 | J64: 0.13351895 | K64: 0.1420403 | L64: 0.12509663 | N64: 0.033455394 | O64: 0.064669693 | P64: 0.16596932 | Q64: 0.12192042 | R64: 0.25872551 | S64: 0.07223651 | T64: 0.080091164 | U64: 0.17903313 | V64: 0.061790625 | X64: 0.11322373 | Y64: 0.14779944
B65: Very badly | C65: 0.057158772 | D65: 0.052761374 | E65: 0.061188923 | G65: 0.025975932 | H65: 0.046874035 | I65: 0.068167166 | J65: 0.066482884 | K65: 0.063755246 | L65: 0.057076858 | N65: 0.0044363436 | O65: 0.028644514 | P65: 0.045705784 | Q65: 0.049669957 | R65: 0.10818634 | S65: 0.026904051 | T65: 0.044498502 | U65: 0.099298427 | V65: 0.020467401 | X65: 0.04296217 | Y65: 0.065014696
B66: Don't know | C66: 0.05491723 | D66: 0.033094353 | E66: 0.075405136 | G66: 0.054303027 | H66: 0.043795064 | I66: 0.061641298 | J66: 0.061386296 | K66: 0.055576156 | L66: 0.052562439 | N66: 0.049245484 | O66: 0.12088595 | P66: 0.059640615 | Q66: 0.056156865 | R66: 0.058735693 | S66: 0.076811981 | T66: 0.02293885 | U66: 0.035129981 | V66: 0.075286769 | X66: 0.040866726 | Y66: 0.062692308
B68: Overall, how well do you think your country does in the following sectors?: Automotive
B69: BASE: All Respondents
B70: Very well | C70: 0.10476276 | D70: 0.11943061 | E70: 0.090560227 | G70: 0.14343242 | H70: 0.15239048 | I70: 0.11814855 | J70: 0.091646017 | K70: 0.082022391 | L70: 0.077522189 | N70: 0.086173822 | O70: 0.020656762 | P70: 0.090867024 | Q70: 0.24115889 | R70: 0.065861279 | S70: 0.059312464 | T70: 0.08962395 | U70: 0.084430395 | V70: 0.1509344 | X70: 0.10977117 | Y70: 0.10199127
B71: Somewhat well | C71: 0.3840966 | D71: 0.38592272 | E71: 0.38335792 | G71: 0.44328708 | H71: 0.4067562 | I71: 0.39153343 | J71: 0.38427774 | K71: 0.36217226 | L71: 0.35819178 | N71: 0.27722939 | O71: 0.19683884 | P71: 0.39939867 | Q71: 0.42194846 | R71: 0.38113741 | S71: 0.33653508 | T71: 0.41709242 | U71: 0.38561908 | V71: 0.43986542 | X71: 0.37840879 | Y71: 0.38724404
B72: Neither well or badly | C72: 0.30973229 | D72: 0.29920574 | E72: 0.31972687 | G72: 0.26681431 | H72: 0.29087858 | I72: 0.26800619 | J72: 0.29346795 | K72: 0.34373293 | L72: 0.35236484 | N72: 0.33831485 | O72: 0.47581389 | P72: 0.29057004 | Q72: 0.20284306 | R72: 0.32386818 | S72: 0.36962812 | T72: 0.31986699 | U72: 0.33325831 | V72: 0.25687908 | X72: 0.30612543 | Y72: 0.3117282
B73: Somewhat badly | C73: 0.11437609 | D73: 0.12357818 | E73: 0.10586132 | G73: 0.086486548 | H73: 0.074429634 | I73: 0.11479076 | J73: 0.13059828 | K73: 0.13595964 | L73: 0.12284468 | N73: 0.13726306 | O73: 0.21442672 | P73: 0.14896023 | Q73: 0.074739928 | R73: 0.127875 | S73: 0.12212167 | T73: 0.082714053 | U73: 0.11924107 | V73: 0.079364399 | X73: 0.13073721 | Y73: 0.10532239
B74: Very badly | C74: 0.036254819 | D74: 0.043821946 | E74: 0.028423151 | G74: 0.014586722 | H74: 0.032471677 | I74: 0.049993625 | J74: 0.035038319 | K74: 0.033204184 | L74: 0.040584582 | N74: 0.061708954 | O74: 0.031767228 | P74: 0.026634401 | Q74: 0.025098596 | R74: 0.049780692 | S74: 0.024718394 | T74: 0.05564374 | U74: 0.037894963 | V74: 0.019631935 | X74: 0.033824532 | Y74: 0.037599659
B75: Don't know | C75: 0.050777442 | D75: 0.028040797 | E75: 0.072070502 | G75: 0.045392919 | H75: 0.04307343 | I75: 0.057527443 | J75: 0.064971695 | K75: 0.042908591 | L75: 0.048491929 | N75: 0.099309917 | O75: 0.060496556 | P75: 0.043569632 | Q75: 0.034211061 | R75: 0.051477442 | S75: 0.087684266 | T75: 0.03505885 | U75: 0.039556189 | V75: 0.053324767 | X75: 0.041132863 | Y75: 0.056114429
B77: Overall, how well do you think your country does in the following sectors?: Digital technology
B78: BASE: All Respondents
B79: Very well | C79: 0.12619798 | D79: 0.13699299 | E79: 0.11654052 | G79: 0.15341649 | H79: 0.14248153 | I79: 0.15840476 | J79: 0.1242565 | K79: 0.10720702 | L79: 0.099596897 | N79: 0.2611333 | O79: 0.16228896 | P79: 0.11685001 | Q79: 0.054627045 | R79: 0.039535078 | S79: 0.17027133 | T79: 0.15883365 | U79: 0.13183226 | V79: 0.24920894 | X79: 0.14869478 | Y79: 0.11374901
B80: Somewhat well | C80: 0.47018459 | D80: 0.4723639 | E80: 0.46828624 | G80: 0.50173545 | H80: 0.49143739 | I80: 0.46462955 | J80: 0.47282008 | K80: 0.43689272 | L80: 0.46953738 | N80: 0.53133105 | O80: 0.70628839 | P80: 0.52107358 | Q80: 0.24929449 | R80: 0.40695486 | S80: 0.54965689 | T80: 0.52776226 | U80: 0.48401797 | V80: 0.52361735 | X80: 0.49687008 | Y80: 0.45541773
B81: Neither well or badly | C81: 0.2424343 | D81: 0.23757981 | E81: 0.24688879 | G81: 0.21777686 | H81: 0.22646519 | I81: 0.2235261 | J81: 0.22668575 | K81: 0.27497655 | L81: 0.2625345 | N81: 0.1512788 | O81: 0.069841131 | P81: 0.22982026 | Q81: 0.29270707 | R81: 0.3341518 | S81: 0.17699426 | T81: 0.25463121 | U81: 0.25973386 | V81: 0.14342947 | X81: 0.21185614 | Y81: 0.25935523
B82: Somewhat badly | C82: 0.094381718 | D82: 0.095880112 | E82: 0.092161138 | G82: 0.08088887 | H82: 0.084056434 | I82: 0.085664657 | J82: 0.087076294 | K82: 0.11330859 | L82: 0.10364115 | N82: 0.020853083 | O82: 0.0068123198 | P82: 0.067878725 | Q82: 0.27433206 | R82: 0.14200818 | S82: 0.036260996 | T82: 0.022729243 | U82: 0.080031382 | V82: 0.036601862 | X82: 0.088065387 | Y82: 0.097876964
B83: Very badly | C83: 0.030624804 | D83: 0.036596209 | E83: 0.025125862 | G83: 0.020395355 | H83: 0.028389952 | I83: 0.031836409 | J83: 0.037193007 | K83: 0.02803542 | L83: 0.032193479 | N83: 0 | O83: 0.018046546 | P83: 0.021846655 | Q83: 0.091229264 | R83: 0.042102805 | S83: 0.0069802263 | T83: 0.013163154 | U83: 0.026944405 | V83: 0.0074444853 | X83: 0.027265568 | Y83: 0.032483693
B84: Don't know | C84: 0.036176605 | D84: 0.02058697 | E84: 0.050997453 | G84: 0.025786971 | H84: 0.027169506 | I84: 0.035938517 | J84: 0.051968376 | K84: 0.0395797 | L84: 0.032496588 | N84: 0.035403761 | O84: 0.036722652 | P84: 0.042530774 | Q84: 0.03781008 | R84: 0.035247281 | S84: 0.059836284 | T84: 0.022880484 | U84: 0.017440126 | V84: 0.039697896 | X84: 0.027248052 | Y84: 0.041117366
B86: How confident or unconfident are you in your Government’s ability to grow its digital technology sector in the next five years?
B87: BASE: All Respondents
B88: Very confident | C88: 0.0715695 | D88: 0.084984576 | E88: 0.058951009 | G88: 0.11217067 | H88: 0.091812972 | I88: 0.083454836 | J88: 0.064380204 | K88: 0.059107858 | L88: 0.049967486 | N88: 0.10775289 | O88: 0.060167726 | P88: 0.096737031 | Q88: 0.05646707 | R88: 0.037974694 | S88: 0.096470208 | T88: 0.055636366 | U88: 0.076772979 | V88: 0.081709433 | X88: 0.094801051 | Y88: 0.058713936
B89: Somewhat confident | C89: 0.38444756 | D89: 0.39416037 | E89: 0.37540935 | G89: 0.41806318 | H89: 0.40395958 | I89: 0.3777465 | J89: 0.37062912 | K89: 0.35455432 | L89: 0.39380433 | N89: 0.38752121 | O89: 0.60930738 | P89: 0.43083652 | Q89: 0.39743125 | R89: 0.4196115 | S89: 0.40863901 | T89: 0.23995387 | U89: 0.36021071 | V89: 0.39691483 | X89: 0.41512528 | Y89: 0.36747153
B90: Neither confident nor unconfident | C90: 0.26606446 | D90: 0.24913497 | E90: 0.28249833 | G90: 0.2492776 | H90: 0.27296607 | I90: 0.27183899 | J90: 0.26215779 | K90: 0.29331391 | L90: 0.24925541 | N90: 0.20706499 | O90: 0.11809207 | P90: 0.24914634 | Q90: 0.26625645 | R90: 0.25672481 | S90: 0.24488223 | T90: 0.39341782 | U90: 0.21493911 | V90: 0.29736926 | X90: 0.24163584 | Y90: 0.27958245
B91: Somewhat unconfident | C91: 0.15042832 | D91: 0.15310907 | E91: 0.14709661 | G91: 0.14530899 | H91: 0.13691108 | I91: 0.13823092 | J91: 0.15107596 | K91: 0.15422348 | L91: 0.16521893 | N91: 0.14901572 | O91: 0.084165017 | P91: 0.11041151 | Q91: 0.17144403 | R91: 0.16111966 | S91: 0.13817134 | T91: 0.15866235 | U91: 0.18598765 | V91: 0.12606382 | X91: 0.14171245 | Y91: 0.1552514
B92: Very unconfident | C92: 0.088233378 | D92: 0.0943595 | E92: 0.082819301 | G92: 0.047050563 | H92: 0.064801956 | I92: 0.097165405 | J92: 0.092678307 | K92: 0.088079607 | L92: 0.10876478 | N92: 0.099289024 | O92: 0.088633968 | P92: 0.060998129 | Q92: 0.070517451 | R92: 0.086389302 | S92: 0.064110552 | T92: 0.1205092 | U92: 0.14302475 | V92: 0.041568156 | X92: 0.080112073 | Y92: 0.092727436
B93: Don't Know | C93: 0.039256778 | D93: 0.024251523 | E93: 0.053225406 | G93: 0.028128994 | H93: 0.02954835 | I93: 0.031563348 | J93: 0.05907863 | K93: 0.050720831 | L93: 0.032989059 | N93: 0.049356164 | O93: 0.03963384 | P93: 0.051870467 | Q93: 0.037883753 | R93: 0.038180045 | S93: 0.047726659 | T93: 0.031820395 | U93: 0.019064811 | V93: 0.056374503 | X93: 0.026613308 | Y93: 0.046253252
B94: Total Confident: | C94: 0.45601706 | D94: 0.47914494 | E94: 0.43436035 | G94: 0.53023385 | H94: 0.49577255 | I94: 0.46120134 | J94: 0.43500932 | K94: 0.41366218 | L94: 0.44377181 | N94: 0.4952741 | O94: 0.6694751 | P94: 0.52757355 | Q94: 0.45389832 | R94: 0.45758619 | S94: 0.50510922 | T94: 0.29559024 | U94: 0.43698369 | V94: 0.47862426 | X94: 0.50992634 | Y94: 0.42618547
B95: Total Unconfident: | C95: 0.2386617 | D95: 0.24746857 | E95: 0.22991591 | G95: 0.19235956 | H95: 0.20171303 | I95: 0.23539633 | J95: 0.24375426 | K95: 0.24230308 | L95: 0.27398371 | N95: 0.24830474 | O95: 0.17279899 | P95: 0.17140964 | Q95: 0.24196148 | R95: 0.24750896 | S95: 0.2022819 | T95: 0.27917155 | U95: 0.32901239 | V95: 0.16763197 | X95: 0.22182452 | Y95: 0.24797884
B96: Net: | C96: 0.21735536 | D96: 0.23167638 | E96: 0.20444445 | G96: 0.33787429 | H96: 0.29405952 | I96: 0.22580501 | J96: 0.19125506 | K96: 0.17135909 | L96: 0.1697881 | N96: 0.24696936 | O96: 0.49667612 | P96: 0.35616391 | Q96: 0.21193684 | R96: 0.21007723 | S96: 0.30282733 | T96: 0.016418686 | U96: 0.1079713 | V96: 0.31099229 | X96: 0.28810182 | Y96: 0.17820663
B98: Which of the following is closest to your view?
B99: BASE: All Respondents
B100: I would like innovation or change in digital technology to be faster | C100: 0.34746027 | D100: 0.41264944 | E100: 0.28583867 | G100: 0.34984683 | H100: 0.36927405 | I100: 0.35888318 | J100: 0.30959264 | K100: 0.33267337 | L100: 0.36194764 | N100: 0.24838173 | O100: 0.20508311 | P100: 0.25242888 | Q100: 0.51479854 | R100: 0.4358036 | S100: 0.20634156 | T100: 0.43373124 | U100: 0.3381293 | V100: 0.2312303 | X100: 0.37224721 | Y100: 0.33374099
B101: I think the current pace of innovation or change in digital technology is about right | C101: 0.4540512 | D101: 0.42498922 | E101: 0.48171437 | G101: 0.52055829 | H101: 0.46115957 | I101: 0.44686506 | J101: 0.46496842 | K101: 0.45762045 | L101: 0.41988869 | N101: 0.51425819 | O101: 0.61141835 | P101: 0.52251813 | Q101: 0.30630759 | R101: 0.42050274 | S101: 0.54053885 | T101: 0.41677414 | U101: 0.43593718 | V101: 0.54670502 | X101: 0.46686841 | Y101: 0.44695703
B102: I would like innovation or change in digital technology to be slower | C102: 0.10818075 | D102: 0.10549288 | E102: 0.11085096 | G102: 0.080977648 | H102: 0.10812578 | I102: 0.11214395 | J102: 0.12270499 | K102: 0.10904444 | L102: 0.10530324 | N102: 0.12149999 | O102: 0.054205108 | P102: 0.12961637 | Q102: 0.086789083 | R102: 0.076572357 | S102: 0.13877922 | T102: 0.063120444 | U102: 0.15310553 | V102: 0.13025111 | X102: 0.10271418 | Y102: 0.11120644
B103: Don't Know | C103: 0.090307777 | D103: 0.056868458 | E103: 0.121596 | G103: 0.048617239 | H103: 0.061440601 | I103: 0.082107812 | J103: 0.10273395 | K103: 0.10066173 | L103: 0.11286043 | N103: 0.11586008 | O103: 0.12929344 | P103: 0.095436624 | Q103: 0.092104783 | R103: 0.067121295 | S103: 0.11434037 | T103: 0.08637418 | U103: 0.072827995 | V103: 0.091813573 | X103: 0.058170204 | Y103: 0.10809555
B105: Which, if any, of the following technologies do you use regularly?Please select all that apply
B106: BASE: All Respondents
B107: A smartphone (eg iPhone, Android) | C107: 0.92227511 | D107: 0.91996483 | E107: 0.92479169 | G107: 0.95166419 | H107: 0.95047563 | I107: 0.9383306 | J107: 0.93969845 | K107: 0.91676895 | L107: 0.87606299 | N107: 0.92472435 | O107: 0.95264204 | P107: 0.90618155 | Q107: 0.88620472 | R107: 0.96278837 | S107: 0.90492741 | T107: 0.94146466 | U107: 0.92624726 | V107: 0.9200162 | X107: 0.9309134 | Y107: 0.91749497
B108: A desktop or laptop computer | C108: 0.89348161 | D108: 0.90834712 | E108: 0.87932271 | G108: 0.85441285 | H108: 0.88104781 | I108: 0.85341026 | J108: 0.88246195 | K108: 0.91845288 | L108: 0.93217913 | N108: 0.88148734 | O108: 0.8532525 | P108: 0.8999119 | Q108: 0.89121317 | R108: 0.89654477 | S108: 0.88134373 | T108: 0.91658112 | U108: 0.8889808 | V108: 0.88556913 | X108: 0.92542068 | Y108: 0.8758076
B109: A tablet computer (eg iPad) | C109: 0.49404025 | D109: 0.49826321 | E109: 0.48999678 | G109: 0.39165259 | H109: 0.52094722 | I109: 0.55498536 | J109: 0.52767178 | K109: 0.49477574 | L109: 0.45365537 | N109: 0.47377655 | O109: 0.41330667 | P109: 0.46100902 | Q109: 0.49233667 | R109: 0.50601219 | S109: 0.53265919 | T109: 0.42543512 | U109: 0.57258648 | V109: 0.47975052 | X109: 0.55272306 | Y109: 0.46156715
B110: A games console (eg Sony PlayStation, Microsoft Xbox, Nintendo Switch) | C110: 0.31717859 | D110: 0.37925897 | E110: 0.25752137 | G110: 0.56369989 | H110: 0.55439526 | I110: 0.49362051 | J110: 0.35371741 | K110: 0.15946161 | L110: 0.050672236 | N110: 0.18865115 | O110: 0.24488915 | P110: 0.32865895 | Q110: 0.30987107 | R110: 0.3205796 | S110: 0.24820168 | T110: 0.35034146 | U110: 0.39969283 | V110: 0.28389028 | X110: 0.36086644 | Y110: 0.29300319
B111: A smart watch (eg Apple Watch, FitBit) | C111: 0.2675255 | D111: 0.27727836 | E111: 0.25774658 | G111: 0.32575948 | H111: 0.40927582 | I111: 0.33405359 | J111: 0.27324572 | K111: 0.19274207 | L111: 0.16458023 | N111: 0.24399094 | O111: 0.22548985 | P111: 0.20410005 | Q111: 0.24104837 | R111: 0.28153073 | S111: 0.23727349 | T111: 0.32161532 | U111: 0.36162316 | V111: 0.19476825 | X111: 0.32832866 | Y111: 0.23387907
B112: A smart speaker (eg Amazon Echo, Google Home) | C112: 0.21738333 | D112: 0.24665274 | E112: 0.18923225 | G112: 0.26183747 | H112: 0.29083431 | I112: 0.29361476 | J112: 0.21569049 | K112: 0.19187255 | L112: 0.12640761 | N112: 0.2022018 | O112: 0.059198912 | P112: 0.21229178 | Q112: 0.22614074 | R112: 0.3036355 | S112: 0.1505654 | T112: 0.1237845 | U112: 0.33306543 | V112: 0.19128245 | X112: 0.27004451 | Y112: 0.18824239
B113: A VR headset (eg Meta Quest) | C113: 0.041268842 | D113: 0.052251893 | E113: 0.030838201 | G113: 0.064496492 | H113: 0.083256144 | I113: 0.061249312 | J113: 0.043799703 | K113: 0.019151709 | L113: 0.0077808346 | N113: 0.053013365 | O113: 0.0072288335 | P113: 0.035130474 | Q113: 0.035553202 | R113: 0.033913295 | S113: 0.056747403 | T113: 0.041051695 | U113: 0.046502598 | V113: 0.04865902 | X113: 0.06726144 | Y113: 0.026885409
B114: Other (Please Specify) | C114: 0.012940825 | D114: 0.014449662 | E114: 0.011572187 | G114: 0.017050107 | H114: 0.009174249 | I114: 0.0060088461 | J114: 0.011665732 | K114: 0.014134771 | L114: 0.018173317 | N114: 0.032986748 | O114: 0.032101225 | P114: 0.0097758011 | Q114: 0.013032237 | R114: 0.014457152 | S114: 0.012936572 | T114: 0.010411721 | U114: 0.012262759 | V114: 0.0050081984 | X114: 0.014285199 | Y114: 0.012196893
...

Sheet Table 1
D2: If you had to choose, which of the following types of infrastructure investment would prefer your Government to prioritise in your local area?Please select up to three
D5: Gender | G5: Age | N5: Country | X5: Education
C6: Total | D6: Male | E6: Female | G6: 18-24 | H6: 25-34 | I6: 35-44 | J6: 45-54 | K6: 55-64 | L6: 65+ | N6: Denmark | O6: Finland | P6: France | Q6: Germany | R6: Italy | S6: Netherlands | T6: Poland | U6: Spain | V6: Sweden | X6: Graduate | Y6: Non-Graduate
B7: Unweighted | C7: 6838 | D7: 3283 | E7: 3541 | G7: 635 | H7: 1075 | I7: 1093 | J7: 1228 | K7: 1156 | L7: 1651 | N7: 208 | O7: 200 | P7: 1002 | Q7: 1000 | R7: 1004 | S7: 1006 | T7: 1006 | U7: 1007 | V7: 405 | X7: 2650 | Y7: 4188
B8: Weighted | C8: 6838 | D8: 3309 | E8: 3515 | G8: 645 | H8: 1026 | I8: 1111 | J8: 1184 | K8: 1140 | L8: 1732 | N8: 208 | O8: 200 | P8: 1002 | Q8: 1000 | R8: 1004 | S8: 1006 | T8: 1006 | U8: 1007 | V8: 405 | X8: 2436 | Y8: 4402
B9: Faster or more reliable Internet | C9: 0.41754734 | D9: 0.45490951 | E9: 0.38090206 | G9: 0.49973965 | H9: 0.470101 | I9: 0.45292336 | J9: 0.41771786 | K9: 0.39887158 | L9: 0.34533293 | N9: 0.33540298 | O9: 0.29451172 | P9: 0.41732256 | Q9: 0.5563292 | R9: 0.46624134 | S9: 0.35607935 | T9: 0.4271618 | U9: 0.37940753 | V9: 0.28129833 | X9: 0.43636312 | Y9: 0.40713531
B10: Building new roads | C10: 0.41677376 | D10: 0.44568137 | E10: 0.39033319 | G10: 0.42697416 | H10: 0.47716939 | I10: 0.42032453 | J10: 0.40362981 | K10: 0.39119952 | L10: 0.40076214 | N10: 0.32067539 | O10: 0.43374934 | P10: 0.24679414 | Q10: 0.26596056 | R10: 0.55402743 | S10: 0.28578639 | T10: 0.72934973 | U10: 0.46273914 | V10: 0.34506562 | X10: 0.40721728 | Y10: 0.422062
B11: Adding extra bus routes | C11: 0.36743628 | D11: 0.33133642 | E11: 0.40176298 | G11: 0.45501348 | H11: 0.37861407 | I11: 0.34531455 | J11: 0.34906493 | K11: 0.33863772 | L11: 0.37392749 | N11: 0.40048688 | O11: 0.4328034 | P11: 0.33243917 | Q11: 0.31794676 | R11: 0.40093839 | S11: 0.26777737 | T11: 0.38839055 | U11: 0.46152985 | V11: 0.40545408 | X11: 0.37577212 | Y11: 0.3628235
B12: Building new railways | C12: 0.31840822 | D12: 0.3492686 | E12: 0.28975803 | G12: 0.35827862 | H12: 0.33172265 | I12: 0.31216711 | J12: 0.28921977 | K12: 0.29536099 | L12: 0.33480805 | N12: 0.22133627 | O12: 0.29591166 | P12: 0.21167183 | Q12: 0.26955675 | R12: 0.38638673 | S12: 0.29517148 | T12: 0.34340757 | U12: 0.41933904 | V12: 0.34021227 | X12: 0.37519635 | Y12: 0.28698357
B13: Faster or more reliable mobile phone signal | C13: 0.25181697 | D13: 0.27850735 | E13: 0.22634663 | G13: 0.32876454 | H13: 0.31562614 | I13: 0.27420018 | J13: 0.24299159 | K13: 0.23095023 | L13: 0.19081507 | N13: 0.18511271 | O13: 0.18528437 | P13: 0.25755449 | Q13: 0.36518365 | R13: 0.1906771 | S13: 0.22941996 | T13: 0.22367368 | U13: 0.28643639 | V13: 0.21584555 | X13: 0.25912471 | Y13: 0.24777312
B14: Building new airports or runways | C14: 0.072848585 | D14: 0.089555268 | E14: 0.057412401 | G14: 0.092639953 | H14: 0.11494923 | I14: 0.093118911 | J14: 0.063064745 | K14: 0.060074761 | L14: 0.042651639 | N14: 0.027905662 | O14: 0.035144725 | P14: 0.058915085 | Q14: 0.035166007 | R14: 0.13156398 | S14: 0.082003822 | T14: 0.078715831 | U14: 0.074075027 | V14: 0.056144732 | X14: 0.096819803 | Y14: 0.059583715
B15: None of the above | C15: 0.14590969 | D15: 0.1288202 | E15: 0.16231986 | G15: 0.075991556 | H15: 0.098840051 | I15: 0.1458897 | J15: 0.16122169 | K15: 0.17918373 | L15: 0.16744178 | N15: 0.24440663 | O15: 0.17383866 | P15: 0.2265197 | Q15: 0.13964064 | R15: 0.088061 | S15: 0.23392055 | T15: 0.043223035 | U15: 0.10960438 | V15: 0.16770731 | X15: 0.11865608 | Y15: 0.16099092
B17: Fieldwork: 23rd Apr - 30th Apr 2022
B18: Data weighted by interlocking age & gender, region, and education level to Nationally Representative Proportions in selected EU member states
B20: =HYPERLINK("#'Contents'!A1", "Return to Contents") -> Return to Contents

Sheet Table 2
D2: Which, if any, of the following areas would you support your government spending more on research on?Please select all that apply.
D5: Gender | G5: Age | N5: Country | X5: Education
C6: Total | D6: Male | E6: Female | G6: 18-24 | H6: 25-34 | I6: 35-44 | J6: 45-54 | K6: 55-64 | L6: 65+ | N6: Denmark | O6: Finland | P6: France | Q6: Germany | R6: Italy | S6: Netherlands | T6: Poland | U6: Spain | V6: Sweden | X6: Graduate | Y6: Non-Graduate
B7: Unweighted | C7: 6838 | D7: 3283 | E7: 3541 | G7: 635 | H7: 1075 | I7: 1093 | J7: 1228 | K7: 1156 | L7: 1651 | N7: 208 | O7: 200 | P7: 1002 | Q7: 1000 | R7: 1004 | S7: 1006 | T7: 1006 | U7: 1007 | V7: 405 | X7: 2650 | Y7: 4188
B8: Weighted | C8: 6838 | D8: 3309 | E8: 3515 | G8: 645 | H8: 1026 | I8: 1111 | J8: 1184 | K8: 1140 | L8: 1732 | N8: 208 | O8: 200 | P8: 1002 | Q8: 1000 | R8: 1004 | S8: 1006 | T8: 1006 | U8: 1007 | V8: 405 | X8: 2436 | Y8: 4402
B9: Better monitoring of the spread of new diseases | C9: 0.62043958 | D9: 0.59954546 | E9: 0.64065116 | G9: 0.58306686 | H9: 0.54124075 | I9: 0.58200031 | J9: 0.61304229 | K9: 0.63735308 | L9: 0.69981137 | N9: 0.60325674 | O9: 0.57101629 | P9: 0.57094299 | Q9: 0.58746386 | R9: 0.66045097 | S9: 0.53865276 | T9: 0.59787957 | U9: 0.76222609 | V9: 0.66501358 | X9: 0.61938914 | Y9: 0.62102086
B10: Creating smarter, more resilient energy grids | C10: 0.61640025 | D10: 0.67552324 | E10: 0.56153682 | G10: 0.57845165 | H10: 0.64456999 | I10: 0.61802291 | J10: 0.61550886 | K10: 0.61721741 | L10: 0.61287702 | N10: 0.46664413 | O10: 0.59043274 | P10: 0.49433108 | Q10: 0.58116248 | R10: 0.75990563 | S10: 0.56663447 | T10: 0.66061748 | U10: 0.66185324 | V10: 0.64016596 | X10: 0.67365188 | Y10: 0.58471911
B11: Protecting endangered animals | C11: 0.53655022 | D11: 0.50736171 | E11: 0.56355484 | G11: 0.64115131 | H11: 0.59768821 | I11: 0.53936789 | J11: 0.53214001 | K11: 0.5299315 | L11: 0.46699336 | N11: 0.49464311 | O11: 0.33206159 | P11: 0.58128973 | Q11: 0.58915557 | R11: 0.46708446 | S11: 0.51535073 | T11: 0.59816967 | U11: 0.53114885 | V11: 0.50371161 | X11: 0.52411391 | Y11: 0.54343206
B12: New types of computing hardware (e.g. quantum computing) | C12: 0.20476363 | D12: 0.27583828 | E12: 0.13815931 | G12: 0.30195518 | H12: 0.27530296 | I12: 0.24591441 | J12: 0.18657401 | K12: 0.1634211 | L12: 0.14008192 | N12: 0.20929175 | O12: 0.22599283 | P12: 0.16288073 | Q12: 0.19797075 | R12: 0.15445738 | S12: 0.16431936 | T12: 0.32065848 | U12: 0.23002268 | V12: 0.18683811 | X12: 0.26915736 | Y12: 0.16913029
B13: None of the above | C13: 0.062174175 | D13: 0.054159817 | E13: 0.069653269 | G13: 0.033649284 | H13: 0.05787191 | I13: 0.069996089 | J13: 0.078109538 | K13: 0.066466146 | L13: 0.056604635 | N13: 0.11005897 | O13: 0.093183454 | P13: 0.087715233 | Q13: 0.071432691 | R13: 0.029948683 | S13: 0.096792669 | T13: 0.036784772 | U13: 0.037669512 | V13: 0.054108925 | X13: 0.039983389 | Y13: 0.074453813
B15: Fieldwork: 23rd Apr - 30th Apr 2022
B16: Data weighted by interlocking age & gender, region, and education level to Nationally Representative Proportions in selected EU member states
B18: =HYPERLINK("#'Contents'!A1", "Return to Contents") -> Return to Contents

Sheet Table 3
D2: Which, if any, of the following sectors do you think is most likely to be important to your country’s economy in the next decade?Please select up to three
D5: Gender | G5: Age | N5: Country | X5: Education
C6: Total | D6: Male | E6: Female | G6: 18-24 | H6: 25-34 | I6: 35-44 | J6: 45-54 | K6: 55-64 | L6: 65+ | N6: Denmark | O6: Finland | P6: France | Q6: Germany | R6: Italy | S6: Netherlands | T6: Poland | U6: Spain | V6: Sweden | X6: Graduate | Y6: Non-Graduate
B7: Unweighted | C7: 6838 | D7: 3283 | E7: 3541 | G7: 635 | H7: 1075 | I7: 1093 | J7: 1228 | K7: 1156 | L7: 1651 | N7: 208 | O7: 200 | P7: 1002 | Q7: 1000 | R7: 1004 | S7: 1006 | T7: 1006 | U7: 1007 | V7: 405 | X7: 2650 | Y7: 4188
B8: Weighted | C8: 6838 | D8: 3309 | E8: 3515 | G8: 645 | H8: 1026 | I8: 1111 | J8: 1184 | K8: 1140 | L8: 1732 | N8: 208 | O8: 200 | P8: 1002 | Q8: 1000 | R8: 1004 | S8: 1006 | T8: 1006 | U8: 1007 | V8: 405 | X8: 2436 | Y8: 4402
B9: Health | C9: 0.53886947 | D9: 0.49233764 | E9: 0.58259874 | G9: 0.51029321 | H9: 0.47346964 | I9: 0.51738519 | J9: 0.50875988 | K9: 0.54606865 | L9: 0.61783762 | N9: 0.60639672 | O9: 0.59356382 | P9: 0.61537303 | Q9: 0.48246384 | R9: 0.60885132 | S9: 0.50899631 | T9: 0.49830758 | U9: 0.53367842 | V9: 0.4415554 | X9: 0.52017084 | Y9: 0.54921667
B10: Digital technology | C10: 0.45304952 | D10: 0.51663065 | E10: 0.39335299 | G10: 0.50108751 | H10: 0.50810617 | I10: 0.44916855 | J10: 0.45338526 | K10: 0.43318386 | L10: 0.41791563 | N10: 0.42845891 | O10: 0.42249805 | P10: 0.31939247 | Q10: 0.55863916 | R10: 0.5031508 | S10: 0.42586223 | T10: 0.48950934 | U10: 0.47310927 | V10: 0.35361713 | X10: 0.53254375 | Y10: 0.40906008
B11: Agriculture, forestry & fishing | C11: 0.38714021 | D11: 0.36331845 | E11: 0.41018655 | G11: 0.28457915 | H11: 0.3311726 | I11: 0.35138136 | J11: 0.37256499 | K11: 0.41889451 | L11: 0.47043623 | N11: 0.34273928 | O11: 0.47759031 | P11: 0.42348924 | Q11: 0.36117384 | R11: 0.45766432 | S11: 0.33114293 | T11: 0.29203521 | U11: 0.42452142 | V11: 0.44701632 | X11: 0.34422025 | Y11: 0.41089068
B12: Manufacturing | C12: 0.24724338 | D12: 0.26745517 | E12: 0.22866297 | G12: 0.15591975 | H12: 0.20232712 | I12: 0.25024124 | J12: 0.24760418 | K12: 0.27057078 | L12: 0.29029484 | N12: 0.35766937 | O12: 0.18724486 | P12: 0.21496588 | Q12: 0.1526835 | R12: 0.27198013 | S12: 0.16963966 | T12: 0.40817725 | U12: 0.21381801 | V12: 0.3482966 | X12: 0.23590573 | Y12: 0.25351726
B13: Construction | C13: 0.23224382 | D13: 0.24147844 | E13: 0.22361262 | G13: 0.19295196 | H13: 0.20696839 | I13: 0.22033821 | J13: 0.22186263 | K13: 0.23301652 | L13: 0.27605109 | N13: 0.18875657 | O13: 0.15715426 | P13: 0.15668659 | Q13: 0.18371315 | R13: 0.16898927 | S13: 0.37542164 | T13: 0.33197825 | U13: 0.18603799 | V13: 0.26673614 | X13: 0.22588413 | Y13: 0.23576306
B14: Telecommunications | C14: 0.19263867 | D14: 0.21102619 | E14: 0.17555981 | G14: 0.18559243 | H14: 0.19427282 | I14: 0.202008 | J14: 0.19636906 | K14: 0.18688558 | L14: 0.18952117 | N14: 0.081015071 | O14: 0.40644677 | P14: 0.10652431 | Q14: 0.20942705 | R14: 0.23467234 | S14: 0.10627055 | T14: 0.17623916 | U14: 0.31480838 | V14: 0.16328517 | X14: 0.22687359 | Y14: 0.17369421
B15: Financial services | C15: 0.13450844 | D15: 0.13800476 | E15: 0.13175522 | G15: 0.20807957 | H15: 0.18118633 | I15: 0.14873545 | J15: 0.10914362 | K15: 0.10772186 | L15: 0.10533508 | N15: 0.12023466 | O15: 0.065522331 | P15: 0.10735727 | Q15: 0.090429494 | R15: 0.14035931 | S15: 0.17589414 | T15: 0.14656921 | U15: 0.14483882 | V15: 0.1789688 | X15: 0.16008316 | Y15: 0.12035624
B16: Retail | C16: 0.12796966 | D16: 0.10733286 | E16: 0.14765288 | G16: 0.13088542 | H16: 0.147378 | I16: 0.12550706 | J16: 0.13341525 | K16: 0.10276222 | L16: 0.12984553 | N16: 0.19338538 | O16: 0.19869339 | P16: 0.14651074 | Q16: 0.1480714 | R16: 0.11971723 | S16: 0.14121377 | T16: 0.13826725 | U16: 0.054555067 | V16: 0.10846306 | X16: 0.10487733 | Y16: 0.14074818
B17: Automotive | C17: 0.092230369 | D17: 0.11641868 | E17: 0.069490251 | G17: 0.14961397 | H17: 0.12149214 | I17: 0.090172071 | J17: 0.096864615 | K17: 0.06527377 | L17: 0.069449565 | N17: 0.042832092 | O17: 0.0084205134 | P17: 0.11170709 | Q17: 0.18899848 | R17: 0.070508797 | S17: 0.028245799 | T17: 0.067428398 | U17: 0.10628349 | V17: 0.11131493 | X17: 0.094728475 | Y17: 0.090848
B18: Media & Entertainment | C18: 0.07333832 | D18: 0.072761469 | E18: 0.073526967 | G18: 0.22695382 | H18: 0.11808033 | I18: 0.071020835 | J18: 0.052214502 | K18: 0.036618255 | L18: 0.029775576 | N18: 0.036989001 | O18: 0.036733271 | P18: 0.040921585 | Q18: 0.078452745 | R18: 0.081600109 | S18: 0.059171919 | T18: 0.064336983 | U18: 0.12375682 | V18: 0.089361268 | X18: 0.075296178 | Y18: 0.072254908
... B20: Don't Know | C20: 0.059469443 | D20: 0.042889787 | E20: 0.075039593 | G20: 0.04624626 | H20: 0.052212256 | I20: 0.061692238 | J20: 0.072637041 | K20: 0.079113374 | L20: 0.045332652 | N20: 0.064325569 | O20: 0.059678294 | P20: 0.073581913 | Q20: 0.07271286 | R20: 0.034264403 | S20: 0.087130395 | T20: 0.038550558 | U20: 0.049003126 | V20: 0.061017501 | X20: 0.038109425 | Y20: 0.071289361
B22: Fieldwork: 23rd Apr - 30th Apr 2022
B23: Data weighted by interlocking age & gender, region, and education level to Nationally Representative Proportions in selected EU member states
B25: =HYPERLINK("#'Contents'!A1", "Return to Contents") -> Return to Contents

Sheet Table 4
D2: And which would you say have done the best job of innovating in the last decade?Please select up to three
D5: Gender | G5: Age | N5: Country | X5: Education
C6: Total | D6: Male | E6: Female | G6: 18-24 | H6: 25-34 | I6: 35-44 | J6: 45-54 | K6: 55-64 | L6: 65+ | N6: Denmark | O6: Finland | P6: France | Q6: Germany | R6: Italy | S6: Netherlands | T6: Poland | U6: Spain | V6: Sweden | X6: Graduate | Y6: Non-Graduate
B7: Unweighted | C7: 6838 | D7: 3283 | E7: 3541 | G7: 635 | H7: 1075 | I7: 1093 | J7: 1228 | K7: 1156 | L7: 1651 | N7: 208 | O7: 200 | P7: 1002 | Q7: 1000 | R7: 1004 | S7: 1006 | T7: 1006 | U7: 1007 | V7: 405 | X7: 2650 | Y7: 4188
B8: Weighted | C8: 6838 | D8: 3309 | E8: 3515 | G8: 645 | H8: 1026 | I8: 1111 | J8: 1184 | K8: 1140 | L8: 1732 | N8: 208 | O8: 200 | P8: 1002 | Q8: 1000 | R8: 1004 | S8: 1006 | T8: 1006 | U8: 1007 | V8: 405 | X8: 2436 | Y8: 4402
B9: Digital technology | C9: 0.50275718 | D9: 0.5371613 | E9: 0.47039653 | G9: 0.51138574 | H9: 0.51202804 | I9: 0.51278324 | J9: 0.50825157 | K9: 0.48866279 | L9: 0.49314925 | N9: 0.46429519 | O9: 0.62195173 | P9: 0.53558824 | Q9: 0.39496087 | R9: 0.51841809 | S9: 0.47189817 | T9: 0.45384229 | U9: 0.6374091 | V9: 0.47311588 | X9: 0.56318842 | Y9: 0.46931655
B10: Telecommunications | C10: 0.35850549 | D10: 0.38615686 | E10: 0.33287704 | G10: 0.29820388 | H10: 0.30461276 | I10: 0.35645475 | J10: 0.38356651 | K10: 0.37430832 | L10: 0.38663851 | N10: 0.20860644 | O10: 0.46435107 | P10: 0.30896849 | Q10: 0.25297726 | R10: 0.46946165 | S10: 0.30678418 | T10: 0.32487258 | U10: 0.5446377 | V10: 0.24049412 | X10: 0.3876985 | Y10: 0.34235105
B11: Automotive | C11: 0.21939896 | D11: 0.22437513 | E11: 0.21447871 | G11: 0.22208559 | H11: 0.21278175 | I11: 0.19587935 | J11: 0.22252907 | K11: 0.21967073 | L11: 0.23508528 | N11: 0.11713291 | O11: 0.094912485 | P11: 0.30498782 | Q11: 0.30276129 | R11: 0.23853699 | S11: 0.1277774 | T11: 0.16863975 | U11: 0.23696049 | V11: 0.17836751 | X11: 0.21506374 | Y11: 0.22179792
B12: Media & Entertainment | C12: 0.20353429 | D12: 0.1986051 | E12: 0.20816599 | G12: 0.3217875 | H12: 0.23762836 | I12: 0.20786487 | J12: 0.19519157 | K12: 0.18082672 | L12: 0.15721325 | N12: 0.13961837 | O12: 0.13938691 | P12: 0.14124099 | Q12: 0.16821705 | R12: 0.25836008 | S12: 0.14786801 | T12: 0.24551127 | U12: 0.2977411 | V12: 0.17321128 | X12: 0.21465189 | Y12: 0.19738218
B13: Health | C13: 0.17148438 | D13: 0.17949835 | E13: 0.16371091 | G13: 0.23935469 | H13: 0.18989724 | I13: 0.16296231 | J13: 0.15701466 | K13: 0.15737134 | L13: 0.15997038 | N13: 0.19744533 | O13: 0.19549765 | P13: 0.21190487 | Q13: 0.19859188 | R13: 0.14834432 | S13: 0.1808535 | T13: 0.092675225 | U13: 0.1891878 | V13: 0.16518956 | X13: 0.18552483 | Y13: 0.16371487
B14: Financial services | C14: 0.13604647 | D14: 0.15762758 | E14: 0.11627438 | G14: 0.1343729 | H14: 0.15986574 | I14: 0.14498997 | J14: 0.12700035 | K14: 0.13275952 | L14: 0.12517699 | N14: 0.12410464 | O14: 0.052732347 | P14: 0.095776687 | Q14: 0.096213162 | R14: 0.097799794 | S14: 0.15022235 | T14: 0.24998452 | U14: 0.15086747 | V14: 0.12104067 | X14: 0.16754615 | Y14: 0.1186156
B15: Construction | C15: 0.115899 | D15: 0.11869857 | E15: 0.11340269 | G15: 0.14879656 | H15: 0.15277667 | I15: 0.11281679 | J15: 0.10727926 | K15: 0.10133623 | L15: 0.099278135 | N15: 0.12657644 | O15: 0.056179998 | P15: 0.11914555 | Q15: 0.10423414 | R15: 0.11057624 | S15: 0.093927308 | T15: 0.20566156 | U15: 0.086923485 | V15: 0.077527363 | X15: 0.11951812 | Y15: 0.1138963
B16: Manufacturing | C16: 0.1115238 | D16: 0.12891543 | E16: 0.095283144 | G16: 0.11198226 | H16: 0.1186376 | I16: 0.11997769 | J16: 0.093702377 | K16: 0.093924888 | L16: 0.12548133 | N16: 0.10645983 | O16: 0.12869539 | P16: 0.074157977 | Q16: 0.13828769 | R16: 0.061202255 | S16: 0.10892996 | T16: 0.19619676 | U16: 0.069846514 | V16: 0.1565013 | X16: 0.12860157 | Y16: 0.10207353
B17: Retail | C17: 0.085633255 | D17: 0.086038956 | E17: 0.085593981 | G17: 0.10420478 | H17: 0.10372448 | I17: 0.082909859 | J17: 0.076973908 | K17: 0.07082614 | L17: 0.085422801 | N17: 0.10607449 | O17: 0.15150633 | P17: 0.046831765 | Q17: 0.096728923 | R17: 0.062750889 | S17: 0.080848207 | T17: 0.1743912 | U17: 0.044606198 | V17: 0.061357797 | X17: 0.080907256 | Y17: 0.088248465
B18: Agriculture, forestry & fishing | C18: 0.083568025 | D18: 0.092015439 | E18: 0.075950015 | G18: 0.10448989 | H18: 0.092365008 | I18: 0.07426141 | J18: 0.07610183 | K18: 0.062779729 | L18: 0.095329369 | N18: 0.091533806 | O18: 0.088823847 | P18: 0.072396807 | Q18: 0.085334911 | R18: 0.067660745 | S18: 0.13162761 | T18: 0.065514236 | U18: 0.074890517 | V18: 0.086634593 | X18: 0.076443768 | Y18: 0.087510351
... B20: Don't Know | C20: 0.17169677 | D20: 0.12737381 | E20: 0.21327344 | G20: 0.10669946 | H20: 0.12582301 | I20: 0.15719054 | J20: 0.1822231 | K20: 0.21322255 | L20: 0.19782071 | N20: 0.26852214 | O20: 0.13983694 | P20: 0.17365033 | Q20: 0.20449544 | R20: 0.15895751 | S20: 0.23086663 | T20: 0.13692124 | U20: 0.10126025 | V20: 0.19800599 | X20: 0.1125993 | Y20: 0.20439933
B22: Fieldwork: 23rd Apr - 30th Apr 2022
B23: Data weighted by interlocking age & gender, region, and education level to Nationally Representative Proportions in selected EU member states
B25: =HYPERLINK("#'Contents'!A1", "Return to Contents") -> Return to Contents

Sheet Table 5
D2: Grid Summary: Overall, how well do you think your country does in the following sectors?
C6: Financial services | D6: Automotive | E6: Digital technology
B7: Very well | C7: 0.080452851 | D7: 0.10476276 | E7: 0.12619798
B8: Somewhat well | C8: 0.35291307 | D8: 0.3840966 | E8: 0.47018459
B9: Neither well or badly | C9: 0.31907578 | D9: 0.30973229 | E9: 0.2424343
B10: Somewhat badly | C10: 0.1354823 | D10: 0.11437609 | E10: 0.094381718
B11: Very badly | C11: 0.057158772 | D11: 0.036254819 | E11: 0.030624804
B12: Don't know | C12: 0.05491723 | D12: 0.050777442 | E12: 0.036176605
B14: Fieldwork: 23rd Apr - 30th Apr 2022
B15: Data weighted by interlocking age & gender, region, and education level to Nationally Representative Proportions in selected EU member states
B19: =HYPERLINK("#'Contents'!A1", "Return to Contents") -> Return to Contents

Sheet Table 6
D2: Overall, how well do you think your country does in the following sectors?: Financial services
D5: Gender | G5: Age | N5: Country | X5: Education
C6: Total | D6: Male | E6: Female | G6: 18-24 | H6: 25-34 | I6: 35-44 | J6: 45-54 | K6: 55-64 | L6: 65+ | N6: Denmark | O6: Finland | P6: France | Q6: Germany | R6: Italy | S6: Netherlands | T6: Poland | U6: Spain | V6: Sweden | X6: Graduate | Y6: Non-Graduate
B7: Unweighted | C7: 6838 | D7: 3283 | E7: 3541 | G7: 635 | H7: 1075 | I7: 1093 | J7: 1228 | K7: 1156 | L7: 1651 | N7: 208 | O7: 200 | P7: 1002 | Q7: 1000 | R7: 1004 | S7: 1006 | T7: 1006 | U7: 1007 | V7: 405 | X7: 2650 | Y7: 4188
B8: Weighted | C8: 6838 | D8: 3309 | E8: 3515 | G8: 645 | H8: 1026 | I8: 1111 | J8: 1184 | K8: 1140 | L8: 1732 | N8: 208 | O8: 200 | P8: 1002 | Q8: 1000 | R8: 1004 | S8: 1006 | T8: 1006 | U8: 1007 | V8: 405 | X8: 2436 | Y8: 4402
B9: Very well | C9: 0.080452851 | D9: 0.095443778 | E9: 0.066662308 | G9: 0.092997797 | H9: 0.09695649 | I9: 0.096045911 | J9: 0.078165204 | K9: 0.076480298 | L9: 0.060190246 | N9: 0.218823 | O9: 0.038143703 | P9: 0.09784985 | Q9: 0.055045891 | R9: 0.021351507 | S9: 0.095699215 | T9: 0.12165998 | U9: 0.063944661 | V9: 0.097305419 | X9: 0.11012831 | Y9: 0.064031445
B10: Somewhat well | C10: 0.35291307 | D10: 0.37877146 | E10: 0.32972578 | G10: 0.38934092 | H10: 0.35627314 | I10: 0.34895437 | J10: 0.34594715 | K10: 0.33174818 | L10: 0.35859806 | N10: 0.45665994 | O10: 0.46425226 | P10: 0.32738605 | Q10: 0.34311864 | R10: 0.16910172 | S10: 0.48757186 | T10: 0.40114357 | U10: 0.30771452 | V10: 0.44575312 | X10: 0.40543466 | Y10: 0.32384937
B11: Neither well or badly | C11: 0.31907578 | D11: 0.30864873 | E11: 0.32788728 | G11: 0.30308139 | H11: 0.31225474 | I11: 0.28518976 | J11: 0.31449951 | K11: 0.33039982 | L11: 0.34647576 | N11: 0.23737984 | O11: 0.28340388 | P11: 0.30344838 | Q11: 0.37408823 | R11: 0.38389923 | S11: 0.24077638 | T11: 0.32966793 | U11: 0.31487928 | V11: 0.29939667 | X11: 0.2873844 | Y11: 0.33661273
B12: Somewhat badly | C12: 0.1354823 | D12: 0.1312803 | E12: 0.13913057 | G12: 0.13430094 | H12: 0.14384653 | I12: 0.1400015 | J12: 0.13351895 | K12: 0.1420403 | L12: 0.12509663 | N12: 0.033455394 | O12: 0.064669693 | P12: 0.16596932 | Q12: 0.12192042 | R12: 0.25872551 | S12: 0.07223651 | T12: 0.080091164 | U12: 0.17903313 | V12: 0.061790625 | X12: 0.11322373 | Y12: 0.14779944
B13: Very badly | C13: 0.057158772 | D13: 0.052761374 | E13: 0.061188923 | G13: 0.025975932 | H13: 0.046874035 | I13: 0.068167166 | J13: 0.066482884 | K13: 0.063755246 | L13: 0.057076858 | N13: 0.0044363436 | O13: 0.028644514 | P13: 0.045705784 | Q13: 0.049669957 | R13: 0.10818634 | S13: 0.026904051 | T13: 0.044498502 | U13: 0.099298427 | V13: 0.020467401 | X13: 0.04296217 | Y13: 0.065014696
B14: Don't know | C14: 0.05491723 | D14: 0.033094353 | E14: 0.075405136 | G14: 0.054303027 | H14: 0.043795064 | I14: 0.061641298 | J14: 0.061386296 | K14: 0.055576156 | L14: 0.052562439 | N14: 0.049245484 | O14: 0.12088595 | P14: 0.059640615 | Q14: 0.056156865 | R14: 0.058735693 | S14: 0.076811981 | T14: 0.02293885 | U14: 0.035129981 | V14: 0.075286769 | X14: 0.040866726 | Y14: 0.062692308
B16: Fieldwork: 23rd Apr - 30th Apr 2022
B17: Data weighted by interlocking age & gender, region, and education level to Nationally Representative Proportions in selected EU member states
B19: =HYPERLINK("#'Contents'!A1", "Return to Contents") -> Return to Contents

Sheet Table 7
D2: Overall, how well do you think your country does in the following sectors?: Automotive
D5: Gender | G5: Age | N5: Country | X5: Education
C6: Total | D6: Male | E6: Female | G6: 18-24 | H6: 25-34 | I6: 35-44 | J6: 45-54 | K6: 55-64 | L6: 65+ | N6: Denmark | O6: Finland | P6: France | Q6: Germany | R6: Italy | S6: Netherlands | T6: Poland | U6: Spain | V6: Sweden | X6: Graduate | Y6: Non-Graduate
B7: Unweighted | C7: 6838 | D7: 3283 | E7: 3541 | G7: 635 | H7: 1075 | I7: 1093 | J7: 1228 | K7: 1156 | L7: 1651 | N7: 208 | O7: 200 | P7: 1002 | Q7: 1000 | R7: 1004 | S7: 1006 | T7: 1006 | U7: 1007 | V7: 405 | X7: 2650 | Y7: 4188
B8: Weighted | C8: 6838 | D8: 3309 | E8: 3515 | G8: 645 | H8: 1026 | I8: 1111 | J8: 1184 | K8: 1140 | L8: 1732 | N8: 208 | O8: 200 | P8: 1002 | Q8: 1000 | R8: 1004 | S8: 1006 | T8: 1006 | U8: 1007 | V8: 405 | X8: 2436 | Y8: 4402
B9: Very well | C9: 0.10476276 | D9: 0.11943061 | E9: 0.090560227 | G9: 0.14343242 | H9: 0.15239048 | I9: 0.11814855 | J9: 0.091646017 | K9: 0.082022391 | L9: 0.077522189 | N9: 0.086173822 | O9: 0.020656762 | P9: 0.090867024 | Q9: 0.24115889 | R9: 0.065861279 | S9: 0.059312464 | T9: 0.08962395 | U9: 0.084430395 | V9: 0.1509344 | X9: 0.10977117 | Y9: 0.10199127
B10: Somewhat well | C10: 0.3840966 | D10: 0.38592272 | E10: 0.38335792 | G10: 0.44328708 | H10: 0.4067562 | I10: 0.39153343 | J10: 0.38427774 | K10: 0.36217226 | L10: 0.35819178 | N10: 0.27722939 | O10: 0.19683884 | P10: 0.39939867 | Q10: 0.42194846 | R10: 0.38113741 | S10: 0.33653508 | T10: 0.41709242 | U10: 0.38561908 | V10: 0.43986542 | X10: 0.37840879 | Y10: 0.38724404
B11: Neither well or badly | C11: 0.30973229 | D11: 0.29920574 | E11: 0.31972687 | G11: 0.26681431 | H11: 0.29087858 | I11: 0.26800619 | J11: 0.29346795 | K11: 0.34373293 | L11: 0.35236484 | N11: 0.33831485 | O11: 0.47581389 | P11: 0.29057004 | Q11: 0.20284306 | R11: 0.32386818 | S11: 0.36962812 | T11: 0.31986699 | U11: 0.33325831 | V11: 0.25687908 | X11: 0.30612543 | Y11: 0.3117282
B12: Somewhat badly | C12: 0.11437609 | D12: 0.12357818 | E12: 0.10586132 | G12: 0.086486548 | H12: 0.074429634 | I12: 0.11479076 | J12: 0.13059828 | K12: 0.13595964 | L12: 0.12284468 | N12: 0.13726306 | O12: 0.21442672 | P12: 0.14896023 | Q12: 0.074739928 | R12: 0.127875 | S12: 0.12212167 | T12: 0.082714053 | U12: 0.11924107 | V12: 0.079364399 | X12: 0.13073721 | Y12: 0.10532239
B13: Very badly | C13: 0.036254819 | D13: 0.043821946 | E13: 0.028423151 | G13: 0.014586722 | H13: 0.032471677 | I13: 0.049993625 | J13: 0.035038319 | K13: 0.033204184 | L13: 0.040584582 | N13: 0.061708954 | O13: 0.031767228 | P13: 0.026634401 | Q13: 0.025098596 | R13: 0.049780692 | S13: 0.024718394 | T13: 0.05564374 | U13: 0.037894963 | V13: 0.019631935 | X13: 0.033824532 | Y13: 0.037599659
B14: Don't know | C14: 0.050777442 | D14: 0.028040797 | E14: 0.072070502 | G14: 0.045392919 | H14: 0.04307343 | I14: 0.057527443 | J14: 0.064971695 | K14: 0.042908591 | L14: 0.048491929 | N14: 0.099309917 | O14: 0.060496556 | P14: 0.043569632 | Q14: 0.034211061 | R14: 0.051477442 | S14: 0.087684266 | T14: 0.03505885 | U14: 0.039556189 | V14: 0.053324767 | X14: 0.041132863 | Y14: 0.056114429
B16: Fieldwork: 23rd Apr - 30th Apr 2022
B17: Data weighted by interlocking age & gender, region, and education level to Nationally Representative Proportions in selected EU member states
B19: =HYPERLINK("#'Contents'!A1", "Return to Contents") -> Return to Contents

Sheet Table 8
D2: Overall, how well do you think your country does in the following sectors?: Digital technology
D5: Gender | G5: Age | N5: Country | X5: Education
C6: Total | D6: Male | E6: Female | G6: 18-24 | H6: 25-34 | I6: 35-44 | J6: 45-54 | K6: 55-64 | L6: 65+ | N6: Denmark | O6: Finland | P6: France | Q6: Germany | R6: Italy | S6: Netherlands | T6: Poland | U6: Spain | V6: Sweden | X6: Graduate | Y6: Non-Graduate
B7: Unweighted | C7: 6838 | D7: 3283 | E7: 3541 | G7: 635 | H7: 1075 | I7: 1093 | J7: 1228 | K7: 1156 | L7: 1651 | N7: 208 | O7: 200 | P7: 1002 | Q7: 1000 | R7: 1004 | S7: 1006 | T7: 1006 | U7: 1007 | V7: 405 | X7: 2650 | Y7: 4188
B8: Weighted | C8: 6838 | D8: 3309 | E8: 3515 | G8: 645 | H8: 1026 | I8: 1111 | J8: 1184 | K8: 1140 | L8: 1732 | N8: 208 | O8: 200 | P8: 1002 | Q8: 1000 | R8: 1004 | S8: 1006 | T8: 1006 | U8: 1007 | V8: 405 | X8: 2436 | Y8: 4402
B9: Very well | C9: 0.12619798 | D9: 0.13699299 | E9: 0.11654052 | G9: 0.15341649 | H9: 0.14248153 | I9: 0.15840476 | J9: 0.1242565 | K9: 0.10720702 | L9: 0.099596897 | N9: 0.2611333 | O9: 0.16228896 | P9: 0.11685001 | Q9: 0.054627045 | R9: 0.039535078 | S9: 0.17027133 | T9: 0.15883365 | U9: 0.13183226 | V9: 0.24920894 | X9: 0.14869478 | Y9: 0.11374901
B10: Somewhat well | C10: 0.47018459 | D10: 0.4723639 | E10: 0.46828624 | G10: 0.50173545 | H10: 0.49143739 | I10: 0.46462955 | J10: 0.47282008 | K10: 0.43689272 | L10: 0.46953738 | N10: 0.53133105 | O10: 0.70628839 | P10: 0.52107358 | Q10: 0.24929449 | R10: 0.40695486 | S10: 0.54965689 | T10: 0.52776226 | U10: 0.48401797 | V10: 0.52361735 | X10: 0.49687008 | Y10: 0.45541773
B11: Neither well or badly | C11: 0.2424343 | D11: 0.23757981 | E11: 0.24688879 | G11: 0.21777686 | H11: 0.22646519 | I11: 0.2235261 | J11: 0.22668575 | K11: 0.27497655 | L11: 0.2625345 | N11: 0.1512788 | O11: 0.069841131 | P11: 0.22982026 | Q11: 0.29270707 | R11: 0.3341518 | S11: 0.17699426 | T11: 0.25463121 | U11: 0.25973386 | V11: 0.14342947 | X11: 0.21185614 | Y11: 0.25935523
B12: Somewhat badly | C12: 0.094381718 | D12: 0.095880112 | E12: 0.092161138 | G12: 0.08088887 | H12: 0.084056434 | I12: 0.085664657 | J12: 0.087076294 | K12: 0.11330859 | L12: 0.10364115 | N12: 0.020853083 | O12: 0.0068123198 | P12: 0.067878725 | Q12: 0.27433206 | R12: 0.14200818 | S12: 0.036260996 | T12: 0.022729243 | U12: 0.080031382 | V12: 0.036601862 | X12: 0.088065387 | Y12: 0.097876964
B13: Very badly | C13: 0.030624804 | D13: 0.036596209 | E13: 0.025125862 | G13: 0.020395355 | H13: 0.028389952 | I13: 0.031836409 | J13: 0.037193007 | K13: 0.02803542 | L13: 0.032193479 | N13: 0 | O13: 0.018046546 | P13: 0.021846655 | Q13: 0.091229264 | R13: 0.042102805 | S13: 0.0069802263 | T13: 0.013163154 | U13: 0.026944405 | V13: 0.0074444853 | X13: 0.027265568 | Y13: 0.032483693
B14: Don't know | C14: 0.036176605 | D14: 0.02058697 | E14: 0.050997453 | G14: 0.025786971 | H14: 0.027169506 | I14: 0.035938517 | J14: 0.051968376 | K14: 0.0395797 | L14: 0.032496588 | N14: 0.035403761 | O14: 0.036722652 | P14: 0.042530774 | Q14: 0.03781008 | R14: 0.035247281 | S14: 0.059836284 | T14: 0.022880484 | U14: 0.017440126 | V14: 0.039697896 | X14: 0.027248052 | Y14: 0.041117366
B16: Fieldwork: 23rd Apr - 30th Apr 2022
B17: Data weighted by interlocking age & gender, region, and education level to Nationally Representative Proportions in selected EU member states
B19: =HYPERLINK("#'Contents'!A1", "Return to Contents") -> Return to Contents

Sheet Table 9
D2: How confident or unconfident are you in your Government’s ability to grow its digital technology sector in the next five years?
D5: Gender | G5: Age | N5: Country | X5: Education
C6: Total | D6: Male | E6: Female | G6: 18-24 | H6: 25-34 | I6: 35-44 | J6: 45-54 | K6: 55-64 | L6: 65+ | N6: Denmark | O6: Finland | P6: France | Q6: Germany | R6: Italy | S6: Netherlands | T6: Poland | U6: Spain | V6: Sweden | X6: Graduate | Y6: Non-Graduate
B7: Unweighted | C7: 6838 | D7: 3283 | E7: 3541 | G7: 635 | H7: 1075 | I7: 1093 | J7: 1228 | K7: 1156 | L7: 1651 | N7: 208 | O7: 200 | P7: 1002 | Q7: 1000 | R7: 1004 | S7: 1006 | T7: 1006 | U7: 1007 | V7: 405 | X7: 2650 | Y7: 4188
B8: Weighted | C8: 6838 | D8: 3309 | E8: 3515 | G8: 645 | H8: 1026 | I8: 1111 | J8: 1184 | K8: 1140 | L8: 1732 | N8: 208 | O8: 200 | P8: 1002 | Q8: 1000 | R8: 1004 | S8: 1006 | T8: 1006 | U8: 1007 | V8: 405 | X8: 2436 | Y8: 4402
B9: Very confident | C9: 0.0715695 | D9: 0.084984576 | E9: 0.058951009 | G9: 0.11217067 | H9: 0.091812972 | I9: 0.083454836 | J9: 0.064380204 | K9: 0.059107858 | L9: 0.049967486 | N9: 0.10775289 | O9: 0.060167726 | P9: 0.096737031 | Q9: 0.05646707 | R9: 0.037974694 | S9: 0.096470208 | T9: 0.055636366 | U9: 0.076772979 | V9: 0.081709433 | X9: 0.094801051 | Y9: 0.058713936
B10: Somewhat confident | C10: 0.38444756 | D10: 0.39416037 | E10: 0.37540935 | G10: 0.41806318 | H10: 0.40395958 | I10: 0.3777465 | J10: 0.37062912 | K10: 0.35455432 | L10: 0.39380433 | N10: 0.38752121 | O10: 0.60930738 | P10: 0.43083652 | Q10: 0.39743125 | R10: 0.4196115 | S10: 0.40863901 | T10: 0.23995387 | U10: 0.36021071 | V10: 0.39691483 | X10: 0.41512528 | Y10: 0.36747153
B11: Neither confident nor unconfident | C11: 0.26606446 | D11: 0.24913497 | E11: 0.28249833 | G11: 0.2492776 | H11: 0.27296607 | I11: 0.27183899 | J11: 0.26215779 | K11: 0.29331391 | L11: 0.24925541 | N11: 0.20706499 | O11: 0.11809207 | P11: 0.24914634 | Q11: 0.26625645 | R11: 0.25672481 | S11: 0.24488223 | T11: 0.39341782 | U11: 0.21493911 | V11: 0.29736926 | X11: 0.24163584 | Y11: 0.27958245
B12: Somewhat unconfident | C12: 0.15042832 | D12: 0.15310907 | E12: 0.14709661 | G12: 0.14530899 | H12: 0.13691108 | I12: 0.13823092 | J12: 0.15107596 | K12: 0.15422348 | L12: 0.16521893 | N12: 0.14901572 | O12: 0.084165017 | P12: 0.11041151 | Q12: 0.17144403 | R12: 0.16111966 | S12: 0.13817134 | T12: 0.15866235 | U12: 0.18598765 | V12: 0.12606382 | X12: 0.14171245 | Y12: 0.1552514
B13: Very unconfident | C13: 0.088233378 | D13: 0.0943595 | E13: 0.082819301 | G13: 0.047050563 | H13: 0.064801956 | I13: 0.097165405 | J13: 0.092678307 | K13: 0.088079607 | L13: 0.10876478 | N13: 0.099289024 | O13: 0.088633968 | P13: 0.060998129 | Q13: 0.070517451 | R13: 0.086389302 | S13: 0.064110552 | T13: 0.1205092 | U13: 0.14302475 | V13: 0.041568156 | X13: 0.080112073 | Y13: 0.092727436
B14: Don't Know | C14: 0.039256778 | D14: 0.024251523 | E14: 0.053225406 | G14: 0.028128994 | H14: 0.02954835 | I14: 0.031563348 | J14: 0.05907863 | K14: 0.050720831 | L14: 0.032989059 | N14: 0.049356164 | O14: 0.03963384 | P14: 0.051870467 | Q14: 0.037883753 | R14: 0.038180045 | S14: 0.047726659 | T14: 0.031820395 | U14: 0.019064811 | V14: 0.056374503 | X14: 0.026613308 | Y14: 0.046253252
B15: Total Confident: | C15: 0.45601706 | D15: 0.47914494 | E15: 0.43436035 | G15: 0.53023385 | H15: 0.49577255 | I15: 0.46120134 | J15: 0.43500932 | K15: 0.41366218 | L15: 0.44377181 | N15: 0.4952741 | O15: 0.6694751 | P15: 0.52757355 | Q15: 0.45389832 | R15: 0.45758619 | S15: 0.50510922 | T15: 0.29559024 | U15: 0.43698369 | V15: 0.47862426 | X15: 0.50992634 | Y15: 0.42618547
B16: Total Unconfident: | C16: 0.2386617 | D16: 0.24746857 | E16: 0.22991591 | G16: 0.19235956 | H16: 0.20171303 | I16: 0.23539633 | J16: 0.24375426 | K16: 0.24230308 | L16: 0.27398371 | N16: 0.24830474 | O16: 0.17279899 | P16: 0.17140964 | Q16: 0.24196148 | R16: 0.24750896 | S16: 0.2022819 | T16: 0.27917155 | U16: 0.32901239 | V16: 0.16763197 | X16: 0.22182452 | Y16: 0.24797884
B17: Net: | C17: 0.21735536 | D17: 0.23167638 | E17: 0.20444445 | G17: 0.33787429 | H17: 0.29405952 | I17: 0.22580501 | J17: 0.19125506 | K17: 0.17135909 | L17: 0.1697881 | N17: 0.24696936 | O17: 0.49667612 | P17: 0.35616391 | Q17: 0.21193684 | R17: 0.21007723 | S17: 0.30282733 | T17: 0.016418686 | U17: 0.1079713 | V17: 0.31099229 | X17: 0.28810182 | Y17: 0.17820663
B19: Fieldwork: 23rd Apr - 30th Apr 2022
B20: Data weighted by interlocking age & gender, region, and education level to Nationally Representative Proportions in selected EU member states
B22: =HYPERLINK("#'Contents'!A1", "Return to Contents") -> Return to Contents

Sheet Table 10
D2: Which of the following is closest to your view?
D5: Gender | G5: Age | N5: Country | X5: Education
C6: Total | D6: Male | E6: Female | G6: 18-24 | H6: 25-34 | I6: 35-44 | J6: 45-54 | K6: 55-64 | L6: 65+ | N6: Denmark | O6: Finland | P6: France | Q6: Germany | R6: Italy | S6: Netherlands | T6: Poland | U6: Spain | V6: Sweden | X6: Graduate | Y6: Non-Graduate
B7: Unweighted | C7: 6837 | D7: 3282 | E7: 3541 | G7: 635 | H7: 1075 | I7: 1092 | J7: 1228 | K7: 1156 | L7: 1651 | N7: 208 | O7: 200 | P7: 1002 | Q7: 1000 | R7: 1004 | S7: 1006 | T7: 1005 | U7: 1007 | V7: 405 | X7: 2650 | Y7: 4187
B8: Weighted | C8: 6837 | D8: 3308 | E8: 3515 | G8: 645 | H8: 1026 | I8: 1110 | J8: 1184 | K8: 1140 | L8: 1732 | N8: 208 | O8: 200 | P8: 1002 | Q8: 1000 | R8: 1004 | S8: 1006 | T8: 1005 | U8: 1007 | V8: 405 | X8: 2436 | Y8: 4401
B9: I would like innovation or change in digital technology to be faster | C9: 0.34746027 | D9: 0.41264944 | E9: 0.28583867 | G9: 0.34984683 | H9: 0.36927405 | I9: 0.35888318 | J9: 0.30959264 | K9: 0.33267337 | L9: 0.36194764 | N9: 0.24838173 | O9: 0.20508311 | P9: 0.25242888 | Q9: 0.51479854 | R9: 0.4358036 | S9: 0.20634156 | T9: 0.43373124 | U9: 0.3381293 | V9: 0.2312303 | X9: 0.37224721 | Y9: 0.33374099
B10: I think the current pace of innovation or change in digital technology is about right | C10: 0.4540512 | D10: 0.42498922 | E10: 0.48171437 | G10: 0.52055829 | H10: 0.46115957 | I10: 0.44686506 | J10: 0.46496842 | K10: 0.45762045 | L10: 0.41988869 | N10: 0.51425819 | O10: 0.61141835 | P10: 0.52251813 | Q10: 0.30630759 | R10: 0.42050274 | S10: 0.54053885 | T10: 0.41677414 | U10: 0.43593718 | V10: 0.54670502 | X10: 0.46686841 | Y10: 0.44695703
B11: I would like innovation or change in digital technology to be slower | C11: 0.10818075 | D11: 0.10549288 | E11: 0.11085096 | G11: 0.080977648 | H11: 0.10812578 | I11: 0.11214395 | J11: 0.12270499 | K11: 0.10904444 | L11: 0.10530324 | N11: 0.12149999 | O11: 0.054205108 | P11: 0.12961637 | Q11: 0.086789083 | R11: 0.076572357 | S11: 0.13877922 | T11: 0.063120444 | U11: 0.15310553 | V11: 0.13025111 | X11: 0.10271418 | Y11: 0.11120644
B12: Don't Know | C12: 0.090307777 | D12: 0.056868458 | E12: 0.121596 | G12: 0.048617239 | H12: 0.061440601 | I12: 0.082107812 | J12: 0.10273395 | K12: 0.10066173 | L12: 0.11286043 | N12: 0.11586008 | O12: 0.12929344 | P12: 0.095436624 | Q12: 0.092104783 | R12: 0.067121295 | S12: 0.11434037 | T12: 0.08637418 | U12: 0.072827995 | V12: 0.091813573 | X12: 0.058170204 | Y12: 0.10809555
B14: Fieldwork: 23rd Apr - 30th Apr 2022
B15: Data weighted by interlocking age & gender, region, and education level to Nationally Representative Proportions in selected EU member states
B17: =HYPERLINK("#'Contents'!A1", "Return to Contents") -> Return to Contents

Sheet Table 11
D2: Which, if any, of the following technologies do you use regularly?Please select all that apply
D5: Gender | G5: Age | N5: Country | X5: Education
C6: Total | D6: Male | E6: Female | G6: 18-24 | H6: 25-34 | I6: 35-44 | J6: 45-54 | K6: 55-64 | L6: 65+ | N6: Denmark | O6: Finland | P6: France | Q6: Germany | R6: Italy | S6: Netherlands | T6: Poland | U6: Spain | V6: Sweden | X6: Graduate | Y6: Non-Graduate
B7: Unweighted | C7: 6838 | D7: 3283 | E7: 3541 | G7: 635 | H7: 1075 | I7: 1093 | J7: 1228 | K7: 1156 | L7: 1651 | N7: 208 | O7: 200 | P7: 1002 | Q7: 1000 | R7: 1004 | S7: 1006 | T7: 1006 | U7: 1007 | V7: 405 | X7: 2650 | Y7: 4188
B8: Weighted | C8: 6838 | D8: 3309 | E8: 3515 | G8: 645 | H8: 1026 | I8: 1111 | J8: 1184 | K8: 1140 | L8: 1732 | N8: 208 | O8: 200 | P8: 1002 | Q8: 1000 | R8: 1004 | S8: 1006 | T8: 1006 | U8: 1007 | V8: 405 | X8: 2436 | Y8: 4402
B9: A smartphone (eg iPhone, Android) | C9: 0.92227511 | D9: 0.91996483 | E9: 0.92479169 | G9: 0.95166419 | H9: 0.95047563 | I9: 0.9383306 | J9: 0.93969845 | K9: 0.91676895 | L9: 0.87606299 | N9: 0.92472435 | O9: 0.95264204 | P9: 0.90618155 | Q9: 0.88620472 | R9: 0.96278837 | S9: 0.90492741 | T9: 0.94146466 | U9: 0.92624726 | V9: 0.9200162 | X9: 0.9309134 | Y9: 0.91749497
B10: A desktop or laptop computer | C10: 0.89348161 | D10: 0.90834712 | E10: 0.87932271 | G10: 0.85441285 | H10: 0.88104781 | I10: 0.85341026 | J10: 0.88246195 | K10: 0.91845288 | L10: 0.93217913 | N10: 0.88148734 | O10: 0.8532525 | P10: 0.8999119 | Q10: 0.89121317 | R10: 0.89654477 | S10: 0.88134373 | T10: 0.91658112 | U10: 0.8889808 | V10: 0.88556913 | X10: 0.92542068 | Y10: 0.8758076
B11: A tablet computer (eg iPad) | C11: 0.49404025 | D11: 0.49826321 | E11: 0.48999678 | G11: 0.39165259 | H11: 0.52094722 | I11: 0.55498536 | J11: 0.52767178 | K11: 0.49477574 | L11: 0.45365537 | N11: 0.47377655 | O11: 0.41330667 | P11: 0.46100902 | Q11: 0.49233667 | R11: 0.50601219 | S11: 0.53265919 | T11: 0.42543512 | U11: 0.57258648 | V11: 0.47975052 | X11: 0.55272306 | Y11: 0.46156715
B12: A games console (eg Sony PlayStation, Microsoft Xbox, Nintendo Switch) | C12: 0.31717859 | D12: 0.37925897 | E12: 0.25752137 | G12: 0.56369989 | H12: 0.55439526 | I12: 0.49362051 | J12: 0.35371741 | K12: 0.15946161 | L12: 0.050672236 | N12: 0.18865115 | O12: 0.24488915 | P12: 0.32865895 | Q12: 0.30987107 | R12: 0.3205796 | S12: 0.24820168 | T12: 0.35034146 | U12: 0.39969283 | V12: 0.28389028 | X12: 0.36086644 | Y12: 0.29300319
B13: A smart watch (eg Apple Watch, FitBit) | C13: 0.2675255 | D13: 0.27727836 | E13: 0.25774658 | G13: 0.32575948 | H13: 0.40927582 | I13: 0.33405359 | J13: 0.27324572 | K13: 0.19274207 | L13: 0.16458023 | N13: 0.24399094 | O13: 0.22548985 | P13: 0.20410005 | Q13: 0.24104837 | R13: 0.28153073 | S13: 0.23727349 | T13: 0.32161532 | U13: 0.36162316 | V13: 0.19476825 | X13: 0.32832866 | Y13: 0.23387907
B14: A smart speaker (eg Amazon Echo, Google Home) | C14: 0.21738333 | D14: 0.24665274 | E14: 0.18923225 | G14: 0.26183747 | H14: 0.29083431 | I14: 0.29361476 | J14: 0.21569049 | K14: 0.19187255 | L14: 0.12640761 | N14: 0.2022018 | O14: 0.059198912 | P14: 0.21229178 | Q14: 0.22614074 | R14: 0.3036355 | S14: 0.1505654 | T14: 0.1237845 | U14: 0.33306543 | V14: 0.19128245 | X14: 0.27004451 | Y14: 0.18824239
B15: A VR headset (eg Meta Quest) | C15: 0.041268842 | D15: 0.052251893 | E15: 0.030838201 | G15: 0.064496492 | H15: 0.083256144 | I15: 0.061249312 | J15: 0.043799703 | K15: 0.019151709 | L15: 0.0077808346 | N15: 0.053013365 | O15: 0.0072288335 | P15: 0.035130474 | Q15: 0.035553202 | R15: 0.033913295 | S15: 0.056747403 | T15: 0.041051695 | U15: 0.046502598 | V15: 0.04865902 | X15: 0.06726144 | Y15: 0.026885409
B16: Other (Please Specify) | C16: 0.012940825 | D16: 0.014449662 | E16: 0.011572187 | G16: 0.017050107 | H16: 0.009174249 | I16: 0.0060088461 | J16: 0.011665732 | K16: 0.014134771 | L16: 0.018173317 | N16: 0.032986748 | O16: 0.032101225 | P16: 0.0097758011 | Q16: 0.013032237 | R16: 0.014457152 | S16: 0.012936572 | T16: 0.010411721 | U16: 0.012262759 | V16: 0.0050081984 | X16: 0.014285199 | Y16: 0.012196893
B17: None of the above | C17: 0.0047766976 | D17: 0.0055367877 | E17: 0.0040802618 | G17: 0.0021628295 | H17: 0.0033431494 | I17: 0.0096527095 | J17: 0.0066797442 | K17: 0.0038549331 | L17: 0.0027766264 | N17: 0 | O17: 0 | P17: 0.0097251325 | Q17: 0.0057979386 | R17: 0.00078713782 | S17: 0.0063991778 | T17: 0.0016309659 | U17: 0.0054990132 | V17: 0.00670227 | X17: 0.0046301396 | Y17: 0.0048577979
B19: Fieldwork: 23rd Apr - 30th Apr 2022
B20: Data weighted by interlocking age & gender, region, and education level to Nationally Representative Proportions in selected EU member states
B22: =HYPERLINK("#'Contents'!A1", "Return to Contents") -> Return to Contents

Sheet Table 12
D2: Compared to the average person in your country, would you say that you are an early adopter of new technology?
D5: Gender | G5: Age | N5: Country | X5: Education
C6: Total | D6: Male | E6: Female | G6: 18-24 | H6: 25-34 | I6: 35-44 | J6: 45-54 | K6: 55-64 | L6: 65+ | N6: Denmark | O6: Finland | P6: France | Q6: Germany | R6: Italy | S6: Netherlands | T6: Poland | U6: Spain | V6: Sweden | X6: Graduate | Y6: Non-Graduate
B7: Unweighted | C7: 6838 | D7: 3283 | E7: 3541 | G7: 635 | H7: 1075 | I7: 1093 | J7: 1228 | K7: 1156 | L7: 1651 | N7: 208 | O7: 200 | P7: 1002 | Q7: 1000 | R7: 1004 | S7: 1006 | T7: 1006 | U7: 1007 | V7: 405 | X7: 2650 | Y7: 4188
B8: Weighted | C8: 6838 | D8: 3309 | E8: 3515 | G8: 645 | H8: 1026 | I8: 1111 | J8: 1184 | K8: 1140 | L8: 1732 | N8: 208 | O8: 200 | P8: 1002 | Q8: 1000 | R8: 1004 | S8: 1006 | T8: 1006 | U8: 1007 | V8: 405 | X8: 2436 | Y8: 4402
B9: Yes, I tend to be a relatively early adopter of new technologies | C9: 0.25529525 | D9: 0.33455294 | E9: 0.17970403 | G9: 0.45696827 | H9: 0.42578487 | I9: 0.34211389 | J9: 0.23889814 | K9: 0.14647892 | L9: 0.1064559 | N9: 0.23744547 | O9: 0.16130218 | P9: 0.21158272 | Q9: 0.20775777 | R9: 0.17820588 | S9: 0.18232952 | T9: 0.47008772 | U9: 0.30033911 | V9: 0.26322026 | X9: 0.33489565 | Y9: 0.21124704
B10: I tend to adopt new technology around the same time as the average person | C10: 0.44867756 | D10: 0.43025304 | E10: 0.46662478 | G10: 0.39739575 | H10: 0.43682962 | I10: 0.44490552 | J10: 0.47471569 | K10: 0.47649277 | L10: 0.44109368 | N10: 0.47341335 | O10: 0.50712096 | P10: 0.43274786 | Q10: 0.42390042 | R10: 0.52104345 | S10: 0.37949782 | T10: 0.44745332 | U10: 0.45757525 | V10: 0.48106292 | X10: 0.45613914 | Y10: 0.44454858
B11: No, I tend to be a relatively late adopter of new technologies | C11: 0.28117417 | D11: 0.22372766 | E11: 0.33557053 | G11: 0.12878059 | H11: 0.1229717 | I11: 0.19931078 | J11: 0.26631412 | K11: 0.36487339 | L11: 0.43911406 | N11: 0.26646168 | O11: 0.29545568 | P11: 0.3385939 | Q11: 0.35275869 | R11: 0.28726073 | S11: 0.42682174 | T11: 0.06872203 | U11: 0.22691607 | V11: 0.24862401 | X11: 0.19969439 | Y11: 0.32626235
B12: Don't Know | C12: 0.014853023 | D12: 0.01146636 | E12: 0.018100663 | G12: 0.016855393 | H12: 0.014413804 | I12: 0.013669807 | J12: 0.020072047 | K12: 0.012154916 | L12: 0.013336367 | N12: 0.022679503 | O12: 0.036121178 | P12: 0.017075521 | Q12: 0.015583115 | R12: 0.013489939 | S12: 0.011350919 | T12: 0.013736925 | U12: 0.015169564 | V12: 0.0070928162 | X12: 0.0092708156 | Y12: 0.01794203
B14: Fieldwork: 23rd Apr - 30th Apr 2022
B15: Data weighted by interlocking age & gender, region, and education level to Nationally Representative Proportions in selected EU member states
B17: =HYPERLINK("#'Contents'!A1", "Return to Contents") -> Return to Contents

Sheet Table 13
D2: Which, if any, of the following types of apps or websites do you use regularly?Please select all that apply
D5: Gender | G5: Age | N5: Country | X5: Education
C6: Total | D6: Male | E6: Female | G6: 18-24 | H6: 25-34 | I6: 35-44 | J6: 45-54 | K6: 55-64 | L6: 65+ | N6: Denmark | O6: Finland | P6: France | Q6: Germany | R6: Italy | S6: Netherlands | T6: Poland | U6: Spain | V6: Sweden | X6: Graduate | Y6: Non-Graduate
B7: Unweighted | C7: 6838 | D7: 3283 | E7: 3541 | G7: 635 | H7: 1075 | I7: 1093 | J7: 1228 | K7: 1156 | L7: 1651 | N7: 208 | O7: 200 | P7: 1002 | Q7: 1000 | R7: 1004 | S7: 1006 | T7: 1006 | U7: 1007 | V7: 405 | X7: 2650 | Y7: 4188
B8: Weighted | C8: 6838 | D8: 3309 | E8: 3515 | G8: 645 | H8: 1026 | I8: 1111 | J8: 1184 | K8: 1140 | L8: 1732 | N8: 208 | O8: 200 | P8: 1002 | Q8: 1000 | R8: 1004 | S8: 1006 | T8: 1006 | U8: 1007 | V8: 405 | X8: 2436 | Y8: 4402
B9: Search engine | C9: 0.81418855 | D9: 0.8229747 | E9: 0.80600653 | G9: 0.74595092 | H9: 0.81085782 | I9: 0.81509383 | J9: 0.84114374 | K9: 0.82163173 | L9: 0.81765497 | N9: 0.79080724 | O9: 0.88086548 | P9: 0.80642218 | Q9: 0.8401363 | R9: 0.87114291 | S9: 0.79214031 | T9: 0.8592072 | U9: 0.70869058 | V9: 0.81248022 | X9: 0.83872732 | Y9: 0.80060962
B10: Banking app or website | C10: 0.74731629 | D10: 0.74988834 | E10: 0.74476933 | G10: 0.66145081 | H10: 0.76211697 | I10: 0.76331491 | J10: 0.75452902 | K10: 0.77539351 | L10: 0.73683693 | N10: 0.85482484 | O10: 0.93964635 | P10: 0.64629062 | Q10: 0.71625591 | R10: 0.63877394 | S10: 0.7976846 | T10: 0.87567018 | U10: 0.70515924 | V10: 0.85372234 | X10: 0.79481604 | Y10: 0.72103152
B11: Social media | C11: 0.73969378 | D11: 0.6938014 | E11: 0.78244034 | G11: 0.88565183 | H11: 0.87209643 | I11: 0.79985224 | J11: 0.76979564 | K11: 0.67721254 | L11: 0.58896308 | N11: 0.77420888 | O11: 0.66007156 | P11: 0.69290751 | Q11: 0.61291757 | R11: 0.76113092 | S11: 0.72484151 | T11: 0.82019541 | U11: 0.82118304 | V11: 0.77123831 | X11: 0.75583908 | Y11: 0.73075951
B12: Online shop | C12: 0.70943141 | D12: 0.69267381 | E12: 0.72574944 | G12: 0.73475041 | H12: 0.73404718 | I12: 0.76718032 | J12: 0.73711345 | K12: 0.70507071 | L12: 0.63234748 | N12: 0.60669571 | O12: 0.69846463 | P12: 0.63652545 | Q12: 0.79209499 | R12: 0.72562493 | S12: 0.70695144 | T12: 0.77966203 | U12: 0.66823505 | V12: 0.6378756 | X12: 0.74926242 | Y12: 0.68739027
B13: Text messaging | C13: 0.70349695 | D13: 0.6772257 | E13: 0.72911464 | G13: 0.73218439 | H13: 0.71617618 | I13: 0.70718593 | J13: 0.73339006 | K13: 0.71386803 | L13: 0.6556949 | N13: 0.80295149 | O13: 0.73607323 | P13: 0.79322324 | Q13: 0.68549687 | R13: 0.62694531 | S13: 0.5886497 | T13: 0.83097671 | U13: 0.61794239 | V13: 0.82990559 | X13: 0.73533725 | Y13: 0.68587759
B14: Mapping | C14: 0.50462179 | D14: 0.53139112 | E14: 0.4800304 | G14: 0.4447399 | H14: 0.53964974 | I14: 0.53407203 | J14: 0.51262093 | K14: 0.52451612 | L14: 0.46871863 | N14: 0.34900471 | O14: 0.49508599 | P14: 0.23953263 | Q14: 0.53899677 | R14: 0.63740363 | S14: 0.34475957 | T14: 0.68328015 | U14: 0.61294625 | V14: 0.51502974 | X14: 0.56835558 | Y14: 0.46935364
B15: Video streaming | C15: 0.45499629 | D15: 0.50977633 | E15: 0.40215995 | G15: 0.67161039 | H15: 0.66586217 | I15: 0.56444517 | J15: 0.48807532 | K15: 0.37968781 | L15: 0.20631332 | N15: 0.395423 | O15: 0.53140662 | P15: 0.39008254 | Q15: 0.45850189 | R15: 0.53086657 | S15: 0.40570311 | T15: 0.40050676 | U15: 0.50081643 | V15: 0.55558371 | X15: 0.5305785 | Y15: 0.41317162
B16: Music streaming | C16: 0.45002001 | D16: 0.47844501 | E16: 0.42228089 | G16: 0.76641294 | H16: 0.66821968 | I16: 0.54766751 | J16: 0.4824245 | K16: 0.34558867 | L16: 0.18706337 | N16: 0.49538063 | O16: 0.53116036 | P16: 0.3948843 | Q16: 0.43445655 | R16: 0.44237462 | S16: 0.45297899 | T16: 0.40255416 | U16: 0.48902891 | V16: 0.59400581 | X16: 0.52991948 | Y16: 0.40580631
B17: Documents | C17: 0.44445817 | D17: 0.46248206 | E17: 0.42818249 | G17: 0.45811671 | H17: 0.48113088 | I17: 0.44772363 | J17: 0.46761145 | K17: 0.44661643 | L17: 0.39832849 | N17: 0.44154621 | O17: 0.33620787 | P17: 0.38796992 | Q17: 0.41707402 | R17: 0.46709317 | S17: 0.40108204 | T17: 0.49873214 | U17: 0.51924274 | V17: 0.43765404 | X17: 0.54828204 | Y17: 0.38700552
B18: Computer games | C18: 0.35378064 | D18: 0.41342608 | E18: 0.29655012 | G18: 0.5898701 | H18: 0.55557593 | I18: 0.45696864 | J18: 0.36875561 | K18: 0.24141579 | L18: 0.1439983 | N18: 0.33768354 | O18: 0.31928491 | P18: 0.35600103 | Q18: 0.35721716 | R18: 0.3983248 | S18: 0.23504427 | T18: 0.41652609 | U18: 0.38476054 | V18: 0.31672814 | X18: 0.38473563 | Y18: 0.33665118
... B23: None of the above | C23: 0.013191894 | D23: 0.010938659 | E23: 0.015365877 | G23: 0.0039820416 | H23: 0.002147336 | I23: 0.0096262781 | J23: 0.015279617 | K23: 0.01524997 | L23: 0.022663387 | N23: 0.004688192 | O23: 0 | P23: 0.024024327 | Q23: 0.02407535 | R23: 0.0082983742 | S23: 0.015847165 | T23: 0.004762831 | U23: 0.0079675716 | V23: 0.0098635357 | X23: 0.0069471569 | Y23: 0.016647522
B25: Fieldwork: 23rd Apr - 30th Apr 2022
B26: Data weighted by interlocking age & gender, region, and education level to Nationally Representative Proportions in selected EU member states
B28: =HYPERLINK("#'Contents'!A1", "Return to Contents") -> Return to Contents

Sheet Table 14
D2: Grid Summary: Overall, how satisfied or unsatisfied are you with the speed and reliability of your Internet connection in the following locations?
C6: At work | D6: At home | E6: While travelling
B7: Very satisfied | C7: 0.28021401 | D7: 0.31217057 | E7: 0.11100304
B8: Somewhat satisfied | C8: 0.46024914 | D8: 0.47352381 | E8: 0.42895733
B9: Neither satisfied nor unsatisfied | C9: 0.14093726 | D9: 0.11160292 | E9: 0.24059322
B10: Somewhat unsatisfied | C10: 0.062671932 | D10: 0.074561774 | E10: 0.11088987
B11: Very unsatisfied | C11: 0.020365904 | D11: 0.023603884 | E11: 0.025679164
B12: Don't Know | C12: 0.035561758 | D12: 0.0045370488 | E12: 0.082877376
B13: Total Satisfied: | C13: 0.74046315 | D13: 0.78569437 | E13: 0.53996037
B14: Total Unsatisfied: | C14: 0.083037837 | D14: 0.098165658 | E14: 0.13656903
B15: Net: | C15: 0.65742531 | D15: 0.68752872 | E15: 0.40339134
B16: BASE: Question randomly assigned to respondents
B17: Fieldwork: 23rd Apr - 30th Apr 2022
B18: Data weighted by interlocking age & gender, region, and education level to Nationally Representative Proportions in selected EU member states
B22: =HYPERLINK("#'Contents'!A1", "Return to Contents") -> Return to Contents

Sheet Table 15
D2: Overall, how satisfied or unsatisfied are you with the speed and reliability of your Internet connection in the following locations?: At home
D5: Gender | G5: Age | N5: Country | X5: Education
C6: Total | D6: Male | E6: Female | G6: 18-24 | H6: 25-34 | I6: 35-44 | J6: 45-54 | K6: 55-64 | L6: 65+ | N6: Denmark | O6: Finland | P6: France | Q6: Germany | R6: Italy | S6: Netherlands | T6: Poland | U6: Spain | V6: Sweden | X6: Graduate | Y6: Non-Graduate
B7: Unweighted | C7: 6837 | D7: 3283 | E7: 3540 | G7: 635 | H7: 1075 | I7: 1093 | J7: 1228 | K7: 1155 | L7: 1651 | N7: 208 | O7: 199 | P7: 1002 | Q7: 1000 | R7: 1004 | S7: 1006 | T7: 1006 | U7: 1007 | V7: 405 | X7: 2650 | Y7: 4187
B8: Weighted | C8: 6837 | D8: 3309 | E8: 3514 | G8: 645 | H8: 1026 | I8: 1111 | J8: 1184 | K8: 1140 | L8: 1732 | N8: 208 | O8: 199 | P8: 1002 | Q8: 1000 | R8: 1004 | S8: 1006 | T8: 1006 | U8: 1007 | V8: 405 | X8: 2436 | Y8: 4401
B9: Very satisfied | C9: 0.31217057 | D9: 0.33411687 | E9: 0.29190525 | G9: 0.31961377 | H9: 0.3271259 | I9: 0.33581192 | J9: 0.339096 | K9: 0.28472732 | L9: 0.28503572 | N9: 0.39034012 | O9: 0.28264999 | P9: 0.28718715 | Q9: 0.25516001 | R9: 0.19209848 | S9: 0.46067005 | T9: 0.27695797 | U9: 0.35425418 | V9: 0.40075315 | X9: 0.34702299 | Y9: 0.29288137
B10: Somewhat satisfied | C10: 0.47352381 | D10: 0.46226637 | E10: 0.48434387 | G10: 0.46011722 | H10: 0.46566493 | I10: 0.43675705 | J10: 0.45241655 | K10: 0.49810338 | L10: 0.50500417 | N10: 0.44207017 | O10: 0.56402102 | P10: 0.45124736 | Q10: 0.47325882 | R10: 0.5122405 | S10: 0.39877011 | T10: 0.49599305 | U10: 0.51426601 | V10: 0.43350062 | X10: 0.46752511 | Y10: 0.47684381
B11: Neither satisfied nor unsatisfied | C11: 0.11160292 | D11: 0.10673668 | E11: 0.11546912 | G11: 0.098914224 | H11: 0.10596649 | I11: 0.13071257 | J11: 0.10266809 | K11: 0.12312294 | L11: 0.10593122 | N11: 0.079655723 | O11: 0.064863648 | P11: 0.13720004 | Q11: 0.13417426 | R11: 0.14990442 | S11: 0.082310667 | T11: 0.13382652 | U11: 0.055385929 | V11: 0.094338237 | X11: 0.10193742 | Y11: 0.11695232
B12: Somewhat unsatisfied | C12: 0.074561774 | D12: 0.070536538 | E12: 0.078335815 | G12: 0.087013156 | H12: 0.077050818 | I12: 0.065225356 | J12: 0.074130502 | K12: 0.066300583 | L12: 0.080172517 | N12: 0.062711705 | O12: 0.045698561 | P12: 0.081283587 | Q12: 0.10755285 | R12: 0.10870106 | S12: 0.043722625 | T12: 0.077235393 | U12: 0.052059993 | V12: 0.038041167 | X12: 0.062803002 | Y12: 0.081069705
B13: Very unsatisfied | C13: 0.023603884 | D13: 0.024238532 | E13: 0.023100776 | G13: 0.029134525 | H13: 0.021009163 | I13: 0.027161111 | J13: 0.025737645 | K13: 0.022288461 | L13: 0.020207126 | N13: 0.025222276 | O13: 0.038596225 | P13: 0.040952401 | Q13: 0.023074009 | R13: 0.029452786 | S13: 0.010847081 | T13: 0.014359719 | U13: 0.01938871 | V13: 0.02441198 | X13: 0.017990166 | Y13: 0.026710815
B14: Don't Know | C14: 0.0045370488 | D14: 0.0021050141 | E14: 0.006845176 | G14: 0.0052071112 | H14: 0.0031826948 | I14: 0.0043319835 | J14: 0.0059512146 | K14: 0.0054573226 | L14: 0.0036492405 | N14: 0 | O14: 0.0041705607 | P14: 0.0021294671 | Q14: 0.0067800409 | R14: 0.0076027423 | S14: 0.0036794636 | T14: 0.0016273457 | U14: 0.004645177 | V14: 0.0089548421 | X14: 0.0027213093 | Y14: 0.005541976
B15: Total Satisfied: | C15: 0.78569437 | D15: 0.79638324 | E15: 0.77624912 | G15: 0.77973098 | H15: 0.79279083 | I15: 0.77256897 | J15: 0.79151255 | K15: 0.78283069 | L15: 0.7900399 | N15: 0.8324103 | O15: 0.84667101 | P15: 0.73843451 | Q15: 0.72841883 | R15: 0.70433899 | S15: 0.85944016 | T15: 0.77295103 | U15: 0.86852019 | V15: 0.83425377 | X15: 0.8145481 | Y15: 0.76972518
B16: Total Unsatisfied: | C16: 0.098165658 | D16: 0.09477507 | E16: 0.10143659 | G16: 0.11614768 | H16: 0.098059981 | I16: 0.092386468 | J16: 0.099868147 | K16: 0.088589044 | L16: 0.10037964 | N16: 0.087933981 | O16: 0.084294786 | P16: 0.12223599 | Q16: 0.13062686 | R16: 0.13815385 | S16: 0.054569706 | T16: 0.091595111 | U16: 0.071448703 | V16: 0.062453147 | X16: 0.080793168 | Y16: 0.10778052
B17: Net: | C17: 0.68752872 | D17: 0.70160817 | E17: 0.67481252 | G17: 0.6635833 | H17: 0.69473085 | I17: 0.68018251 | J17: 0.6916444 | K17: 0.69424165 | L17: 0.68966025 | N17: 0.74447632 | O17: 0.76237622 | P17: 0.61619852 | Q17: 0.59779197 | R17: 0.56618514 | S17: 0.80487046 | T17: 0.68135592 | U17: 0.79707149 | V17: 0.77180063 | X17: 0.73375493 | Y17: 0.66194466
B18: BASE: Question randomly assigned to respondents
B19: Fieldwork: 23rd Apr - 30th Apr 2022
B20: Data weighted by interlocking age & gender, region, and education level to Nationally Representative Proportions in selected EU member states
B22: =HYPERLINK("#'Contents'!A1", "Return to Contents") -> Return to Contents

Sheet Table 16
D2: Overall, how satisfied or unsatisfied are you with the speed and reliability of your Internet connection in the following locations?: While travelling
D5: Gender | G5: Age | N5: Country | X5: Education
C6: Total | D6: Male | E6: Female | G6: 18-24 | H6: 25-34 | I6: 35-44 | J6: 45-54 | K6: 55-64 | L6: 65+ | N6: Denmark | O6: Finland | P6: France | Q6: Germany | R6: Italy | S6: Netherlands | T6: Poland | U6: Spain | V6: Sweden | X6: Graduate | Y6: Non-Graduate
B7: Unweighted | C7: 6838 | D7: 3283 | E7: 3541 | G7: 635 | H7: 1075 | I7: 1093 | J7: 1228 | K7: 1156 | L7: 1651 | N7: 208 | O7: 200 | P7: 1002 | Q7: 1000 | R7: 1004 | S7: 1006 | T7: 1006 | U7: 1007 | V7: 405 | X7: 2650 | Y7: 4188
B8: Weighted | C8: 6838 | D8: 3309 | E8: 3515 | G8: 645 | H8: 1026 | I8: 1111 | J8: 1184 | K8: 1140 | L8: 1732 | N8: 208 | O8: 200 | P8: 1002 | Q8: 1000 | R8: 1004 | S8: 1006 | T8: 1006 | U8: 1007 | V8: 405 | X8: 2436 | Y8: 4402
B9: Very satisfied | C9: 0.11100304 | D9: 0.11402809 | E9: 0.10834311 | G9: 0.13195366 | H9: 0.14685465 | I9: 0.12958084 | J9: 0.11683265 | K9: 0.087634765 | L9: 0.08146375 | N9: 0.1732997 | O9: 0.11922368 | P9: 0.084549178 | Q9: 0.079949333 | R9: 0.066065981 | S9: 0.22002802 | T9: 0.080815484 | U9: 0.12177819 | V9: 0.10585353 | X9: 0.12664644 | Y9: 0.10234651
B10: Somewhat satisfied | C10: 0.42895733 | D10: 0.42114136 | E10: 0.43597655 | G10: 0.47808553 | H10: 0.45865359 | I10: 0.45123285 | J10: 0.44777715 | K10: 0.4234275 | L10: 0.36958534 | N10: 0.51137881 | O10: 0.48868169 | P10: 0.43080867 | Q10: 0.3870406 | R10: 0.45070309 | S10: 0.43587323 | T10: 0.38873237 | U10: 0.48331514 | V10: 0.34972524 | X10: 0.44040798 | Y10: 0.42262092
B11: Neither satisfied nor unsatisfied | C11: 0.24059322 | D11: 0.25115854 | E11: 0.23127145 | G11: 0.22079427 | H11: 0.22238281 | I11: 0.24053234 | J11: 0.24859925 | K11: 0.26550122 | L11: 0.23691483 | N11: 0.21112684 | O11: 0.2013956 | P11: 0.22466553 | Q11: 0.26308627 | R11: 0.28050721 | S11: 0.17313393 | T11: 0.30372776 | U11: 0.18471995 | V11: 0.30967088 | X11: 0.22717061 | Y11: 0.24802084
B12: Somewhat unsatisfied | C12: 0.11088987 | D12: 0.11825064 | E12: 0.10364284 | G12: 0.12000189 | H12: 0.12758971 | I12: 0.11410303 | J12: 0.10288952 | K12: 0.1003296 | L12: 0.10796971 | N12: 0.064014232 | O12: 0.1085264 | P12: 0.11935332 | Q12: 0.1503662 | R12: 0.11369181 | S12: 0.046331063 | T12: 0.11262441 | U12: 0.13441397 | V12: 0.10833533 | X12: 0.12015293 | Y12: 0.105764
B13: Very unsatisfied | C13: 0.025679164 | D13: 0.028767233 | E13: 0.022874807 | G13: 0.030051212 | H13: 0.017085773 | I13: 0.025996344 | J13: 0.027857984 | K13: 0.023333242 | L13: 0.02899106 | N13: 0.010112506 | O13: 0.006022683 | P13: 0.025344214 | Q13: 0.039390625 | R13: 0.032800184 | S13: 0.014371414 | T13: 0.018796391 | U13: 0.032268498 | V13: 0.021501441 | X13: 0.025327256 | Y13: 0.025873898
B14: Don't Know | C14: 0.082877376 | D14: 0.066654145 | E14: 0.097891242 | G14: 0.019113437 | H14: 0.027433474 | I14: 0.038554599 | J14: 0.056043446 | K14: 0.099773677 | L14: 0.17507531 | N14: 0.03006791 | O14: 0.076149947 | P14: 0.11527909 | Q14: 0.080166968 | R14: 0.056231729 | S14: 0.11026235 | T14: 0.095303594 | U14: 0.043504249 | V14: 0.10491358 | X14: 0.06029477 | Y14: 0.095373835
B15: Total Satisfied: | C15: 0.53996037 | D15: 0.53516944 | E15: 0.54431966 | G15: 0.61003919 | H15: 0.60550824 | I15: 0.58081369 | J15: 0.5646098 | K15: 0.51106226 | L15: 0.45104909 | N15: 0.68467851 | O15: 0.60790537 | P15: 0.51535785 | Q15: 0.46698994 | R15: 0.51676907 | S15: 0.65590125 | T15: 0.46954785 | U15: 0.60509333 | V15: 0.45557877 | X15: 0.56705443 | Y15: 0.52496743
B16: Total Unsatisfied: | C16: 0.13656903 | D16: 0.14701787 | E16: 0.12651765 | G16: 0.15005311 | H16: 0.14467548 | I16: 0.14009937 | J16: 0.13074751 | K16: 0.12366284 | L16: 0.13696077 | N16: 0.074126738 | O16: 0.11454908 | P16: 0.14469753 | Q16: 0.18975682 | R16: 0.14649199 | S16: 0.060702477 | T16: 0.1314208 | U16: 0.16668247 | V16: 0.12983677 | X16: 0.14548019 | Y16: 0.1316379
B17: Net: | C17: 0.40339134 | D17: 0.38815157 | E17: 0.41780202 | G17: 0.45998608 | H17: 0.46083275 | I17: 0.44071432 | J17: 0.43386229 | K17: 0.38739942 | L17: 0.31408832 | N17: 0.61055178 | O17: 0.49335629 | P17: 0.37066031 | Q17: 0.27723311 | R17: 0.37027708 | S17: 0.59519877 | T17: 0.33812705 | U17: 0.43841087 | V17: 0.325742 | X17: 0.42157424 | Y17: 0.39332954
B19: Fieldwork: 23rd Apr - 30th Apr 2022
B20: Data weighted by interlocking age & gender, region, and education level to Nationally Representative Proportions in selected EU member states
B22: =HYPERLINK("#'Contents'!A1", "Return to Contents") -> Return to Contents

Sheet Table 17
D2: Overall, how satisfied or unsatisfied are you with the speed and reliability of your Internet connection in the following locations?: At work
D5: Gender | G5: Age | N5: Country | X5: Education
C6: Total | D6: Male | E6: Female | G6: 18-24 | H6: 25-34 | I6: 35-44 | J6: 45-54 | K6: 55-64 | L6: 65+ | N6: Denmark | O6: Finland | P6: France | Q6: Germany | R6: Italy | S6: Netherlands | T6: Poland | U6: Spain | V6: Sweden | X6: Graduate | Y6: Non-Graduate
B7: Unweighted | C7: 3716 | D7: 1971 | E7: 1736 | G7: 251 | H7: 847 | I7: 873 | J7: 919 | K7: 652 | L7: 174 | N7: 101 | O7: 101 | P7: 508 | Q7: 536 | R7: 488 | S7: 546 | T7: 648 | U7: 573 | V7: 215 | X7: 1783 | Y7: 1933
B8: Weighted | C8: 3642 | D8: 1990 | E8: 1643 | G8: 263 | H8: 804 | I8: 885 | J8: 875 | K8: 630 | L8: 185 | N8: 106 | O8: 95 | P8: 509 | Q8: 549 | R8: 458 | S8: 556 | T8: 615 | U8: 531 | V8: 224 | X8: 1638 | Y8: 2004
B9: Very satisfied | C9: 0.28021401 | D9: 0.29280879 | E9: 0.26645337 | G9: 0.28770515 | H9: 0.27377569 | I9: 0.28471896 | J9: 0.27762685 | K9: 0.29186327 | L9: 0.24849734 | N9: 0.35605303 | O9: 0.25658276 | P9: 0.25907027 | Q9: 0.25480608 | R9: 0.20918852 | S9: 0.35551638 | T9: 0.19144845 | U9: 0.35064596 | V9: 0.39989435 | X9: 0.33221484 | Y9: 0.23769771
B10: Somewhat satisfied | C10: 0.46024914 | D10: 0.44872236 | E10: 0.47490137 | G10: 0.44358244 | H10: 0.47039534 | I10: 0.45563518 | J10: 0.47374943 | K10: 0.44470435 | L10: 0.45099678 | N10: 0.40824254 | O10: 0.56675237 | P10: 0.46257755 | Q10: 0.44941401 | R10: 0.49880861 | S10: 0.43145695 | T10: 0.50583832 | U10: 0.42390662 | V10: 0.41459955 | X10: 0.45270119 | Y10: 0.4664204
B11: Neither satisfied nor unsatisfied | C11: 0.14093726 | D11: 0.14441543 | E11: 0.13510511 | G11: 0.17713196 | H11: 0.14253857 | I11: 0.14411742 | J11: 0.11605451 | K11: 0.14601776 | L11: 0.1677541 | N11: 0.13984891 | O11: 0.10458696 | P11: 0.10806796 | Q11: 0.16401688 | R11: 0.18043538 | S11: 0.12030402 | T11: 0.17119604 | U11: 0.12657016 | V11: 0.096255566 | X11: 0.12169498 | Y11: 0.1566699
B12: Somewhat unsatisfied | C12: 0.062671932 | D12: 0.059969723 | E12: 0.065751893 | G12: 0.045425514 | H12: 0.067129265 | I12: 0.069976756 | J12: 0.067057464 | K12: 0.052580767 | L12: 0.046493085 | N12: 0.03073226 | O12: 0.030513461 | P12: 0.076573511 | Q12: 0.071824353 | R12: 0.074163997 | S12: 0.036773745 | T12: 0.077190927 | U12: 0.050238635 | V12: 0.067698525 | X12: 0.063287632 | Y12: 0.062168531
B13: Very unsatisfied | C13: 0.020365904 | D13: 0.01932914 | E13: 0.021730998 | G13: 0.031470711 | H13: 0.021678444 | I13: 0.01613227 | J13: 0.02209465 | K13: 0.0204174 | L13: 0.010746373 | N13: 0.0082770728 | O13: 0.041564457 | P13: 0.029447065 | Q13: 0.0221903 | R13: 0.018831874 | S13: 0.01022655 | T13: 0.018539496 | U13: 0.026778296 | V13: 0.010160222 | X13: 0.010276364 | Y13: 0.028615194
B14: Don't Know | C14: 0.035561758 | D14: 0.034754548 | E14: 0.036057256 | G14: 0.01468422 | H14: 0.024482686 | I14: 0.029419418 | J14: 0.043417103 | K14: 0.044416445 | L14: 0.075512309 | N14: 0.056846194 | O14: 0 | P14: 0.064263655 | Q14: 0.037748384 | R14: 0.018571609 | S14: 0.045722359 | T14: 0.03578677 | U14: 0.021860338 | V14: 0.011391778 | X14: 0.019824987 | Y14: 0.048428268
B15: Total Satisfied: | C15: 0.74046315 | D15: 0.74153116 | E15: 0.74135474 | G15: 0.73128759 | H15: 0.74417103 | I15: 0.74035413 | J15: 0.75137628 | K15: 0.73656762 | L15: 0.69949413 | N15: 0.76429556 | O15: 0.82333513 | P15: 0.72164781 | Q15: 0.70422009 | R15: 0.70799714 | S15: 0.78697333 | T15: 0.69728677 | U15: 0.77455257 | V15: 0.81449391 | X15: 0.78491603 | Y15: 0.70411811
B16: Total Unsatisfied: | C16: 0.083037837 | D16: 0.079298863 | E16: 0.087482891 | G16: 0.076896225 | H16: 0.088807709 | I16: 0.086109026 | J16: 0.089152114 | K16: 0.072998167 | L16: 0.057239459 | N16: 0.039009333 | O16: 0.072077918 | P16: 0.10602058 | Q16: 0.094014653 | R16: 0.092995871 | S16: 0.047000296 | T16: 0.095730423 | U16: 0.077016931 | V16: 0.077858747 | X16: 0.073563996 | Y16: 0.090783725
B17: Net: | C17: 0.65742531 | D17: 0.6622323 | E17: 0.65387185 | G17: 0.65439137 | H17: 0.65536332 | I17: 0.65424511 | J17: 0.66222416 | K17: 0.66356946 | L17: 0.64225467 | N17: 0.72528623 | O17: 0.75125721 | P17: 0.61562724 | Q17: 0.61020543 | R17: 0.61500127 | S17: 0.73997303 | T17: 0.60155635 | U17: 0.69753564 | V17: 0.73663516 | X17: 0.71135204 | Y17: 0.61333438
B18: BASE: Respondents who work currently
B19: Fieldwork: 23rd Apr - 30th Apr 2022
B20: Data weighted by interlocking age & gender, region, and education level to Nationally Representative Proportions in selected EU member states
B22: =HYPERLINK("#'Contents'!A1", "Return to Contents") -> Return to Contents

Sheet Table 18
D2: Which, if any, of the following activities have you used a website or app to do in the last year?Please select all that apply
D5: Gender | G5: Age | N5: Country | X5: Education
C6: Total | D6: Male | E6: Female | G6: 18-24 | H6: 25-34 | I6: 35-44 | J6: 45-54 | K6: 55-64 | L6: 65+ | N6: Denmark | O6: Finland | P6: France | Q6: Germany | R6: Italy | S6: Netherlands | T6: Poland | U6: Spain | V6: Sweden | X6: Graduate | Y6: Non-Graduate
B7: Unweighted | C7: 6838 | D7: 3283 | E7: 3541 | G7: 635 | H7: 1075 | I7: 1093 | J7: 1228 | K7: 1156 | L7: 1651 | N7: 208 | O7: 200 | P7: 1002 | Q7: 1000 | R7: 1004 | S7: 1006 | T7: 1006 | U7: 1007 | V7: 405 | X7: 2650 | Y7: 4188
B8: Weighted | C8: 6838 | D8: 3309 | E8: 3515 | G8: 645 | H8: 1026 | I8: 1111 | J8: 1184 | K8: 1140 | L8: 1732 | N8: 208 | O8: 200 | P8: 1002 | Q8: 1000 | R8: 1004 | S8: 1006 | T8: 1006 | U8: 1007 | V8: 405 | X8: 2436 | Y8: 4402
B9: Check your bank balance | C9: 0.81842809 | D9: 0.82763445 | E9: 0.81023918 | G9: 0.73691719 | H9: 0.79524475 | I9: 0.81278861 | J9: 0.83926995 | K9: 0.84013335 | L9: 0.83757468 | N9: 0.94143196 | O9: 0.9806462 | P9: 0.83605451 | Q9: 0.75272666 | R9: 0.73805006 | S9: 0.86559934 | T9: 0.84341697 | U9: 0.78692559 | V9: 0.89210912 | X9: 0.84304071 | Y9: 0.80480829
B10: Buy a product or service online | C10: 0.80157042 | D10: 0.79806816 | E10: 0.80522063 | G10: 0.75814989 | H10: 0.80200909 | I10: 0.80639581 | J10: 0.82522426 | K10: 0.8073828 | L10: 0.79438463 | N10: 0.74181741 | O10: 0.83811299 | P10: 0.75585138 | Q10: 0.79983954 | R10: 0.83872084 | S10: 0.82248616 | T10: 0.81333826 | U10: 0.77923808 | V10: 0.81384554 | X10: 0.82377224 | Y10: 0.78928467
B11: Watch a film or TV show | C11: 0.60455791 | D11: 0.63192678 | E11: 0.5778632 | G11: 0.81019331 | H11: 0.77654512 | I11: 0.68028357 | J11: 0.65321697 | K11: 0.54273718 | L11: 0.38508358 | N11: 0.66127531 | O11: 0.69912623 | P11: 0.51191412 | Q11: 0.54458948 | R11: 0.63796992 | S11: 0.5317505 | T11: 0.64840903 | U11: 0.65289671 | V11: 0.77491311 | X11: 0.66711494 | Y11: 0.56994095
B12: Comparison shop between two products or services | C12: 0.57063061 | D12: 0.59169486 | E12: 0.55060359 | G12: 0.52855101 | H12: 0.60988686 | I12: 0.59772176 | J12: 0.62845276 | K12: 0.58897384 | L12: 0.49408702 | N12: 0.51621557 | O12: 0.58330032 | P12: 0.51810635 | Q12: 0.60087802 | R12: 0.50172899 | S12: 0.49176914 | T12: 0.73062409 | U12: 0.56479568 | V12: 0.63137255 | X12: 0.62726482 | Y12: 0.53929114
B13: Research a hobby or personal interest | C13: 0.51627078 | D13: 0.53015484 | E13: 0.50313657 | G13: 0.60773895 | H13: 0.58739683 | I13: 0.56136376 | J13: 0.56083491 | K13: 0.49345322 | L13: 0.39576673 | N13: 0.58988204 | O13: 0.73173833 | P13: 0.36708748 | Q13: 0.55823244 | R13: 0.41888963 | S13: 0.54304696 | T13: 0.52508959 | U13: 0.64784051 | V13: 0.46339853 | X13: 0.58681309 | Y13: 0.47723502
B14: Have a video chat with friends or relatives | C14: 0.51223184 | D14: 0.48946642 | E14: 0.53345486 | G14: 0.65908662 | H14: 0.5915421 | I14: 0.57613033 | J14: 0.50562864 | K14: 0.46577776 | L14: 0.40473124 | N14: 0.4995677 | O14: 0.39405749 | P14: 0.47455741 | Q14: 0.45793717 | R14: 0.49522259 | S14: 0.45636643 | T14: 0.56780048 | U14: 0.67304873 | V14: 0.44740889 | X14: 0.57936697 | Y14: 0.47508151
B15: Book a medical appointment | C15: 0.5059496 | D15: 0.47186213 | E15: 0.53808277 | G15: 0.50973172 | H15: 0.50336695 | I15: 0.50186008 | J15: 0.50228804 | K15: 0.50630738 | L15: 0.51096083 | N15: 0.55593242 | O15: 0.58082232 | P15: 0.64440088 | Q15: 0.33922918 | R15: 0.41734032 | S15: 0.42723746 | T15: 0.47550374 | U15: 0.66239954 | V15: 0.61422815 | X15: 0.57390001 | Y15: 0.46834811
B16: Pay your taxes | C16: 0.41450542 | D16: 0.45103777 | E16: 0.38126336 | G16: 0.26705314 | H16: 0.41562531 | I16: 0.43697833 | J16: 0.41983431 | K16: 0.43029857 | L16: 0.4402642 | N16: 0.41550438 | O16: 0.36369124 | P16: 0.49185064 | Q16: 0.1927389 | R16: 0.3865476 | S16: 0.48560902 | T16: 0.48875849 | U16: 0.40305612 | V16: 0.53201643 | X16: 0.52759026 | Y16: 0.35192806
B17: Track your exercise | C17: 0.25463017 | D17: 0.25566777 | E17: 0.25388725 | G17: 0.38684232 | H17: 0.40348461 | I17: 0.32332891 | J17: 0.25861862 | K17: 0.17048458 | L17: 0.12590203 | N17: 0.18119837 | O17: 0.34505258 | P17: 0.22702395 | Q17: 0.21908016 | R17: 0.25148834 | S17: 0.24341539 | T17: 0.2876533 | U17: 0.31372496 | V17: 0.21045121 | X17: 0.32413616 | Y17: 0.21616788
B18: Track your health | C18: 0.25047189 | D18: 0.23564867 | E18: 0.26435371 | G18: 0.33712301 | H18: 0.31825658 | I18: 0.28351377 | J18: 0.25090519 | K18: 0.19480453 | L18: 0.19324786 | N18: 0.41118456 | O18: 0.50185725 | P18: 0.22154959 | Q18: 0.1517361 | R18: 0.22617036 | S18: 0.29879043 | T18: 0.25180194 | U18: 0.2703788 | V18: 0.24656229 | X18: 0.30227474 | Y18: 0.22180592
... B22: None of the above | C22: 0.019505823 | D22: 0.015673286 | E22: 0.023191827 | G22: 0.015879695 | H22: 0.0069728797 | I22: 0.015007038 | J22: 0.022038925 | K22: 0.018839639 | L22: 0.02986785 | N22: 0 | O22: 0.0033596367 | P22: 0.021819415 | Q22: 0.042638446 | R22: 0.01778144 | S22: 0.019228806 | T22: 0.0091686704 | U22: 0.014126053 | V22: 0.018671676 | X22: 0.0099358924 | Y22: 0.024801503
B24: Fieldwork: 23rd Apr - 30th Apr 2022
B25: Data weighted by interlocking age & gender, region, and education level to Nationally Representative Proportions in selected EU member states
B27: =HYPERLINK("#'Contents'!A1", "Return to Contents") -> Return to Contents

Sheet Table 19
D2: And which, if any, of the same list activities did you use a website or app to do for the first time in the last two years?Please select all that apply
D5: Gender | G5: Age | N5: Country | X5: Education
C6: Total | D6: Male | E6: Female | G6: 18-24 | H6: 25-34 | I6: 35-44 | J6: 45-54 | K6: 55-64 | L6: 65+ | N6: Denmark | O6: Finland | P6: France | Q6: Germany | R6: Italy | S6: Netherlands | T6: Poland | U6: Spain | V6: Sweden | X6: Graduate | Y6: Non-Graduate
B7: Unweighted | C7: 6838 | D7: 3283 | E7: 3541 | G7: 635 | H7: 1075 | I7: 1093 | J7: 1228 | K7: 1156 | L7: 1651 | N7: 208 | O7: 200 | P7: 1002 | Q7: 1000 | R7: 1004 | S7: 1006 | T7: 1006 | U7: 1007 | V7: 405 | X7: 2650 | Y7: 4188
B8: Weighted | C8: 6838 | D8: 3309 | E8: 3515 | G8: 645 | H8: 1026 | I8: 1111 | J8: 1184 | K8: 1140 | L8: 1732 | N8: 208 | O8: 200 | P8: 1002 | Q8: 1000 | R8: 1004 | S8: 1006 | T8: 1006 | U8: 1007 | V8: 405 | X8: 2436 | Y8: 4402
B9: Book a medical appointment | C9: 0.26657726 | D9: 0.25939197 | E9: 0.27329377 | G9: 0.29884163 | H9: 0.28248245 | I9: 0.28114489 | J9: 0.24505015 | K9: 0.25493271 | L9: 0.25818529 | N9: 0.15365822 | O9: 0.21764297 | P9: 0.32800269 | Q9: 0.19757496 | R9: 0.25124699 | S9: 0.20430971 | T9: 0.28941002 | U9: 0.36747467 | V9: 0.25222497 | X9: 0.28455425 | Y9: 0.25662939
B10: Check your bank balance | C10: 0.21455516 | D10: 0.22065278 | E10: 0.20830166 | G10: 0.28410945 | H10: 0.21589123 | I10: 0.21838607 | J10: 0.21352522 | K10: 0.19286527 | L10: 0.20040297 | N10: 0.12592392 | O10: 0.16828949 | P10: 0.24891462 | Q10: 0.13936763 | R10: 0.26589959 | S10: 0.18144291 | T10: 0.20731285 | U10: 0.29370298 | V10: 0.1597225 | X10: 0.18727873 | Y10: 0.22964902
B11: Buy a product or service online | C11: 0.18552683 | D11: 0.18963888 | E11: 0.18239811 | G11: 0.23131096 | H11: 0.18749288 | I11: 0.18549172 | J11: 0.21072841 | K11: 0.15921632 | L11: 0.16744368 | N11: 0.092714486 | O11: 0.11585157 | P11: 0.20571539 | Q11: 0.11416173 | R11: 0.26245598 | S11: 0.14313699 | T11: 0.19163481 | U11: 0.25094513 | V11: 0.13061977 | X11: 0.16788156 | Y11: 0.19529114
B12: Have a video chat with friends or relatives | C12: 0.17075748 | D12: 0.17099868 | E12: 0.17041915 | G12: 0.22758186 | H12: 0.17824541 | I12: 0.19265449 | J12: 0.1729415 | K12: 0.14423469 | L12: 0.14709722 | N12: 0.12871722 | O12: 0.1319227 | P12: 0.16122536 | Q12: 0.11971487 | R12: 0.20560569 | S12: 0.14018576 | T12: 0.16281034 | U12: 0.26651451 | V12: 0.1323382 | X12: 0.17893244 | Y12: 0.16623374
B13: Watch a film or TV show | C13: 0.16711341 | D13: 0.18172124 | E13: 0.1534831 | G13: 0.24333886 | H13: 0.21457121 | I13: 0.19247933 | J13: 0.1846576 | K13: 0.12589932 | L13: 0.10952013 | N13: 0.10488053 | O13: 0.075804833 | P13: 0.16463315 | Q13: 0.095558913 | R13: 0.22710889 | S13: 0.13810718 | T13: 0.16826758 | U13: 0.24005044 | V13: 0.16608136 | X13: 0.16139449 | Y13: 0.17027807
B14: Comparison shop between two products or services | C14: 0.1350057 | D14: 0.14194232 | E14: 0.12875944 | G14: 0.16959863 | H14: 0.13399825 | I14: 0.15844337 | J14: 0.14095875 | K14: 0.12568446 | L14: 0.10976169 | N14: 0.081378911 | O14: 0.079072609 | P14: 0.13247086 | Q14: 0.093041898 | R14: 0.17577664 | S14: 0.10131959 | T14: 0.15082531 | U14: 0.19006085 | V14: 0.10647192 | X14: 0.12350358 | Y14: 0.14137058
B15: Pay your taxes | C15: 0.13319305 | D15: 0.15151932 | E15: 0.11582625 | G15: 0.1645375 | H15: 0.17393 | I15: 0.15740858 | J15: 0.12039953 | K15: 0.10742691 | L15: 0.10758175 | N15: 0.10980027 | O15: 0.055942938 | P15: 0.16017389 | Q15: 0.060198319 | R15: 0.17462014 | S15: 0.097027135 | T15: 0.16347198 | U15: 0.17015833 | V15: 0.11685017 | X15: 0.15739492 | Y15: 0.11980055
B16: Track your health | C16: 0.13096123 | D16: 0.13485747 | E16: 0.12701288 | G16: 0.20712888 | H16: 0.16819028 | I16: 0.15143374 | J16: 0.11385105 | K16: 0.093765784 | L16: 0.10361947 | N16: 0.12780136 | O16: 0.13714228 | P16: 0.11922587 | Q16: 0.06954052 | R16: 0.13093162 | S16: 0.12827656 | T16: 0.15693288 | U16: 0.17892697 | V16: 0.13318858 | X16: 0.14742142 | Y16: 0.12185271
B17: Track your exercise | C17: 0.12352549 | D17: 0.12204038 | E17: 0.12488931 | G17: 0.20046862 | H17: 0.17419137 | I17: 0.1754236 | J17: 0.11746136 | K17: 0.085815444 | L17: 0.06057313 | N17: 0.10154445 | O17: 0.12712489 | P17: 0.11642294 | Q17: 0.065808858 | R17: 0.15148652 | S17: 0.11266677 | T17: 0.13775291 | U17: 0.16768261 | V17: 0.10564291 | X17: 0.1465389 | Y17: 0.11079064
B18: Research a hobby or personal interest | C18: 0.11941261 | D18: 0.12302496 | E18: 0.11591363 | G18: 0.16127731 | H18: 0.14350791 | I18: 0.14082506 | J18: 0.1334243 | K18: 0.096576041 | L18: 0.081290284 | N18: 0.052814541 | O18: 0.06266502 | P18: 0.107371 | Q18: 0.06351192 | R18: 0.14491472 | S18: 0.096255949 | T18: 0.12233242 | U18: 0.20999593 | V18: 0.11127696 | X18: 0.12341628 | Y18: 0.11719712
... B22: None of the above | C22: 0.38655287 | D22: 0.38181681 | E22: 0.39169067 | G22: 0.2131983 | H22: 0.29945233 | I22: 0.33070786 | J22: 0.43546306 | K22: 0.45633764 | L22: 0.45909392 | N22: 0.54490155 | O22: 0.50310542 | P22: 0.35328379 | Q22: 0.49901308 | R22: 0.27423265 | S22: 0.46447565 | T22: 0.32840042 | U22: 0.30170402 | V22: 0.49260644 | X22: 0.3826921 | Y22: 0.38868929
B24: Fieldwork: 23rd Apr - 30th Apr 2022
B25: Data weighted by interlocking age & gender, region, and education level to Nationally Representative Proportions in selected EU member states
B27: =HYPERLINK("#'Contents'!A1", "Return to Contents") -> Return to Contents

Sheet Table 20
D2: How much time do you spend on an average working day working out to do something which you at first didn’t know how to do on the computer?For example, working out how to correctly format a file, share a link to a video call, or write a spreadsheet formula.
D5: Gender | G5: Age | N5: Country | X5: Education
C6: Total | D6: Male | E6: Female | G6: 18-24 | H6: 25-34 | I6: 35-44 | J6: 45-54 | K6: 55-64 | L6: 65+ | N6: Denmark | O6: Finland | P6: France | Q6: Germany | R6: Italy | S6: Netherlands | T6: Poland | U6: Spain | V6: Sweden | X6: Graduate | Y6: Non-Graduate
B7: Unweighted | C7: 3716 | D7: 1971 | E7: 1736 | G7: 251 | H7: 847 | I7: 873 | J7: 919 | K7: 652 | L7: 174 | N7: 101 | O7: 101 | P7: 508 | Q7: 536 | R7: 488 | S7: 546 | T7: 648 | U7: 573 | V7: 215 | X7: 1783 | Y7: 1933
B8: Weighted | C8: 3642 | D8: 1990 | E8: 1643 | G8: 263 | H8: 804 | I8: 885 | J8: 875 | K8: 630 | L8: 185 | N8: 106 | O8: 95 | P8: 509 | Q8: 549 | R8: 458 | S8: 556 | T8: 615 | U8: 531 | V8: 224 | X8: 1638 | Y8: 2004
B9: Not applicable - I don’t use computers for my job, or never run into problems with knowing what to do on computers | C9: 0.19398305 | D9: 0.19607747 | E9: 0.19079972 | G9: 0.20935636 | H9: 0.17944869 | I9: 0.17831067 | J9: 0.20011715 | K9: 0.2144237 | L9: 0.21161015 | N9: 0.14722221 | O9: 0.15200035 | P9: 0.20947728 | Q9: 0.17978825 | R9: 0.1849614 | S9: 0.16534331 | T9: 0.23709721 | U9: 0.21061752 | V9: 0.16520836 | X9: 0.11321672 | Y9: 0.26001826
B10: Less than 5 minutes a day | C10: 0.20833992 | D10: 0.18882669 | E10: 0.23254816 | G10: 0.18523025 | H10: 0.24248118 | I10: 0.18481362 | J10: 0.20123072 | K10: 0.20620396 | L10: 0.24637996 | N10: 0.23601844 | O10: 0.37729536 | P10: 0.17435648 | Q10: 0.33443265 | R10: 0.13212908 | S10: 0.28927101 | T10: 0.089177688 | U10: 0.18258627 | V10: 0.23529599 | X10: 0.2498327 | Y10: 0.17441508
B11: 5 - 15 minutes a day | C11: 0.21492698 | D11: 0.22671643 | E11: 0.20046733 | G11: 0.21827217 | H11: 0.18891113 | I11: 0.2303247 | J11: 0.21677765 | K11: 0.22946452 | L11: 0.1912437 | N11: 0.18851641 | O11: 0.22235755 | P11: 0.20859127 | Q11: 0.21076251 | R11: 0.18714921 | S11: 0.20793133 | T11: 0.19077401 | U11: 0.25508709 | V11: 0.29420922 | X11: 0.2442585 | Y11: 0.19094529
B12: 16 - 30 minutes a day | C12: 0.15181203 | D12: 0.1651544 | E12: 0.13466623 | G12: 0.22054275 | H12: 0.17603816 | I12: 0.15995111 | J12: 0.14002318 | K12: 0.10803805 | L12: 0.11466767 | N12: 0.11442654 | O12: 0.090841745 | P12: 0.16147989 | Q12: 0.10079903 | R12: 0.18202675 | S12: 0.14134531 | T12: 0.18987441 | U12: 0.16205421 | V12: 0.13368208 | X12: 0.17327811 | Y12: 0.13426119
B13: 31 - 60 minutes a day | C13: 0.071621909 | D13: 0.085267914 | E13: 0.055471671 | G13: 0.075679126 | H13: 0.086049827 | I13: 0.073327801 | J13: 0.061578865 | K13: 0.062769189 | L13: 0.072677881 | N13: 0.10816259 | O13: 0.012886023 | P13: 0.059215327 | Q13: 0.050454124 | R13: 0.090223823 | S13: 0.053307589 | T13: 0.095940003 | U13: 0.084924177 | V13: 0.068334665 | X13: 0.07359941 | Y13: 0.07000509
B14: More than an hour each day | C14: 0.069979087 | D14: 0.063393656 | E14: 0.078332337 | G14: 0.043521433 | H14: 0.059449028 | I14: 0.076051123 | J14: 0.082325771 | K14: 0.060664407 | L14: 0.097672536 | N14: 0.08825052 | O14: 0.045131507 | P14: 0.097387405 | Q14: 0.030099865 | R14: 0.12306677 | S14: 0.058674015 | T14: 0.098201421 | U14: 0.041732934 | V14: 0.016188553 | X14: 0.070313865 | Y14: 0.069705369
B15: Don’t Know | C15: 0.08933703 | D15: 0.074563447 | E15: 0.10771456 | G15: 0.047397913 | H15: 0.067621988 | I15: 0.097220972 | J15: 0.097946663 | K15: 0.11843618 | L15: 0.06574811 | N15: 0.11740329 | O15: 0.099487461 | P15: 0.08949235 | Q15: 0.093663574 | R15: 0.10044296 | S15: 0.084127434 | T15: 0.098935248 | U15: 0.062997794 | V15: 0.087081129 | X15: 0.075500701 | Y15: 0.10064972
B16: BASE: Respondents who are currently working
B17: Fieldwork: 23rd Apr - 30th Apr 2022
B18: Data weighted by interlocking age & gender, region, and education level to Nationally Representative Proportions in selected EU member states
B20: =HYPERLINK("#'Contents'!A1", "Return to Contents") -> Return to Contents

Sheet Table 21
D2: Grid Summary: How confident or unconfident would you be that you could perform the following digital activities?
C6: Send an email | D6: Research a topic | E6: Find a good price for a product online | F6: Book an appointment with a doctor | G6: Save a document | H6: Post something on social media | I6: Share a file online | J6: Tracking changes in a document | K6: Edit a photo | L6: Use two-factor authentication | M6: Schedule a video meeting | N6: Create a spreadsheet to track your budget | O6: Edit a video | P6: Analyse a large dataset that wouldn’t fit into a spreadsheet | Q6: Create your own website | R6: Program a small application | S6: Build a machine learning model
B7: Very confident | C7: 0.73883867 | D7: 0.54485054 | E7: 0.51405091 | F7: 0.54757353 | G7: 0.57763535 | H7: 0.48272788 | I7: 0.424987 | J7: 0.29035914 | K7: 0.35833592 | L7: 0.32453811 | M7: 0.27606043 | N7: 0.26773508 | O7: 0.18821625 | P7: 0.098461761 | Q7: 0.10065308 | R7: 0.089382796 | S7: 0.051816101
B8: Somewhat confident | C8: 0.18880626 | D8: 0.31411525 | E8: 0.34332543 | F8: 0.29647451 | G8: 0.27101485 | H8: 0.26178791 | I8: 0.29211101 | J8: 0.32011753 | K8: 0.31964157 | L8: 0.2185092 | M8: 0.26999478 | N8: 0.2518493 | O8: 0.24274435 | P8: 0.18644757 | Q8: 0.18755705 | R8: 0.16710906 | S8: 0.11091575
B9: Neither confident or unconfident | C9: 0.046089893 | D9: 0.09278719 | E9: 0.091958365 | F9: 0.093133181 | G9: 0.088395845 | H9: 0.11710916 | I9: 0.13614139 | J9: 0.19575865 | K9: 0.14970855 | L9: 0.1611729 | M9: 0.18776145 | N9: 0.18999265 | O9: 0.20613667 | P9: 0.22251078 | Q9: 0.20488627 | R9: 0.1812677 | S9: 0.19796602
B10: Somewhat unconfident | C10: 0.010793486 | D10: 0.018795866 | E10: 0.021213377 | F10: 0.023482042 | G10: 0.025659075 | H10: 0.040092956 | I10: 0.062236125 | J10: 0.070714367 | K10: 0.069459997 | L10: 0.065032786 | M10: 0.080335769 | N10: 0.094181852 | O10: 0.12564922 | P10: 0.1452436 | Q10: 0.15329759 | R10: 0.15149406 | S10: 0.15306032
B11: Very unconfident | C11: 0.0057141998 | D11: 0.011118481 | E11: 0.012041023 | F11: 0.016061699 | G11: 0.017525348 | H11: 0.050635406 | I11: 0.041543661 | J11: 0.057089317 | K11: 0.062717244 | L11: 0.089296369 | M11: 0.091406689 | N11: 0.11000743 | O11: 0.14819013 | P11: 0.19392907 | Q11: 0.23244379 | R11: 0.28612962 | S11: 0.29754316
B12: Don't Know | C12: 0.0097574987 | D12: 0.018332674 | E12: 0.017410893 | F12: 0.023275037 | G12: 0.019769533 | H12: 0.047646686 | I12: 0.042980811 | J12: 0.065961001 | K12: 0.040136722 | L12: 0.14145063 | M12: 0.094440881 | N12: 0.08623369 | O12: 0.089063385 | P12: 0.15340721 | Q12: 0.12116221 | R12: 0.12461677 | S12: 0.18869864
B13: Total Confident: | C13: 0.92764492 | D13: 0.85896579 | E13: 0.85737634 | F13: 0.84404804 | G13: 0.8486502 | H13: 0.74451579 | I13: 0.71709801 | J13: 0.61047666 | K13: 0.67797749 | L13: 0.54304732 | M13: 0.54605521 | N13: 0.51958438 | O13: 0.4309606 | P13: 0.28490933 | Q13: 0.28821013 | R13: 0.25649185 | S13: 0.16273185
B14: Total Unconfident: | C14: 0.016507685 | D14: 0.029914347 | E14: 0.0332544 | F14: 0.039543741 | G14: 0.043184423 | H14: 0.090728362 | I14: 0.10377979 | J14: 0.12780368 | K14: 0.13217724 | L14: 0.15432916 | M14: 0.17174246 | N14: 0.20418928 | O14: 0.27383935 | P14: 0.33917268 | Q14: 0.38574138 | R14: 0.43762368 | S14: 0.45060348
B15: Net: | C15: 0.91113724 | D15: 0.82905144 | E15: 0.82412194 | F15: 0.8045043 | G15: 0.80546578 | H15: 0.65378743 | I15: 0.61331822 | J15: 0.48267298 | K15: 0.54580024 | L15: 0.38871816 | M15: 0.37431275 | N15: 0.3153951 | O15: 0.15712125 | P15: -0.054263343 | Q15: -0.09753125 | R15: -0.18113183 | S15: -0.28787162
B17: Fieldwork: 23rd Apr - 30th Apr 2022
B18: Data weighted by interlocking age & gender, region, and education level to Nationally Representative Proportions in selected EU member states
B22: =HYPERLINK("#'Contents'!A1", "Return to Contents") -> Return to Contents

Sheet Table 22
D2: How confident or unconfident would you be that you could perform the following digital activities?: Save a document
D5: Gender | G5: Age | N5: Country | X5: Education
C6: Total | D6: Male | E6: Female | G6: 18-24 | H6: 25-34 | I6: 35-44 | J6: 45-54 | K6: 55-64 | L6: 65+ | N6: Denmark | O6: Finland | P6: France | Q6: Germany | R6: Italy | S6: Netherlands | T6: Poland | U6: Spain | V6: Sweden | X6: Graduate | Y6: Non-Graduate
B7: Unweighted | C7: 6838 | D7: 3283 | E7: 3541 | G7: 635 | H7: 1075 | I7: 1093 | J7: 1228 | K7: 1156 | L7: 1651 | N7: 208 | O7: 200 | P7: 1002 | Q7: 1000 | R7: 1004 | S7: 1006 | T7: 1006 | U7: 1007 | V7: 405 | X7: 2650 | Y7: 4188
B8: Weighted | C8: 6838 | D8: 3309 | E8: 3515 | G8: 645 | H8: 1026 | I8: 1111 | J8: 1184 | K8: 1140 | L8: 1732 | N8: 208 | O8: 200 | P8: 1002 | Q8: 1000 | R8: 1004 | S8: 1006 | T8: 1006 | U8: 1007 | V8: 405 | X8: 2436 | Y8: 4402
B9: Very confident | C9: 0.57763535 | D9: 0.60021456 | E9: 0.55557468 | G9: 0.64090454 | H9: 0.64193481 | I9: 0.60243344 | J9: 0.58808292 | K9: 0.5759857 | L9: 0.49406531 | N9: 0.68304463 | O9: 0.61660812 | P9: 0.51286921 | Q9: 0.67510934 | R9: 0.52640033 | S9: 0.64559469 | T9: 0.60432322 | U9: 0.43776044 | V9: 0.66351417 | X9: 0.66826952 | Y9: 0.52748144
B10: Somewhat confident | C10: 0.27101485 | D10: 0.26445098 | E10: 0.27804575 | G10: 0.23888537 | H10: 0.25243546 | I10: 0.28156119 | J10: 0.26437993 | K10: 0.25970775 | L10: 0.29918198 | N10: 0.22238667 | O10: 0.22595407 | P10: 0.30914293 | Q10: 0.20213728 | R10: 0.33731938 | S10: 0.22252448 | T10: 0.23879013 | U10: 0.3572487 | V10: 0.21568689 | X10: 0.2317867 | Y10: 0.29272239
B11: Neither confident or unconfident | C11: 0.088395845 | D11: 0.083289226 | E11: 0.09321865 | G11: 0.083645961 | H11: 0.074672619 | I11: 0.079998579 | J11: 0.085259708 | K11: 0.087634777 | L11: 0.10631792 | N11: 0.034882803 | O11: 0.060528216 | P11: 0.09580405 | Q11: 0.062601517 | R11: 0.091591695 | S11: 0.072945897 | T11: 0.11140626 | U11: 0.11728614 | V11: 0.07646636 | X11: 0.065324398 | Y11: 0.10116281
B12: Somewhat unconfident | C12: 0.025659075 | D12: 0.024306156 | E12: 0.026720974 | G12: 0.023379599 | H12: 0.020606266 | I12: 0.014768063 | J12: 0.03000243 | K12: 0.020394762 | L12: 0.036981676 | N12: 0.026213285 | O12: 0.079859033 | P12: 0.028416464 | Q12: 0.020712768 | R12: 0.020738053 | S12: 0.017619925 | T12: 0.020625738 | U12: 0.036114127 | V12: 0.022675187 | X12: 0.020150517 | Y12: 0.028707326
B13: Very unconfident | C13: 0.017525348 | D13: 0.014216669 | E13: 0.020710266 | G13: 0.008459815 | H13: 0.0010217114 | I13: 0.0047612892 | J13: 0.010487145 | K13: 0.035454605 | L13: 0.031864664 | N13: 0.019948302 | O13: 0.0086306366 | P13: 0.022849705 | Q13: 0.019769443 | R13: 0.0068464681 | S13: 0.02145158 | T13: 0.011468925 | U13: 0.028411867 | V13: 0.0066554938 | X13: 0.0061850397 | Y13: 0.023800695
B14: Don't Know | C14: 0.019769533 | D14: 0.01352241 | E14: 0.025729683 | G14: 0.0047247122 | H14: 0.0093291291 | I14: 0.016477433 | J14: 0.021787869 | K14: 0.020822415 | L14: 0.031588446 | N14: 0.013524308 | O14: 0.0084199218 | P14: 0.030917638 | Q14: 0.019669652 | R14: 0.01710408 | S14: 0.019863433 | T14: 0.013385731 | U14: 0.023178725 | V14: 0.015001899 | X14: 0.0082838243 | Y14: 0.026125339
B15: Total Confident: | C15: 0.8486502 | D15: 0.86466554 | E15: 0.83362043 | G15: 0.87978991 | H15: 0.89437027 | I15: 0.88399464 | J15: 0.85246285 | K15: 0.83569344 | L15: 0.7932473 | N15: 0.9054313 | O15: 0.84256219 | P15: 0.82201214 | Q15: 0.87724662 | R15: 0.8637197 | S15: 0.86811917 | T15: 0.84311335 | U15: 0.79500914 | V15: 0.87920106 | X15: 0.90005622 | Y15: 0.82020383
B16: Total Unconfident: | C16: 0.043184423 | D16: 0.038522825 | E16: 0.04743124 | G16: 0.031839414 | H16: 0.021627978 | I16: 0.019529352 | J16: 0.040489575 | K16: 0.055849367 | L16: 0.068846341 | N16: 0.046161587 | O16: 0.08848967 | P16: 0.051266169 | Q16: 0.040482211 | R16: 0.027584521 | S16: 0.039071505 | T16: 0.032094662 | U16: 0.064525994 | V16: 0.029330681 | X16: 0.026335557 | Y16: 0.052508021
B17: Net: | C17: 0.80546578 | D17: 0.82614271 | E17: 0.78618919 | G17: 0.8479505 | H17: 0.8727423 | I17: 0.86446528 | J17: 0.81197327 | K17: 0.77984408 | L17: 0.72440096 | N17: 0.85926972 | O17: 0.75407252 | P17: 0.77074597 | Q17: 0.83676441 | R17: 0.83613518 | S17: 0.82904766 | T17: 0.81101869 | U17: 0.73048315 | V17: 0.84987038 | X17: 0.87372066 | Y17: 0.76769581
B19: Fieldwork: 23rd Apr - 30th Apr 2022
B20: Data weighted by interlocking age & gender, region, and education level to Nationally Representative Proportions in selected EU member states
B22: =HYPERLINK("#'Contents'!A1", "Return to Contents") -> Return to Contents

Sheet Table 23
D2: How confident or unconfident would you be that you could perform the following digital activities?: Tracking changes in a document
D5: Gender | G5: Age | N5: Country | X5: Education
C6: Total | D6: Male | E6: Female | G6: 18-24 | H6: 25-34 | I6: 35-44 | J6: 45-54 | K6: 55-64 | L6: 65+ | N6: Denmark | O6: Finland | P6: France | Q6: Germany | R6: Italy | S6: Netherlands | T6: Poland | U6: Spain | V6: Sweden | X6: Graduate | Y6: Non-Graduate
B7: Unweighted | C7: 6838 | D7: 3283 | E7: 3541 | G7: 635 | H7: 1075 | I7: 1093 | J7: 1228 | K7: 1156 | L7: 1651 | N7: 208 | O7: 200 | P7: 1002 | Q7: 1000 | R7: 1004 | S7: 1006 | T7: 1006 | U7: 1007 | V7: 405 | X7: 2650 | Y7: 4188
B8: Weighted | C8: 6838 | D8: 3309 | E8: 3515 | G8: 645 | H8: 1026 | I8: 1111 | J8: 1184 | K8: 1140 | L8: 1732 | N8: 208 | O8: 200 | P8: 1002 | Q8: 1000 | R8: 1004 | S8: 1006 | T8: 1006 | U8: 1007 | V8: 405 | X8: 2436 | Y8: 4402
B9: Very confident | C9: 0.29035914 | D9: 0.3199869 | E9: 0.26254903 | G9: 0.36400924 | H9: 0.36371838 | I9: 0.32731699 | J9: 0.30512836 | K9: 0.25004232 | L9: 0.21226099 | N9: 0.23153922 | O9: 0.17513273 | P9: 0.28633706 | Q9: 0.29634749 | R9: 0.23025573 | S9: 0.39346511 | T9: 0.29928488 | U9: 0.29113451 | V9: 0.24142262 | X9: 0.38933756 | Y9: 0.23558779
B10: Somewhat confident | C10: 0.32011753 | D10: 0.3389993 | E10: 0.30187637 | G10: 0.37964716 | H10: 0.37021174 | I10: 0.3488572 | J10: 0.31544425 | K10: 0.30370901 | L10: 0.26386749 | N10: 0.24772447 | O10: 0.19133855 | P10: 0.33130505 | Q10: 0.31265681 | R10: 0.40738003 | S10: 0.29635528 | T10: 0.30517238 | U10: 0.33820473 | V10: 0.24648454 | X10: 0.33219547 | Y10: 0.313434
B11: Neither confident or unconfident | C11: 0.19575865 | D11: 0.18887051 | E11: 0.20242646 | G11: 0.18350366 | H11: 0.1611108 | I11: 0.18715807 | J11: 0.20920948 | K11: 0.20314513 | L11: 0.21229365 | N11: 0.20405657 | O11: 0.20547871 | P11: 0.18266997 | Q11: 0.22016945 | R11: 0.20815451 | S11: 0.14698779 | T11: 0.21477289 | U11: 0.19431534 | V11: 0.20557892 | X11: 0.1570695 | Y11: 0.21716793
B12: Somewhat unconfident | C12: 0.070714367 | D12: 0.058551202 | E12: 0.082447735 | G12: 0.040660873 | H12: 0.051404179 | I12: 0.061270235 | J12: 0.063165832 | K12: 0.08064669 | L12: 0.098008619 | N12: 0.11949719 | O12: 0.20513021 | P12: 0.061199765 | Q12: 0.060900587 | R12: 0.064895614 | S12: 0.046902608 | T12: 0.079631125 | U12: 0.052388856 | V12: 0.12404178 | X12: 0.054094136 | Y12: 0.079911446
B13: Very unconfident | C13: 0.057089317 | D13: 0.04270356 | E13: 0.070578522 | G13: 0.017344397 | H13: 0.020266206 | I13: 0.027467309 | J13: 0.046338582 | K13: 0.081776439 | L13: 0.10377707 | N13: 0.091566 | O13: 0.13747543 | P13: 0.057115535 | Q13: 0.056818269 | R13: 0.036717606 | S13: 0.047288029 | T13: 0.049283349 | U13: 0.043937259 | V13: 0.12722914 | X13: 0.031454958 | Y13: 0.071274513
B14: Don't Know | C14: 0.065961001 | D14: 0.050888528 | E14: 0.080121882 | G14: 0.014834668 | H14: 0.0332887 | I14: 0.047930188 | J14: 0.060713503 | K14: 0.080680419 | L14: 0.10979219 | N14: 0.10561654 | O14: 0.085444367 | P14: 0.081372611 | Q14: 0.053107397 | R14: 0.052596516 | S14: 0.069001179 | T14: 0.05185538 | U14: 0.080019304 | V14: 0.055243009 | X14: 0.035848374 | Y14: 0.082624321
B15: Total Confident: | C15: 0.61047666 | D15: 0.6589862 | E15: 0.5644254 | G15: 0.7436564 | H15: 0.73393012 | I15: 0.6761742 | J15: 0.62057261 | K15: 0.55375132 | L15: 0.47612848 | N15: 0.47926369 | O15: 0.36647128 | P15: 0.61764212 | Q15: 0.6090043 | R15: 0.63763576 | S15: 0.68982039 | T15: 0.60445726 | U15: 0.62933924 | V15: 0.48790716 | X15: 0.72153303 | Y15: 0.54902179
B16: Total Unconfident: | C16: 0.12780368 | D16: 0.10125476 | E16: 0.15302626 | G16: 0.058005271 | H16: 0.071670385 | I16: 0.088737543 | J16: 0.10950441 | K16: 0.16242313 | L16: 0.20178569 | N16: 0.21106319 | O16: 0.34260564 | P16: 0.1183153 | Q16: 0.11771886 | R16: 0.10161322 | S16: 0.094190637 | T16: 0.12891447 | U16: 0.096326115 | V16: 0.25127092 | X16: 0.085549094 | Y16: 0.15118596
B17: Net: | C17: 0.48267298 | D17: 0.55773144 | E17: 0.41139914 | G17: 0.68565113 | H17: 0.66225974 | I17: 0.58743666 | J17: 0.51106819 | K17: 0.39132819 | L17: 0.27434279 | N17: 0.2682005 | O17: 0.023865641 | P17: 0.49932682 | Q17: 0.49128544 | R17: 0.53602254 | S17: 0.59562975 | T17: 0.47554278 | U17: 0.53301312 | V17: 0.23663624 | X17: 0.63598394 | Y17: 0.39783583
B19: Fieldwork: 23rd Apr - 30th Apr 2022
B20: Data weighted by interlocking age & gender, region, and education level to Nationally Representative Proportions in selected EU member states
B22: =HYPERLINK("#'Contents'!A1", "Return to Contents") -> Return to Contents

Sheet Table 24
D2: How confident or unconfident would you be that you could perform the following digital activities?: Send an email
D5: Gender | G5: Age | N5: Country | X5: Education
C6: Total | D6: Male | E6: Female | G6: 18-24 | H6: 25-34 | I6: 35-44 | J6: 45-54 | K6: 55-64 | L6: 65+ | N6: Denmark | O6: Finland | P6: France | Q6: Germany | R6: Italy | S6: Netherlands | T6: Poland | U6: Spain | V6: Sweden | X6: Graduate | Y6: Non-Graduate
B7: Unweighted | C7: 6838 | D7: 3283 | E7: 3541 | G7: 635 | H7: 1075 | I7: 1093 | J7: 1228 | K7: 1156 | L7: 1651 | N7: 208 | O7: 200 | P7: 1002 | Q7: 1000 | R7: 1004 | S7: 1006 | T7: 1006 | U7: 1007 | V7: 405 | X7: 2650 | Y7: 4188
B8: Weighted | C8: 6838 | D8: 3309 | E8: 3515 | G8: 645 | H8: 1026 | I8: 1111 | J8: 1184 | K8: 1140 | L8: 1732 | N8: 208 | O8: 200 | P8: 1002 | Q8: 1000 | R8: 1004 | S8: 1006 | T8: 1006 | U8: 1007 | V8: 405 | X8: 2436 | Y8: 4402
B9: Very confident | C9: 0.73883867 | D9: 0.73888494 | E9: 0.7389601 | G9: 0.72694383 | H9: 0.72213663 | I9: 0.73924791 | J9: 0.75049466 | K9: 0.76541654 | L9: 0.72743095 | N9: 0.84929643 | O9: 0.89853374 | P9: 0.66894381 | Q9: 0.81503931 | R9: 0.6882965 | S9: 0.81292419 | T9: 0.78959268 | U9: 0.56613669 | V9: 0.83263233 | X9: 0.77016256 | Y9: 0.72150508
B10: Somewhat confident | C10: 0.18880626 | D10: 0.18510731 | E10: 0.19248661 | G10: 0.16530126 | H10: 0.19932158 | I10: 0.18155681 | J10: 0.17584157 | K10: 0.17193091 | L10: 0.21594591 | N10: 0.09339755 | O10: 0.083000124 | P10: 0.24419312 | Q10: 0.10830604 | R10: 0.24844833 | S10: 0.13878809 | T10: 0.16117019 | U10: 0.30143356 | V10: 0.11678805 | X10: 0.16559324 | Y10: 0.20165156
B11: Neither confident or unconfident | C11: 0.046089893 | D11: 0.051162637 | E11: 0.041160557 | G11: 0.075068131 | H11: 0.056852676 | I11: 0.054321967 | J11: 0.047662632 | K11: 0.030329362 | L11: 0.032953002 | N11: 0.03432166 | O11: 0.010046216 | P11: 0.045390628 | Q11: 0.046630247 | R11: 0.042619051 | S11: 0.030702986 | T11: 0.035889271 | U11: 0.087179397 | V11: 0.040325662 | X11: 0.045789473 | Y11: 0.046256135
B12: Somewhat unconfident | C12: 0.010793486 | D12: 0.010146825 | E12: 0.011445441 | G12: 0.023911104 | H12: 0.0095258933 | I12: 0.013889699 | J12: 0.0076916605 | K12: 0.010913524 | L12: 0.0067167453 | N12: 0.0096311432 | O12: 0 | P12: 0.010320409 | Q12: 0.014553365 | R12: 0.010672631 | S12: 0.0098088989 | T12: 0.0065228967 | U12: 0.019625674 | V12: 0 | X12: 0.0084027384 | Y12: 0.012116445
B13: Very unconfident | C13: 0.0057141998 | D13: 0.0054414415 | E13: 0.0059938396 | G13: 0.001635653 | H13: 0.0010059428 | I13: 0.0019982047 | J13: 0.0079640647 | K13: 0.0098072021 | L13: 0.008171334 | N13: 0.0045171036 | O13: 0 | P13: 0.010133374 | Q13: 0.0062607289 | R13: 0.0026827239 | S13: 0.001066556 | T13: 0.004597659 | U13: 0.01234452 | V13: 0.0022152699 | X13: 0.0039577046 | Y13: 0.0066861855
B14: Don't Know | C14: 0.0097574987 | D14: 0.0092568449 | E14: 0.0099534466 | G14: 0.0071400212 | H14: 0.011157276 | I14: 0.0089854085 | J14: 0.01034541 | K14: 0.011602459 | L14: 0.0087820588 | N14: 0.0088361158 | O14: 0.0084199218 | P14: 0.021018659 | Q14: 0.0092103092 | R14: 0.0072807617 | S14: 0.0067092811 | T14: 0.0022273019 | U14: 0.013280158 | V14: 0.0080386862 | X14: 0.0060942879 | Y14: 0.011784597
B15: Total Confident: | C15: 0.92764492 | D15: 0.92399225 | E15: 0.93144672 | G15: 0.89224509 | H15: 0.92145821 | I15: 0.92080472 | J15: 0.92633623 | K15: 0.93734745 | L15: 0.94337686 | N15: 0.94269398 | O15: 0.98153386 | P15: 0.91313693 | Q15: 0.92334535 | R15: 0.93674483 | S15: 0.95171228 | T15: 0.95076287 | U15: 0.86757025 | V15: 0.94942038 | X15: 0.9357558 | Y15: 0.92315664
B16: Total Unconfident: | C16: 0.016507685 | D16: 0.015588267 | E16: 0.017439281 | G16: 0.025546757 | H16: 0.010531836 | I16: 0.015887904 | J16: 0.015655725 | K16: 0.020720726 | L16: 0.014888079 | N16: 0.014148247 | O16: 0 | P16: 0.020453783 | Q16: 0.020814094 | R16: 0.013355355 | S16: 0.010875455 | T16: 0.011120556 | U16: 0.031970194 | V16: 0.0022152699 | X16: 0.012360443 | Y16: 0.018802631
B17: Net: | C17: 0.91113724 | D17: 0.90840399 | E17: 0.91400743 | G17: 0.86669833 | H17: 0.91092638 | I17: 0.90491682 | J17: 0.91068051 | K17: 0.91662673 | L17: 0.92848878 | N17: 0.92854573 | O17: 0.98153386 | P17: 0.89268315 | Q17: 0.90253126 | R17: 0.92338948 | S17: 0.94083682 | T17: 0.93964232 | U17: 0.83560006 | V17: 0.94720511 | X17: 0.92339535 | Y17: 0.90435401
B19: Fieldwork: 23rd Apr - 30th Apr 2022
B20: Data weighted by interlocking age & gender, region, and education level to Nationally Representative Proportions in selected EU member states
B22: =HYPERLINK("#'Contents'!A1", "Return to Contents") -> Return to Contents

Sheet Table 25
D2: How confident or unconfident would you be that you could perform the following digital activities?: Share a file online
D5: Gender | G5: Age | N5: Country | X5: Education
C6: Total | D6: Male | E6: Female | G6: 18-24 | H6: 25-34 | I6: 35-44 | J6: 45-54 | K6: 55-64 | L6: 65+ | N6: Denmark | O6: Finland | P6: France | Q6: Germany | R6: Italy | S6: Netherlands | T6: Poland | U6: Spain | V6: Sweden | X6: Graduate | Y6: Non-Graduate
B7: Unweighted | C7: 6838 | D7: 3283 | E7: 3541 | G7: 635 | H7: 1075 | I7: 1093 | J7: 1228 | K7: 1156 | L7: 1651 | N7: 208 | O7: 200 | P7: 1002 | Q7: 1000 | R7: 1004 | S7: 1006 | T7: 1006 | U7: 1007 | V7: 405 | X7: 2650 | Y7: 4188
B8: Weighted | C8: 6838 | D8: 3309 | E8: 3515 | G8: 645 | H8: 1026 | I8: 1111 | J8: 1184 | K8: 1140 | L8: 1732 | N8: 208 | O8: 200 | P8: 1002 | Q8: 1000 | R8: 1004 | S8: 1006 | T8: 1006 | U8: 1007 | V8: 405 | X8: 2436 | Y8: 4402
B9: Very confident | C9: 0.424987 | D9: 0.46223987 | E9: 0.38941131 | G9: 0.54809335 | H9: 0.54052287 | I9: 0.45566541 | J9: 0.44406791 | K9: 0.38926947 | L9: 0.30157017 | N9: 0.50621488 | O9: 0.45380404 | P9: 0.38949281 | Q9: 0.45513736 | R9: 0.40939145 | S9: 0.50226513 | T9: 0.49827871 | U9: 0.2707055 | V9: 0.43067132 | X9: 0.50067321 | Y9: 0.38310478
B10: Somewhat confident | C10: 0.29211101 | D10: 0.27748439 | E10: 0.30621614 | G10: 0.31232009 | H10: 0.28074167 | I10: 0.32690887 | J10: 0.30445092 | K10: 0.27717591 | L10: 0.27039767 | N10: 0.25789454 | O10: 0.28897502 | P10: 0.29936941 | Q10: 0.24708972 | R10: 0.36437683 | S10: 0.24156578 | T10: 0.28660736 | U10: 0.32903523 | V10: 0.27270412 | X10: 0.29094556 | Y10: 0.29275593
B11: Neither confident or unconfident | C11: 0.13614139 | D11: 0.14137996 | E11: 0.13110716 | G11: 0.097237558 | H11: 0.10967689 | I11: 0.13063872 | J11: 0.13801977 | K11: 0.14693386 | L11: 0.16142822 | N11: 0.1086047 | O11: 0.10367763 | P11: 0.13483268 | Q11: 0.15256944 | R11: 0.12935957 | S11: 0.10415586 | T11: 0.11638371 | U11: 0.19281606 | V11: 0.13341275 | X11: 0.10852825 | Y11: 0.15142158
B12: Somewhat unconfident | C12: 0.062236125 | D12: 0.055424002 | E12: 0.068898095 | G12: 0.031191716 | H12: 0.040617561 | I12: 0.050564974 | J12: 0.046797579 | K12: 0.073754632 | L12: 0.097041769 | N12: 0.034314638 | O12: 0.080948225 | P12: 0.055958612 | Q12: 0.043124463 | R12: 0.043795348 | S12: 0.059401851 | T12: 0.054865183 | U12: 0.10559899 | V12: 0.093301725 | X12: 0.051282695 | Y12: 0.068297387
B13: Very unconfident | C13: 0.041543661 | D13: 0.031586862 | E13: 0.051083231 | G13: 0.0058464708 | H13: 0.014234494 | I13: 0.016365955 | J13: 0.029828833 | K13: 0.051458825 | L13: 0.088624141 | N13: 0.039078224 | O13: 0.040474859 | P13: 0.061172835 | Q13: 0.055457728 | R13: 0.015269885 | S13: 0.04891091 | T13: 0.020283136 | U13: 0.047144866 | V13: 0.046134192 | X13: 0.025785622 | Y13: 0.050263632
B14: Don't Know | C14: 0.042980811 | D14: 0.031884914 | E14: 0.053284066 | G14: 0.0053108086 | H14: 0.014206512 | I14: 0.019856075 | J14: 0.03683498 | K14: 0.061407305 | L14: 0.080938027 | N14: 0.053893021 | O14: 0.032120231 | P14: 0.059173655 | Q14: 0.046621297 | R14: 0.037806918 | S14: 0.043700465 | T14: 0.023581895 | U14: 0.054699358 | V14: 0.023775888 | X14: 0.022784656 | Y14: 0.054156686
B15: Total Confident: | C15: 0.71709801 | D15: 0.73972426 | E15: 0.69562745 | G15: 0.86041345 | H15: 0.82126454 | I15: 0.78257428 | J15: 0.74851883 | K15: 0.66644538 | L15: 0.57196784 | N15: 0.76410942 | O15: 0.74277906 | P15: 0.68886221 | Q15: 0.70222707 | R15: 0.77376828 | S15: 0.74383091 | T15: 0.78488608 | U15: 0.59974073 | V15: 0.70337544 | X15: 0.79161878 | Y15: 0.67586071
B16: Total Unconfident: | C16: 0.10377979 | D16: 0.087010863 | E16: 0.11998133 | G16: 0.037038186 | H16: 0.054852056 | I16: 0.066930928 | J16: 0.076626412 | K16: 0.12521346 | L16: 0.18566591 | N16: 0.073392862 | O16: 0.12142308 | P16: 0.11713145 | Q16: 0.098582191 | R16: 0.059065233 | S16: 0.10831276 | T16: 0.075148319 | U16: 0.15274385 | V16: 0.13943592 | X16: 0.077068317 | Y16: 0.11856102
B17: Net: | C17: 0.61331822 | D17: 0.6527134 | E17: 0.57564612 | G17: 0.82337526 | H17: 0.76641248 | I17: 0.71564335 | J17: 0.67189242 | K17: 0.54123192 | L17: 0.38630193 | N17: 0.69071656 | O17: 0.62135597 | P17: 0.57173077 | Q17: 0.60364488 | R17: 0.71470305 | S17: 0.63551815 | T17: 0.70973776 | U17: 0.44699688 | V17: 0.56393953 | X17: 0.71455046 | Y17: 0.55729969
B19: Fieldwork: 23rd Apr - 30th Apr 2022
B20: Data weighted by interlocking age & gender, region, and education level to Nationally Representative Proportions in selected EU member states
B22: =HYPERLINK("#'Contents'!A1", "Return to Contents") -> Return to Contents

Sheet Table 26
D2: How confident or unconfident would you be that you could perform the following digital activities?: Post something on social media
D5: Gender | G5: Age | N5: Country | X5: Education
C6: Total | D6: Male | E6: Female | G6: 18-24 | H6: 25-34 | I6: 35-44 | J6: 45-54 | K6: 55-64 | L6: 65+ | N6: Denmark | O6: Finland | P6: France | Q6: Germany | R6: Italy | S6: Netherlands | T6: Poland | U6: Spain | V6: Sweden | X6: Graduate | Y6: Non-Graduate
B7: Unweighted | C7: 6838 | D7: 3283 | E7: 3541 | G7: 635 | H7: 1075 | I7: 1093 | J7: 1228 | K7: 1156 | L7: 1651 | N7: 208 | O7: 200 | P7: 1002 | Q7: 1000 | R7: 1004 | S7: 1006 | T7: 1006 | U7: 1007 | V7: 405 | X7: 2650 | Y7: 4188
B8: Weighted | C8: 6838 | D8: 3309 | E8: 3515 | G8: 645 | H8: 1026 | I8: 1111 | J8: 1184 | K8: 1140 | L8: 1732 | N8: 208 | O8: 200 | P8: 1002 | Q8: 1000 | R8: 1004 | S8: 1006 | T8: 1006 | U8: 1007 | V8: 405 | X8: 2436 | Y8: 4402
B9: Very confident | C9: 0.48272788 | D9: 0.46477019 | E9: 0.49904047 | G9: 0.61729356 | H9: 0.60412333 | I9: 0.54590755 | J9: 0.51363257 | K9: 0.44119411 | L9: 0.32647828 | N9: 0.58575233 | O9: 0.49743599 | P9: 0.4420047 | Q9: 0.46531489 | R9: 0.43047567 | S9: 0.5644132 | T9: 0.62746339 | U9: 0.30155278 | V9: 0.5838935 | X9: 0.53008512 | Y9: 0.45652197
B10: Somewhat confident | C10: 0.26178791 | D10: 0.2684931 | E10: 0.25598082 | G10: 0.2269957 | H10: 0.25473583 | I10: 0.27373543 | J10: 0.26563168 | K10: 0.27477041 | L10: 0.26007471 | N10: 0.20334439 | O10: 0.21318441 | P10: 0.25735574 | Q10: 0.23172414 | R10: 0.3375998 | S10: 0.21552172 | T10: 0.22920793 | U10: 0.33061162 | V10: 0.23778895 | X10: 0.24558119 | Y10: 0.27075617
B11: Neither confident or unconfident | C11: 0.11710916 | D11: 0.1253661 | E11: 0.10918441 | G11: 0.099132407 | H11: 0.10171661 | I11: 0.11540135 | J11: 0.11748506 | K11: 0.10976363 | L11: 0.13858489 | N11: 0.086314135 | O11: 0.12699392 | P11: 0.11439249 | Q11: 0.1272507 | R11: 0.1292794 | S11: 0.096684329 | T11: 0.088459268 | U11: 0.16990259 | V11: 0.070186328 | X11: 0.11159151 | Y11: 0.12016244
B12: Somewhat unconfident | C12: 0.040092956 | D12: 0.041520889 | E12: 0.038909128 | G12: 0.033040105 | H12: 0.020115237 | I12: 0.021393612 | J12: 0.036841726 | K12: 0.049070072 | L12: 0.062851719 | N12: 0.024171278 | O12: 0.059212304 | P12: 0.042094437 | Q12: 0.036209976 | R12: 0.039696236 | S12: 0.022864511 | T12: 0.020831964 | U12: 0.084436985 | V12: 0.024827722 | X12: 0.035041906 | Y12: 0.042888038
B13: Very unconfident | C13: 0.050635406 | D13: 0.052103712 | E13: 0.049455756 | G13: 0.0094623175 | H13: 0.0078594102 | I13: 0.022303214 | J13: 0.032816858 | K13: 0.067351767 | L13: 0.1106276 | N13: 0.031401764 | O13: 0.055159949 | P13: 0.088480213 | Q13: 0.080353223 | R13: 0.02874755 | S13: 0.043442245 | T13: 0.01042361 | U13: 0.05908017 | V13: 0.042285514 | X13: 0.039871333 | Y13: 0.056591884
B14: Don't Know | C14: 0.047646686 | D14: 0.047746014 | E14: 0.047429421 | G14: 0.014075908 | H14: 0.01144958 | I14: 0.021258847 | J14: 0.033592101 | K14: 0.057850004 | L14: 0.1013828 | N14: 0.0690161 | O14: 0.04801343 | P14: 0.055672427 | Q14: 0.059147076 | R14: 0.034201347 | S14: 0.057073996 | T14: 0.023613833 | U14: 0.054415855 | V14: 0.041017984 | X14: 0.037828938 | Y14: 0.0530795
B15: Total Confident: | C15: 0.74451579 | D15: 0.73326329 | E15: 0.75502129 | G15: 0.84428926 | H15: 0.85885917 | I15: 0.81964298 | J15: 0.77926425 | K15: 0.71596453 | L15: 0.58655299 | N15: 0.78909672 | O15: 0.7106204 | P15: 0.69936044 | Q15: 0.69703903 | R15: 0.76807547 | S15: 0.77993492 | T15: 0.85667132 | U15: 0.6321644 | V15: 0.82168245 | X15: 0.77566631 | Y15: 0.72727814
B16: Total Unconfident: | C16: 0.090728362 | D16: 0.0936246 | E16: 0.088364883 | G16: 0.042502423 | H16: 0.027974648 | I16: 0.043696826 | J16: 0.069658583 | K16: 0.11642184 | L16: 0.17347932 | N16: 0.055573043 | O16: 0.11437225 | P16: 0.13057465 | Q16: 0.1165632 | R16: 0.068443786 | S16: 0.066306755 | T16: 0.031255574 | U16: 0.14351715 | V16: 0.067113236 | X16: 0.074913239 | Y16: 0.099479922
B17: Net: | C17: 0.65378743 | D17: 0.63963869 | E17: 0.6666564 | G17: 0.80178684 | H17: 0.83088452 | I17: 0.77594615 | J17: 0.70960567 | K17: 0.59954269 | L17: 0.41307368 | N17: 0.73352368 | O17: 0.59624815 | P17: 0.56878579 | Q17: 0.58047583 | R17: 0.69963168 | S17: 0.71362816 | T17: 0.82541575 | U17: 0.48864725 | V17: 0.75456922 | X17: 0.70075307 | Y17: 0.62779822
B19: Fieldwork: 23rd Apr - 30th Apr 2022
B20: Data weighted by interlocking age & gender, region, and education level to Nationally Representative Proportions in selected EU member states
B22: =HYPERLINK("#'Contents'!A1", "Return to Contents") -> Return to Contents

Sheet Table 27
D2: How confident or unconfident would you be that you could perform the following digital activities?: Create a spreadsheet to track your budget
D5: Gender | G5: Age | N5: Country | X5: Education
C6: Total | D6: Male | E6: Female | G6: 18-24 | H6: 25-34 | I6: 35-44 | J6: 45-54 | K6: 55-64 | L6: 65+ | N6: Denmark | O6: Finland | P6: France | Q6: Germany | R6: Italy | S6: Netherlands | T6: Poland | U6: Spain | V6: Sweden | X6: Graduate | Y6: Non-Graduate
B7: Unweighted | C7: 6838 | D7: 3283 | E7: 3541 | G7: 635 | H7: 1075 | I7: 1093 | J7: 1228 | K7: 1156 | L7: 1651 | N7: 208 | O7: 200 | P7: 1002 | Q7: 1000 | R7: 1004 | S7: 1006 | T7: 1006 | U7: 1007 | V7: 405 | X7: 2650 | Y7: 4188
B8: Weighted | C8: 6838 | D8: 3309 | E8: 3515 | G8: 645 | H8: 1026 | I8: 1111 | J8: 1184 | K8: 1140 | L8: 1732 | N8: 208 | O8: 200 | P8: 1002 | Q8: 1000 | R8: 1004 | S8: 1006 | T8: 1006 | U8: 1007 | V8: 405 | X8: 2436 | Y8: 4402
B9: Very confident | C9: 0.26773508 | D9: 0.30984567 | E9: 0.22805509 | G9: 0.2827147 | H9: 0.34461029 | I9: 0.29762675 | J9: 0.27185518 | K9: 0.2508204 | L9: 0.20579549 | N9: 0.38421988 | O9: 0.26574896 | P9: 0.26734005 | Q9: 0.32002224 | R9: 0.24728676 | S9: 0.29505505 | T9: 0.19872986 | U9: 0.24646762 | V9: 0.28788036 | X9: 0.37700481 | Y9: 0.20726886
B10: Somewhat confident | C10: 0.2518493 | D10: 0.26705878 | E10: 0.2379481 | G10: 0.31142557 | H10: 0.31133499 | I10: 0.28575233 | J10: 0.25458965 | K10: 0.222065 | L10: 0.19044836 | N10: 0.25976196 | O10: 0.29846718 | P10: 0.25094709 | Q10: 0.24400923 | R10: 0.32287643 | S10: 0.20683155 | T10: 0.20985939 | U10: 0.26700026 | V10: 0.24872869 | X10: 0.28233896 | Y10: 0.23497735
B11: Neither confident or unconfident | C11: 0.18999265 | D11: 0.18941466 | E11: 0.18955203 | G11: 0.23259865 | H11: 0.18422185 | I11: 0.20728841 | J11: 0.20328363 | K11: 0.17503244 | L11: 0.16722348 | N11: 0.15872767 | O11: 0.19520243 | P11: 0.16425192 | Q11: 0.17001416 | R11: 0.18599524 | S11: 0.17537283 | T11: 0.23011398 | U11: 0.22949552 | V11: 0.16483541 | X11: 0.15687677 | Y11: 0.20831786
B12: Somewhat unconfident | C12: 0.094181852 | D12: 0.089120055 | E12: 0.09899934 | G12: 0.093956784 | H12: 0.076270879 | I12: 0.088026865 | J12: 0.085398537 | K12: 0.10115103 | L12: 0.11023159 | N12: 0.095755854 | O12: 0.086626498 | P12: 0.10278881 | Q12: 0.09921869 | R12: 0.093069889 | S12: 0.079739437 | T12: 0.1352654 | U12: 0.053633211 | V12: 0.10077588 | X12: 0.070033385 | Y12: 0.10754481
B13: Very unconfident | C13: 0.11000743 | D13: 0.082944569 | E13: 0.13592461 | G13: 0.040986749 | H13: 0.055506518 | I13: 0.062966899 | J13: 0.097591544 | K13: 0.14811924 | L13: 0.18152971 | N13: 0.061936239 | O13: 0.12852256 | P13: 0.12347241 | Q13: 0.12311441 | R13: 0.061943195 | S13: 0.12609327 | T13: 0.15156904 | U13: 0.061504953 | V13: 0.15643227 | X13: 0.071676823 | Y13: 0.13121831
B14: Don't Know | C14: 0.08623369 | D14: 0.061616264 | E14: 0.10952083 | G14: 0.038317542 | H14: 0.028055466 | I14: 0.058338738 | J14: 0.087281456 | K14: 0.10281188 | L14: 0.14477137 | N14: 0.039598398 | O14: 0.025432374 | P14: 0.091199726 | Q14: 0.043621265 | R14: 0.088828487 | S14: 0.11690788 | T14: 0.07446232 | U14: 0.14189843 | V14: 0.041347398 | X14: 0.042069242 | Y14: 0.11067282
B15: Total Confident: | C15: 0.51958438 | D15: 0.57690445 | E15: 0.46600318 | G15: 0.59414027 | H15: 0.65594529 | I15: 0.58337909 | J15: 0.52644483 | K15: 0.47288541 | L15: 0.39624385 | N15: 0.64398184 | O15: 0.56421614 | P15: 0.51828714 | Q15: 0.56403147 | R15: 0.57016319 | S15: 0.50188659 | T15: 0.40858925 | U15: 0.51346788 | V15: 0.53660904 | X15: 0.65934378 | Y15: 0.44224621
B16: Total Unconfident: | C16: 0.20418928 | D16: 0.17206462 | E16: 0.23492395 | G16: 0.13494353 | H16: 0.1317774 | I16: 0.15099376 | J16: 0.18299008 | K16: 0.24927027 | L16: 0.2917613 | N16: 0.15769209 | O16: 0.21514905 | P16: 0.22626122 | Q16: 0.2223331 | R16: 0.15501308 | S16: 0.2058327 | T16: 0.28683445 | U16: 0.11513816 | V16: 0.25720815 | X16: 0.14171021 | Y16: 0.23876311
B17: Net: | C17: 0.3153951 | D17: 0.40483982 | E17: 0.23107923 | G17: 0.45919674 | H17: 0.52416789 | I17: 0.43238532 | J17: 0.34345475 | K17: 0.22361514 | L17: 0.10448255 | N17: 0.48628975 | O17: 0.34906708 | P17: 0.29202593 | Q17: 0.34169837 | R17: 0.4151501 | S17: 0.29605389 | T17: 0.12175481 | U17: 0.39832972 | V17: 0.2794009 | X17: 0.51763357 | Y17: 0.2034831
B19: Fieldwork: 23rd Apr - 30th Apr 2022
B20: Data weighted by interlocking age & gender, region, and education level to Nationally Representative Proportions in selected EU member states
B22: =HYPERLINK("#'Contents'!A1", "Return to Contents") -> Return to Contents

Sheet Table 28
D2: How confident or unconfident would you be that you could perform the following digital activities?: Find a good price for a product online
D5: Gender | G5: Age | N5: Country | X5: Education
C6: Total | D6: Male | E6: Female | G6: 18-24 | H6: 25-34 | I6: 35-44 | J6: 45-54 | K6: 55-64 | L6: 65+ | N6: Denmark | O6: Finland | P6: France | Q6: Germany | R6: Italy | S6: Netherlands | T6: Poland | U6: Spain | V6: Sweden | X6: Graduate | Y6: Non-Graduate
B7: Unweighted | C7: 6838 | D7: 3283 | E7: 3541 | G7: 635 | H7: 1075 | I7: 1093 | J7: 1228 | K7: 1156 | L7: 1651 | N7: 208 | O7: 200 | P7: 1002 | Q7: 1000 | R7: 1004 | S7: 1006 | T7: 1006 | U7: 1007 | V7: 405 | X7: 2650 | Y7: 4188
B8: Weighted | C8: 6838 | D8: 3309 | E8: 3515 | G8: 645 | H8: 1026 | I8: 1111 | J8: 1184 | K8: 1140 | L8: 1732 | N8: 208 | O8: 200 | P8: 1002 | Q8: 1000 | R8: 1004 | S8: 1006 | T8: 1006 | U8: 1007 | V8: 405 | X8: 2436 | Y8: 4402
B9: Very confident | C9: 0.51405091 | D9: 0.51445959 | E9: 0.51357937 | G9: 0.55095149 | H9: 0.58160288 | I9: 0.54849631 | J9: 0.54440282 | K9: 0.51807509 | L9: 0.41484392 | N9: 0.6442206 | O9: 0.54428577 | P9: 0.41910947 | Q9: 0.58871644 | R9: 0.47069394 | S9: 0.56058657 | T9: 0.60952608 | U9: 0.36868291 | V9: 0.59898085 | X9: 0.55837262 | Y9: 0.48952477
B10: Somewhat confident | C10: 0.34332543 | D10: 0.34390929 | E10: 0.34326913 | G10: 0.31797067 | H10: 0.30863657 | I10: 0.33787035 | J10: 0.32427827 | K10: 0.33882989 | L10: 0.39277048 | N10: 0.26867917 | O10: 0.31783285 | P10: 0.40046533 | Q10: 0.28388856 | R10: 0.40543237 | S10: 0.31083933 | T10: 0.2881988 | U10: 0.40697136 | V10: 0.30505184 | X10: 0.32862096 | Y10: 0.35146239
B11: Neither confident or unconfident | C11: 0.091958365 | D11: 0.097556125 | E11: 0.086393767 | G11: 0.088972796 | H11: 0.075926677 | I11: 0.08002949 | J11: 0.095223344 | K11: 0.091858545 | L11: 0.10804635 | N11: 0.04869281 | O11: 0.065174922 | P11: 0.1033107 | Q11: 0.081011025 | R11: 0.086623385 | S11: 0.08222718 | T11: 0.08018589 | U11: 0.14144258 | V11: 0.069950042 | X11: 0.082970759 | Y11: 0.096931806
B12: Somewhat unconfident | C12: 0.021213377 | D12: 0.018986178 | E12: 0.023080536 | G12: 0.027182371 | H12: 0.022491037 | I12: 0.020397544 | J12: 0.012620899 | K12: 0.017765407 | L12: 0.026900182 | N12: 0.013529672 | O12: 0.060926898 | P12: 0.025741942 | Q12: 0.016121736 | R12: 0.016899304 | S12: 0.017966056 | T12: 0.013629349 | U12: 0.03651883 | V12: 0.0064593084 | X12: 0.013967853 | Y12: 0.025222808
B13: Very unconfident | C13: 0.012041023 | D13: 0.011719925 | E13: 0.012391486 | G13: 0.0082608798 | H13: 0.0030391698 | I13: 0.0022953199 | J13: 0.0069549333 | K13: 0.014422615 | L13: 0.026936124 | N13: 0.0079763114 | O13: 0.0033596367 | P13: 0.023238066 | Q13: 0.01669096 | R13: 0.0089952985 | S13: 0.0084609667 | T13: 0.0030335244 | U13: 0.015164647 | V13: 0.010282653 | X13: 0.0076855443 | Y13: 0.014451199
B14: Don't Know | C14: 0.017410893 | D14: 0.013368893 | E14: 0.021285703 | G14: 0.0066617903 | H14: 0.0083036648 | I14: 0.010910986 | J14: 0.016519734 | K14: 0.019048459 | L14: 0.030502956 | N14: 0.016901435 | O14: 0.0084199218 | P14: 0.028134499 | Q14: 0.013571277 | R14: 0.011355697 | S14: 0.01991989 | T14: 0.005426361 | U14: 0.031219674 | V14: 0.0092753044 | X14: 0.0083822611 | Y14: 0.022407036
B15: Total Confident: | C15: 0.85737634 | D15: 0.85836888 | E15: 0.85684851 | G15: 0.86892216 | H15: 0.89023945 | I15: 0.88636666 | J15: 0.86868109 | K15: 0.85690497 | L15: 0.80761439 | N15: 0.91289977 | O15: 0.86211862 | P15: 0.8195748 | Q15: 0.872605 | R15: 0.87612632 | S15: 0.87142591 | T15: 0.89772488 | U15: 0.77565427 | V15: 0.90403269 | X15: 0.88699358 | Y15: 0.84098715
B16: Total Unconfident: | C16: 0.0332544 | D16: 0.030706103 | E16: 0.035472022 | G16: 0.035443251 | H16: 0.025530207 | I16: 0.022692863 | J16: 0.019575833 | K16: 0.032188023 | L16: 0.053836305 | N16: 0.021505984 | O16: 0.064286535 | P16: 0.048980008 | Q16: 0.032812696 | R16: 0.025894603 | S16: 0.026427023 | T16: 0.016662874 | U16: 0.051683477 | V16: 0.016741962 | X16: 0.021653398 | Y16: 0.039674007
B17: Net: | C17: 0.82412194 | D17: 0.82766278 | E17: 0.82137649 | G17: 0.83347891 | H17: 0.86470925 | I17: 0.8636738 | J17: 0.84910526 | K17: 0.82471695 | L17: 0.75377809 | N17: 0.89139379 | O17: 0.79783209 | P17: 0.77059479 | Q17: 0.83979231 | R17: 0.85023171 | S17: 0.84499889 | T17: 0.881062 | U17: 0.72397079 | V17: 0.88729073 | X17: 0.86534018 | Y17: 0.80131315
B19: Fieldwork: 23rd Apr - 30th Apr 2022
B20: Data weighted by interlocking age & gender, region, and education level to Nationally Representative Proportions in selected EU member states
B22: =HYPERLINK("#'Contents'!A1", "Return to Contents") -> Return to Contents

Sheet Table 29
D2: How confident or unconfident would you be that you could perform the following digital activities?: Research a topic
D5: Gender | G5: Age | N5: Country | X5: Education
C6: Total | D6: Male | E6: Female | G6: 18-24 | H6: 25-34 | I6: 35-44 | J6: 45-54 | K6: 55-64 | L6: 65+ | N6: Denmark | O6: Finland | P6: France | Q6: Germany | R6: Italy | S6: Netherlands | T6: Poland | U6: Spain | V6: Sweden | X6: Graduate | Y6: Non-Graduate
B7: Unweighted | C7: 6838 | D7: 3283 | E7: 3541 | G7: 635 | H7: 1075 | I7: 1093 | J7: 1228 | K7: 1156 | L7: 1651 | N7: 208 | O7: 200 | P7: 1002 | Q7: 1000 | R7: 1004 | S7: 1006 | T7: 1006 | U7: 1007 | V7: 405 | X7: 2650 | Y7: 4188
B8: Weighted | C8: 6838 | D8: 3309 | E8: 3515 | G8: 645 | H8: 1026 | I8: 1111 | J8: 1184 | K8: 1140 | L8: 1732 | N8: 208 | O8: 200 | P8: 1002 | Q8: 1000 | R8: 1004 | S8: 1006 | T8: 1006 | U8: 1007 | V8: 405 | X8: 2436 | Y8: 4402
B9: Very confident | C9: 0.54485054 | D9: 0.55414062 | E9: 0.53579792 | G9: 0.58983343 | H9: 0.59035645 | I9: 0.57090968 | J9: 0.57956754 | K9: 0.55003917 | L9: 0.4573167 | N9: 0.69598379 | O9: 0.50515438 | P9: 0.5625654 | Q9: 0.59674711 | R9: 0.5448097 | S9: 0.69194395 | T9: 0.40396185 | U9: 0.45741297 | V9: 0.51696246 | X9: 0.62125727 | Y9: 0.50256961
B10: Somewhat confident | C10: 0.31411525 | D10: 0.30452364 | E10: 0.32322567 | G10: 0.28877393 | H10: 0.28456091 | I10: 0.30594865 | J10: 0.28767692 | K10: 0.30473467 | L10: 0.37052124 | N10: 0.23543721 | O10: 0.36246405 | P10: 0.32500526 | Q10: 0.24890085 | R10: 0.36443845 | S10: 0.229061 | T10: 0.35719588 | U10: 0.36675001 | V10: 0.31336376 | X10: 0.28013125 | Y10: 0.33292086
B11: Neither confident or unconfident | C11: 0.09278719 | D11: 0.10238478 | E11: 0.083785017 | G11: 0.081365052 | H11: 0.096593564 | I11: 0.081905669 | J11: 0.094507235 | K11: 0.082427844 | L11: 0.1074079 | N11: 0.047966909 | O11: 0.086574882 | P11: 0.065155405 | Q11: 0.081911055 | R11: 0.06106495 | S11: 0.048924448 | T11: 0.17291069 | U11: 0.12563636 | V11: 0.1209846 | X11: 0.070415685 | Y11: 0.10516683
B12: Somewhat unconfident | C12: 0.018795866 | D12: 0.017642899 | E12: 0.019956479 | G12: 0.029469094 | H12: 0.017028615 | I12: 0.022362606 | J12: 0.01139258 | K12: 0.016863567 | L12: 0.019913054 | N12: 0.01177597 | O12: 0.01294007 | P12: 0.010019974 | Q12: 0.025989553 | R12: 0.014378105 | S12: 0.011524337 | T12: 0.027828462 | U12: 0.022320286 | V12: 0.027056999 | X12: 0.015139243 | Y12: 0.020819318
B13: Very unconfident | C13: 0.011118481 | D13: 0.008991575 | E13: 0.013165241 | G13: 0.0031146604 | H13: 0.00099260984 | I13: 0.0033931599 | J13: 0.0094023201 | K13: 0.022643655 | L13: 0.018633512 | N13: 0 | O13: 0.019399226 | P13: 0.0090161834 | Q13: 0.024918208 | R13: 0.004878999 | S13: 0.0049784923 | T13: 0.012444499 | U13: 0.012947171 | V13: 0.0067458242 | X13: 0.0040256424 | Y13: 0.01504342
B14: Don't Know | C14: 0.018332674 | D14: 0.012316487 | E14: 0.024069672 | G14: 0.0074438331 | H14: 0.010467855 | I14: 0.015480234 | J14: 0.017453408 | K14: 0.0232911 | L14: 0.026207593 | N14: 0.0088361158 | O14: 0.013467388 | P14: 0.028237783 | Q14: 0.021533221 | R14: 0.010429789 | S14: 0.013567764 | T14: 0.025658619 | U14: 0.014933198 | V14: 0.014886354 | X14: 0.0090309009 | Y14: 0.023479963
B15: Total Confident: | C15: 0.85896579 | D15: 0.85866426 | E15: 0.85902359 | G15: 0.87860736 | H15: 0.87491736 | I15: 0.87685833 | J15: 0.86724446 | K15: 0.85477384 | L15: 0.82783794 | N15: 0.93142101 | O15: 0.86761843 | P15: 0.88757065 | Q15: 0.84564796 | R15: 0.90924816 | S15: 0.92100496 | T15: 0.76115773 | U15: 0.82416298 | V15: 0.83032622 | X15: 0.90138853 | Y15: 0.83549047
